Workbook
Name checkmate: #REF!
Name Commodity: [1]Dataset!#REF!
Name dated2020: #REF!
Name desc6: #REF!
Name DISKU2: #REF!
Name exhibit2: #REF!
Name initsalesdoc: #REF!

Sheet DEPOT ASSORTMENT MIX 
A1: 24e VPN | B1: 23e VPN | C1: 22e VPN | D1: 24e Depot SKU | E1: 23e Depot SKU | F1: 2024 SECTION | G1: 2024 SHELF | H1: 2024 Space | I1: 2023 section | J1: 2023 shelf | K1: 2023space | L1: Retail 24e SKU | M1: Retail 23e SKU | N1: BSD 24e SKU | O1: BSD 23e SKU | P1: 24e Placement | Q1: 23e Placement | R1: CY SKU | S1: LY SKU | T1: 24 RETAIL CY RECOMMENDED PLACEMENT | U1: 24 BSD/.COM RECOMMENDED PLACEMENT | V1: NOTES/COMMENTS | W1: PRODUCT HIERARCHY 2 | X1: SAP DESCRIPTION | Y1: CUSTOMER DESCRIPTION | Z1: SUB CLASS | AA1: DATE CODE (RY, AY, UN) | AB1: COLLECTION | AC1: FASHION CONTINUUM | AD1: TYPE OF CORE | AE1: COVER TYPE | AF1: VENDOR | AG1: BRAND | AH1: FORMAT | AI1: PAGE SIZE | AJ1: SPACE (TRUE SIZE) | AK1: PROCUREMENT TYPE | AL1: CY PRIMARY LOCATION | AM1: LY PRIMARY LOCATION | AN1: COMPARABLE LOCATION | AO1: 24 ED STORE COUNT (Assumped) | AP1: 23 ED STORE COUNT | AQ1: 24 ED SET IN STORE DATE | AR1: 23 ED SET IN STORE DATE | AS1: 24 ED INVOICE PRICE | AT1: 24 dead net | AU1: 23 ED INVOICE PRICE | AV1: 24e Invoice Price Increase | AW1: 2023 Dead Net | AX1: 24 ED SHELF PRICE | AY1: 23 ED SHELF PRICE | AZ1: 24 ED MSRP (LIST) | BA1: 23 ED MSRP (LIST) | BB1: 24 ED GM | BC1: 23 ED GM | BD1: Depot Season to Date | BE1: Depot Projected Annual | BF1: 23e RETAIL Season to Date Units (Wk 35) | BG1: 23e RETAIL Season to Date COGs (Wk 35) | BH1: % thru Season | BI1: 22e RETAIL Full Season Units | BJ1: 22e RETAIL units /store | BK1: 23e RETAIL Calculated Full Season Units | BL1: 23e RETAIL Calculated Full Season SALES | BM1: 23e RETAIL Calculated Full Season COGS | BN1: 23e RETAIL Units/Store | BO1: 24e RETAIL Units/Store Forecast | BP1: 24e RETAIL Total Forecast Units | BQ1: 24e RETAIL Total Forecast Sales | BR1: 24e RETAIL Total Forecast COGS | BS1: 23e BSD/.COM Season to Date Units (Wk 38) | BT1: 23e BSD/.COM Season to Date COGS (Wk 38) | BU1: % thru Season | BV1: 22e BSD/.com Full Season Units | BW1: 23e BSD/.COM Calculated Full Season Units | BX1: 23e BSD/.COM Calculated Full Season SALES | BY1: 23e BSD/.COM Calculated Full Season COGS | BZ1: 24e BSD/.COM Total Forecast Units | CA1: 24e BSD/.COM Total Forecast Sales | CB1: 24e BSD/.COM Total Forecast COGS | CC1: Depot bsd 23 SEASON TO DATE | CD1: Depot bsd 23 TTL PROJECTION | CE1: 24 bsd unit forecast | CF1: 24 bsd sales | CG1: 24 bsd igm | CH1: rate | CI1: ASP | CJ1: Depot Ecom 23 SEASON TO DATE | CK1: depot ECOM 23 TTL PROJECTION | CL1: 24 ecom unit forecast | CM1: 24 ecom sales | CN1: 24 ecom igm | CO1: rate | CP1: ASP | CQ1: 23e TOTAL Calculated Full Season Units | CR1: 23e TOTAL Calculated Full Seaon Sales | CS1: 23e TOTAL Calculated Full Season COGS | CT1: 24e TOTAL Total Forecast Units | CU1: 24e TOTAL Total Forecast Sales | CV1: 24e TOTAL Total Forecast COGS | CW1: 24e TOTAL Total Forecast Margin $ | CX1: EXTRA 3 | CY1: EXTRA 4 | CZ1: EXTRA 5 | DA1: EXTRA 6
A2: E0175024 | B2: E0175023 | C2: E0175022 | E2: 7704668 | I2: 2 | J2: 7 | K2: 22 | L2: 1 | M2: 1 | N2: 1 | O2: 1 | P2: All Channels | Q2: All Channels | R2: =IF(L2+N2>0,1,0) -> 1 | S2: =IF(M2+O2>0,1,0) -> 1 | T2: KEEP | U2: KEEP | W2: DESK REFILL | X2: F,E01750,LSLF 2/C DAY BX TAB,DTD RFL,23 | Z2: DESK CALENDAR REFILLS/BASES | AA2: RY | AB2: TRADITIONAL | AC2: CORE | AF2: ACCO | AG2: AT-A-GLANCE | AH2: DAILY | AI2: MINI | AL2: INLINE DESK PADS | AM2: INLINE DESK PADS | AN2: INLINE DESK PADS | AO2: 1000 | AP2: 1039 | AQ2: MAY | AR2: MAY | AS2: 5.6389 | AT2: 5.6389 | AU2: 5.27 | AV2: =IFERROR(((AS2-AU2)/AU2),"") -> 0.07 | AW2: 5.27 | AX2: 16.99 | AY2: 15.49 | BA2: 19.49 | BB2: =IFERROR(((AX2-AS2)/AX2),"") -> 0.66810477 | BC2: =IFERROR(((AY2-AU2)/AY2),"") -> 0.6597805 | BF2: 481 | BG2: 2534.87 | BH2: 0.124 | BI2: 8477 | BJ2: 7.495137 | BK2: 3879.0323 | BL2: 60086.21 | BM2: 20442.5 | BN2: 3.7334285 | BO2: 3.7334285 | BP2: 3733.4285 | BS2: 126 | BT2: 664.02 | BU2: 0.1 | BV2: 1050 | BW2: 1260 | BY2: 6640.2 | BZ2: 1200 | CJ2: =IFERROR(VLOOKUP($E2,[2]ECOM!$A$3:$FC$999999,158,FALSE),0) -> 711.33333 | CK2: =IFERROR(VLOOKUP($E2,[2]ECOM!$A$3:$FC$999999,159,FALSE),0) -> 808.33333 | CQ2: 5139.0323 | CS2: 27082.7 | CT2: 4933.4285 | CU2: 83818.951 | CV2: 27819.11 | CW2: 55999.841
A3: E17-00 | B3: E17-00 | C3: E17-00 | D3: 677674 | E3: 677674 | I3: 2 | J3: 7 | K3: 21 | L3: 1 | M3: 1 | N3: 1 | O3: 1 | P3: All Channels | Q3: All Channels | R3: =IF(L3+N3>0,1,0) -> 1 | S3: =IF(M3+O3>0,1,0) -> 1 | T3: KEEP | U3: KEEP | W3: DESK REFILL | X3: F,E1700,CAL PLASTIC BASE (20),BLK,UN | Z3: DESK CALENDAR REFILLS/BASES | AA3: UN | AB3: TRADITIONAL | AC3: CORE | AF3: ACCO | AG3: AT-A-GLANCE | AH3: UNDATED | AI3: LARGE | AL3: INLINE DESK PADS | AM3: INLINE DESK PADS | AN3: INLINE DESK PADS | AO3: 1000 | AP3: 1039 | AQ3: MAY | AR3: MAY | AS3: 9.3110972 | AT3: 9.3110972 | AU3: 8.70196 | AV3: =IFERROR(((AS3-AU3)/AU3),"") -> 0.07 | AW3: 8.70196 | AX3: 25.99 | AY3: 23.99 | BA3: 27.09 | BB3: =IFERROR(((AX3-AS3)/AX3),"") -> 0.64174309 | BC3: =IFERROR(((AY3-AU3)/AY3),"") -> 0.63726719 | BF3: 275 | BG3: 2101 | BH3: 0.124 | BI3: 2166 | BJ3: 1.9151194 | BK3: 2217.7419 | BL3: 53203.629 | BM3: 19298.702 | BN3: 2.1344966 | BO3: 2.1344966 | BP3: 2134.4966 | BS3: 701 | BT3: 5355.64 | BU3: 0.1 | BV3: 4248 | BW3: 7010 | BY3: 53556.4 | BZ3: 5600 | CJ3: =IFERROR(VLOOKUP($E3,[2]ECOM!$A$3:$FC$999999,158,FALSE),0) -> 1400.6667 | CK3: =IFERROR(VLOOKUP($E3,[2]ECOM!$A$3:$FC$999999,159,FALSE),0) -> 1591.6667 | CQ3: 9227.7419 | CS3: 72855.102 | CT3: 7734.4966 | CU3: 201019.57 | CV3: 72016.649 | CW3: 129002.92
A4: OD20100024 | B4: OD20100023 | C4: OD20100022 | E4: 7204588 | I4: 2 | J4: 6 | K4: 14 | L4: 1 | M4: 1 | N4: 1 | O4: 1 | P4: All Channels | Q4: All Channels | R4: =IF(L4+N4>0,1,0) -> 1 | S4: =IF(M4+O4>0,1,0) -> 1 | T4: KEEP | U4: KEEP | W4: DESK PAD | X4: F,7204588,ZODP CMPCT DSK PAD,BLK,23 | Z4: DESK PAD | AA4: RY | AB4: PRIVATE BRAND | AC4: CORE | AF4: ACCO | AG4: PRIVATE BRAND A | AH4: MONTHLY | AI4: COMPACT | AL4: INLINE DESK PADS | AM4: INLINE DESK PADS | AN4: INLINE DESK PADS | AO4: 1000 | AP4: 1039 | AQ4: MAY | AR4: MAY | AU4: 1.96 | AV4: =IFERROR(((AS4-AU4)/AU4),"") -> -1 | AW4: 1.96 | AY4: 11.99 | BA4: 11.99 | BB4: =IFERROR(((AX4-AS4)/AX4),"") | BC4: =IFERROR(((AY4-AU4)/AY4),"") -> 0.83653044 | BF4: 1038 | BG4: 2034.48 | BH4: 0.124 | BI4: 21313 | BJ4: 18.844385 | BK4: 8370.9677 | BL4: 100367.9 | BM4: 16407.097 | BN4: 8.0567543 | BO4: 8.0567543 | BP4: 8056.7543 | BS4: 1310 | BT4: 2567.6 | BU4: 0.1 | BV4: 23778 | BW4: 13100 | BY4: 25676 | BZ4: 15000 | CJ4: =IFERROR(VLOOKUP($E4,[2]ECOM!$A$3:$FC$999999,158,FALSE),0) -> 1635.3333 | CK4: =IFERROR(VLOOKUP($E4,[2]ECOM!$A$3:$FC$999999,159,FALSE),0) -> 1858.3333 | CQ4: 21470.968 | CS4: 42083.097 | CT4: 23056.754 | CU4: 0 | CV4: 0 | CW4: 0
A5: SK220024 | B5: SK220023 | C5: SK220022 | E5: 6381722 | I5: 1 | J5: 7 | K5: 20 | L5: 1 | M5: 1 | N5: 1 | O5: 1 | P5: All Channels | Q5: All Channels | R5: =IF(L5+N5>0,1,0) -> 1 | S5: =IF(M5+O5>0,1,0) -> 1 | T5: KEEP | U5: KEEP | W5: DESK PAD | X5: F,SK2200,DSK PAD MNTH RFLABLE,BLK,23 | Z5: DESK PAD | AA5: RY | AB5: TRADITIONAL | AC5: CORE | AF5: ACCO | AG5: AT-A-GLANCE | AH5: MONTHLY | AI5: STANDARD | AL5: INLINE DESK PADS | AM5: INLINE DESK PADS | AN5: INLINE DESK PADS | AO5: 1000 | AP5: 904 | AQ5: MAY | AR5: MAY | AS5: 13.3643 | AT5: 13.3643 | AU5: 12.49 | AV5: =IFERROR(((AS5-AU5)/AU5),"") -> 0.07 | AW5: 12.49 | AX5: 33.99 | AY5: 31.49 | BA5: 47.99 | BB5: =IFERROR(((AX5-AS5)/AX5),"") -> 0.60681671 | BC5: =IFERROR(((AY5-AU5)/AY5),"") -> 0.60336615 | BF5: 396 | BG5: 4946.04 | BH5: 0.124 | BI5: 5820 | BJ5: 5.7566766 | BK5: 3193.5484 | BL5: 100564.84 | BM5: 39887.419 | BN5: 3.5326863 | BO5: 3.5326863 | BP5: 3532.6863 | BS5: 102 | BT5: 1273.98 | BU5: 0.1 | BV5: 1774 | BW5: 1020 | BY5: 12739.8 | BZ5: 1400 | CJ5: =IFERROR(VLOOKUP($E5,[2]ECOM!$A$3:$FC$999999,158,FALSE),0) -> 278.66667 | CK5: =IFERROR(VLOOKUP($E5,[2]ECOM!$A$3:$FC$999999,159,FALSE),0) -> 316.66667 | CQ5: 4213.5484 | CS5: 52627.219 | CT5: 4932.6863 | CU5: 167662.01 | CV5: 65921.899 | CW5: 101740.11
A6: SK23FD0024 | B6: SK23FD0023 | C6: SK23FD0022 | E6: 7305032 | I6: 2 | J6: 6 | K6: 16 | L6: 1 | M6: 1 | N6: 1 | O6: 1 | P6: All Channels | Q6: All Channels | R6: =IF(L6+N6>0,1,0) -> 1 | S6: =IF(M6+O6>0,1,0) -> 1 | T6: KEEP | U6: KEEP | W6: DESK PAD | X6: F,STD FOLDABLE MNTH DSKPD,23 | Z6: DESK PAD | AA6: RY | AB6: FOLDABLE DP | AC6: CORE | AD6: NEW | AF6: ACCO | AG6: AT-A-GLANCE | AH6: MONTHLY | AI6: STANDARD | AL6: INLINE DESK PADS | AM6: INLINE DESK PADS | AN6: INLINE DESK PADS | AO6: 1000 | AP6: 1017 | AQ6: MAY | AR6: MAY | AS6: 5.457 | AT6: 5.457 | AU6: 5.1 | AV6: =IFERROR(((AS6-AU6)/AU6),"") -> 0.07 | AW6: 5.1 | AX6: 17.99 | AY6: 16.49 | BA6: 20.49 | BB6: =IFERROR(((AX6-AS6)/AX6),"") -> 0.69666481 | BC6: =IFERROR(((AY6-AU6)/AY6),"") -> 0.69072165 | BF6: 144 | BG6: 734.4 | BH6: 0.124 | BI6: 2699 | BJ6: 2.3863837 | BK6: 1161.2903 | BL6: 19149.677 | BM6: 5922.5806 | BN6: 1.1418784 | BO6: 1.1418784 | BP6: 1141.8784 | BS6: 63 | BT6: 321.3 | BU6: 0.1 | BV6: 351 | BW6: 630 | BY6: 3213 | BZ6: 600 | CJ6: =IFERROR(VLOOKUP($E6,[2]ECOM!$A$3:$FC$999999,158,FALSE),0) -> 139.33333 | CK6: =IFERROR(VLOOKUP($E6,[2]ECOM!$A$3:$FC$999999,159,FALSE),0) -> 158.33333 | CQ6: 1791.2903 | CS6: 9135.5806 | CT6: 1741.8784 | CU6: 31336.392 | CV6: 9505.4304 | CW6: 21830.962
A7: SK38-704-24 | B7: SK38-704-23 | C7: SK38-704-22 | E7: 9889501 | I7: 2 | J7: 6 | K7: 18 | L7: 1 | M7: 1 | N7: 1 | O7: 1 | P7: All Channels | Q7: All Channels | R7: =IF(L7+N7>0,1,0) -> 1 | S7: =IF(M7+O7>0,1,0) -> 1 | T7: KEEP | U7: KEEP | W7: DESK PAD | X7: F,AAG BEAUTIFUL DAY STANDARD DESK,23 | Z7: DESK PAD | AA7: RY | AB7: BEAUTIFUL DAY | AC7: FASHION | AF7: ACCO | AG7: AT-A-GLANCE | AH7: MONTHLY | AI7: STANDARD | AL7: INLINE DESK PADS | AM7: INLINE DESK PADS | AN7: INLINE DESK PADS | AO7: 1000 | AP7: 1039 | AQ7: MAY | AR7: MAY | AS7: 8.0892 | AT7: 8.0892 | AU7: 7.56 | AV7: =IFERROR(((AS7-AU7)/AU7),"") -> 0.07 | AW7: 7.56 | AX7: 22.99 | AY7: 20.99 | BA7: 21.59 | BB7: =IFERROR(((AX7-AS7)/AX7),"") -> 0.64814267 | BC7: =IFERROR(((AY7-AU7)/AY7),"") -> 0.63982849 | BF7: 796 | BG7: 6017.76 | BH7: 0.124 | BI7: 8358 | BJ7: 7.3899204 | BK7: 6419.3548 | BL7: 134742.26 | BM7: 48530.323 | BN7: 6.1783973 | BO7: 6.1783973 | BP7: 6178.3973 | BS7: 1085 | BT7: 8202.6 | BU7: 0.1 | BV7: 7559 | BW7: 10850 | BY7: 82026 | BZ7: 8000 | CJ7: =IFERROR(VLOOKUP($E7,[2]ECOM!$A$3:$FC$999999,158,FALSE),0) -> 2845.3333 | CK7: =IFERROR(VLOOKUP($E7,[2]ECOM!$A$3:$FC$999999,159,FALSE),0) -> 3233.3333 | CQ7: 17269.355 | CS7: 130556.32 | CT7: 14178.397 | CU7: 325961.35 | CV7: 114691.89 | CW7: 211269.46
A8: SK7000024 | B8: SK7000023 | C8: SK7000022 | E8: 8797724 | I8: 1 | J8: 6 | K8: 18 | L8: 1 | M8: 1 | N8: 1 | O8: 1 | P8: All Channels | Q8: All Channels | R8: =IF(L8+N8>0,1,0) -> 1 | S8: =IF(M8+O8>0,1,0) -> 1 | T8: KEEP | U8: KEEP | W8: DESK PAD | X8: F,SK70000,QN DSK CAL MNTH,BLK,23 | Z8: DESK PAD | AA8: RY | AB8: QUICKNOTES | AC8: CORE | AF8: ACCO | AG8: AT-A-GLANCE | AH8: MONTHLY | AI8: STANDARD | AL8: INLINE DESK PADS | AM8: INLINE DESK PADS | AN8: INLINE DESK PADS | AO8: 1000 | AP8: 904 | AQ8: MAY | AR8: MAY | AS8: 7.7147 | AT8: 7.7147 | AU8: 7.21 | AV8: =IFERROR(((AS8-AU8)/AU8),"") -> 0.07 | AW8: 7.21 | AX8: 22.99 | AY8: 21.49 | BA8: 26.09 | BB8: =IFERROR(((AX8-AS8)/AX8),"") -> 0.66443236 | BC8: =IFERROR(((AY8-AU8)/AY8),"") -> 0.66449511 | BF8: 432 | BG8: 3114.72 | BH8: 0.124 | BI8: 4799 | BJ8: 4.7467854 | BK8: 3483.871 | BL8: 74868.387 | BM8: 25118.71 | BN8: 3.8538396 | BO8: 3.8538396 | BP8: 3853.8396 | BS8: 576 | BT8: 4152.96 | BU8: 0.1 | BV8: 9942 | BW8: 5760 | BY8: 41529.6 | BZ8: 5700 | CJ8: =IFERROR(VLOOKUP($E8,[2]ECOM!$A$3:$FC$999999,158,FALSE),0) -> 1855.3333 | CK8: =IFERROR(VLOOKUP($E8,[2]ECOM!$A$3:$FC$999999,159,FALSE),0) -> 2108.3333 | CQ8: 9243.871 | CS8: 66648.31 | CT8: 9553.8396 | CU8: 219642.77 | CV8: 73705.006 | CW8: 145937.77
A9: SK7100024 | B9: SK7100023 | C9: SK7100022 | E9: 5471134 | I9: 2 | J9: 6 | K9: 15 | L9: 1 | M9: 1 | N9: 1 | O9: 1 | P9: All Channels | Q9: All Channels | R9: =IF(L9+N9>0,1,0) -> 1 | S9: =IF(M9+O9>0,1,0) -> 1 | T9: KEEP | U9: KEEP | W9: DESK PAD | X9: F,SK71000,QN DSK PAD MNTH,BLK,23 | Z9: DESK PAD | AA9: RY | AB9: QUICKNOTES | AC9: CORE | AF9: ACCO | AG9: AT-A-GLANCE | AH9: MONTHLY | AI9: COMPACT | AL9: INLINE DESK PADS | AM9: INLINE DESK PADS | AN9: INLINE DESK PADS | AO9: 1000 | AP9: 1039 | AQ9: MAY | AR9: MAY | AS9: 6.3772 | AT9: 6.3772 | AU9: 5.96 | AV9: =IFERROR(((AS9-AU9)/AU9),"") -> 0.07 | AW9: 5.96 | AX9: 20.49 | AY9: 18.99 | BA9: 22.09 | BB9: =IFERROR(((AX9-AS9)/AX9),"") -> 0.68876525 | BC9: =IFERROR(((AY9-AU9)/AY9),"") -> 0.68615061 | BF9: 663 | BG9: 3951.48 | BH9: 0.124 | BI9: 7137 | BJ9: 6.3103448 | BK9: 5346.7742 | BL9: 101535.24 | BM9: 31866.774 | BN9: 5.1460772 | BO9: 5.1460772 | BP9: 5146.0772 | BS9: 403 | BT9: 2401.88 | BU9: 0.1 | BV9: 3185 | BW9: 4030 | BY9: 24018.8 | BZ9: 3500 | CJ9: =IFERROR(VLOOKUP($E9,[2]ECOM!$A$3:$FC$999999,158,FALSE),0) -> 454.66667 | CK9: =IFERROR(VLOOKUP($E9,[2]ECOM!$A$3:$FC$999999,159,FALSE),0) -> 516.66667 | CQ9: 9376.7742 | CS9: 55885.574 | CT9: 8646.0772 | CU9: 177158.12 | CV9: 55137.763 | CW9: 122020.36
A10: SK75240024 | B10: SK75240023 | C10: SK75240022 | E10: 7587454 | I10: 1 | J10: 5 | K10: 16 | L10: 1 | M10: 1 | N10: 1 | O10: 1 | P10: All Channels | Q10: All Channels | R10: =IF(L10+N10>0,1,0) -> 1 | S10: =IF(M10+O10>0,1,0) -> 1 | T10: KEEP | U10: KEEP | W10: DESK PAD | X10: F,ELEVATION STD MNTH DSK PAD,23 | Z10: DESK PAD | AA10: RY | AB10: ELEVATION | AC10: CORE | AD10: NEW | AF10: ACCO | AG10: AT-A-GLANCE | AH10: MONTHLY | AI10: STANDARD | AL10: INLINE DESK PADS | AM10: INLINE DESK PADS | AN10: INLINE DESK PADS | AO10: 1000 | AP10: 904 | AQ10: MAY | AR10: MAY | AS10: 6.9122 | AT10: 6.9122 | AU10: 6.46 | AV10: =IFERROR(((AS10-AU10)/AU10),"") -> 0.07 | AW10: 6.46 | AX10: 20.49 | AY10: 18.99 | BA10: 21.09 | BB10: =IFERROR(((AX10-AS10)/AX10),"") -> 0.66265495 | BC10: =IFERROR(((AY10-AU10)/AY10),"") -> 0.65982096 | BF10: 451 | BG10: 2913.46 | BH10: 0.124 | BI10: 6539 | BJ10: 6.4678536 | BK10: 3637.0968 | BL10: 69068.468 | BM10: 23495.645 | BN10: 4.0233371 | BO10: 4.0233371 | BP10: 4023.3371 | BS10: 17 | BT10: 109.82 | BU10: 0.1 | BV10: 235 | BW10: 170 | BY10: 1098.2 | BZ10: 200 | CJ10: =IFERROR(VLOOKUP($E10,[2]ECOM!$A$3:$FC$999999,158,FALSE),0) -> 95.333333 | CK10: =IFERROR(VLOOKUP($E10,[2]ECOM!$A$3:$FC$999999,159,FALSE),0) -> 108.33333 | CQ10: 3807.0968 | CS10: 24593.845 | CT10: 4223.3371 | CU10: 86536.178 | CV10: 29192.551 | CW10: 57343.627
A11: SP717D5024 | B11: SP717D5023 | C11: SP717D5022 | E11: 7078885 | I11: 2 | J11: 7 | K11: 23 | L11: 1 | M11: 1 | N11: 1 | O11: 1 | P11: All Channels | Q11: All Channels | R11: =IF(L11+N11>0,1,0) -> 1 | S11: =IF(M11+O11>0,1,0) -> 1 | T11: KEEP | U11: KEEP | W11: DESK REFILL | X11: F,7078885,ZODP E717 DTD RFL,23 | Z11: DESK CALENDAR REFILLS/BASES | AA11: RY | AB11: TRADITIONAL | AC11: CORE | AF11: ACCO | AG11: PRIVATE BRAND A | AH11: DAILY | AI11: MINI | AL11: INLINE DESK PADS | AM11: INLINE DESK PADS | AN11: INLINE DESK PADS | AO11: 1000 | AP11: 1039 | AQ11: MAY | AR11: MAY | AS11: 0.9844 | AT11: 0.9844 | AU11: 0.92 | AV11: =IFERROR(((AS11-AU11)/AU11),"") -> 0.07 | AW11: 0.92 | AX11: 9.99 | AY11: 9.99 | BA11: 9.99 | BB11: =IFERROR(((AX11-AS11)/AX11),"") -> 0.90146146 | BC11: =IFERROR(((AY11-AU11)/AY11),"") -> 0.90790791 | BF11: 1013 | BG11: 931.96 | BH11: 0.124 | BI11: 28957 | BJ11: 25.603006 | BK11: 8169.3548 | BL11: 81611.855 | BM11: 7515.8065 | BN11: 7.8627092 | BO11: 7.8627092 | BP11: 7862.7092 | BS11: 566 | BT11: 520.72 | BU11: 0.1 | BV11: 3890 | BW11: 5660 | BY11: 5207.2 | BZ11: 4500 | CJ11: =IFERROR(VLOOKUP($E11,[2]ECOM!$A$3:$FC$999999,158,FALSE),0) -> 2024 | CK11: =IFERROR(VLOOKUP($E11,[2]ECOM!$A$3:$FC$999999,159,FALSE),0) -> 2300 | CQ11: 13829.355 | CS11: 12723.006 | CT11: 12362.709 | CU11: 123503.46 | CV11: 12169.851 | CW11: 111333.61
A12: ST240024 | B12: ST240023 | C12: ST240022 | E12: 7714272 | I12: 2 | J12: 5 | K12: 15 | L12: 1 | M12: 1 | N12: 1 | O12: 1 | P12: All Channels | Q12: All Channels | R12: =IF(L12+N12>0,1,0) -> 1 | S12: =IF(M12+O12>0,1,0) -> 1 | T12: KEEP | U12: KEEP | W12: DESK PAD | X12: F,ST2400,DSK PAD 12MNTH,BLK,23 | Z12: DESK PAD | AA12: RY | AB12: SUCCESS | AC12: CORE | AF12: ACCO | AG12: AT-A-GLANCE | AH12: MONTHLY | AI12: STANDARD | AL12: INLINE DESK PADS | AM12: INLINE DESK PADS | AN12: INLINE DESK PADS | AO12: 1000 | AP12: 1039 | AQ12: MAY | AR12: MAY | AS12: 3.5845 | AT12: 3.5845 | AU12: 3.35 | AV12: =IFERROR(((AS12-AU12)/AU12),"") -> 0.07 | AW12: 3.35 | AX12: 13.49 | AY12: 12.49 | BA12: 13.19 | BB12: =IFERROR(((AX12-AS12)/AX12),"") -> 0.73428466 | BC12: =IFERROR(((AY12-AU12)/AY12),"") -> 0.73178543 | BF12: 1904 | BG12: 6378.4 | BH12: 0.124 | BI12: 33688 | BJ12: 29.78603 | BK12: 15354.839 | BL12: 191781.94 | BM12: 51438.71 | BN12: 14.778478 | BO12: 14.778478 | BP12: 14778.478 | BS12: 1161 | BT12: 3889.35 | BU12: 0.1 | BV12: 12303 | BW12: 11610 | BY12: 38893.5 | BZ12: 11000 | CJ12: =IFERROR(VLOOKUP($E12,[2]ECOM!$A$3:$FC$999999,158,FALSE),0) -> 3417.3333 | CK12: =IFERROR(VLOOKUP($E12,[2]ECOM!$A$3:$FC$999999,159,FALSE),0) -> 3883.3333 | CQ12: 26964.839 | CS12: 90332.21 | CT12: 25778.478 | CU12: 347751.67 | CV12: 92402.955 | CW12: 255348.71
A13: SW2300024 | B13: SW2300023 | C13: SW2300022 | E13: 7577033 | I13: 2 | J13: 7 | K13: 20 | L13: 1 | M13: 1 | N13: 1 | O13: 1 | P13: All Channels | Q13: All Channels | R13: =IF(L13+N13>0,1,0) -> 1 | S13: =IF(M13+O13>0,1,0) -> 1 | T13: KEEP | U13: KEEP | W13: DESK PAD | X13: F,SW23000,DSK PAD JUMBO MNTH 2/C,BLK,23 | Z13: DESK PAD | AA13: RY | AB13: TRADITIONAL | AC13: CORE | AF13: ACCO | AG13: AT-A-GLANCE | AH13: MONTHLY | AI13: STANDARD | AL13: INLINE DESK PADS | AM13: INLINE DESK PADS | AN13: INLINE DESK PADS | AO13: 1000 | AP13: 1017 | AQ13: MAY | AR13: MAY | AS13: 12.626 | AT13: 12.626 | AU13: 11.8 | AV13: =IFERROR(((AS13-AU13)/AU13),"") -> 0.07 | AW13: 11.8 | AX13: 35.99 | AY13: 33.49 | BA13: 43.19 | BB13: =IFERROR(((AX13-AS13)/AX13),"") -> 0.64918033 | BC13: =IFERROR(((AY13-AU13)/AY13),"") -> 0.64765602 | BF13: 432 | BG13: 5097.6 | BH13: 0.124 | BI13: 5617 | BJ13: 4.9664014 | BK13: 3483.871 | BL13: 116674.84 | BM13: 41109.677 | BN13: 3.4256352 | BO13: 3.4256352 | BP13: 3425.6352 | BS13: 349 | BT13: 4118.2 | BU13: 0.1 | BV13: 4450 | BW13: 3490 | BY13: 41182 | BZ13: 3900 | CJ13: =IFERROR(VLOOKUP($E13,[2]ECOM!$A$3:$FC$999999,158,FALSE),0) -> 1481.3333 | CK13: =IFERROR(VLOOKUP($E13,[2]ECOM!$A$3:$FC$999999,159,FALSE),0) -> 1683.3333 | CQ13: 6973.871 | CS13: 82291.677 | CT13: 7325.6352 | CU13: 263649.61 | CV13: 92493.47 | CW13: 171156.14
A14: SP24D0024 | B14: SP24D0023 | C14: SP24D0022 | E14: 9269886 | I14: 2 | J14: 7 | K14: 19 | L14: 1 | M14: 1 | N14: 1 | O14: 1 | P14: All Channels | Q14: All Channels | R14: =IF(L14+N14>0,1,0) -> 1 | S14: =IF(M14+O14>0,1,0) -> 1 | T14: KEEP | U14: KEEP | W14: DESK PAD | X14: F,9269886,ZODP DESK PAD,BLK,23 | Z14: DESK PAD | AA14: RY | AB14: THE DESK PAD | AC14: CORE | AF14: ACCO | AG14: PRIVATE BRAND A | AH14: MONTHLY | AI14: STANDARD | AL14: INLINE DESK PADS/STACKOUT | AM14: INLINE DESK PADS/STACKOUT | AN14: INLINE DESK PADS/STACKOUT | AO14: 1000 | AP14: 1039 | AQ14: MAY | AR14: MAY | AS14: 1.498 | AT14: 1.498 | AU14: 1.4 | AV14: =IFERROR(((AS14-AU14)/AU14),"") -> 0.07 | AW14: 1.4 | AX14: 6.99 | AY14: 6.49 | BA14: 6.49 | BB14: =IFERROR(((AX14-AS14)/AX14),"") -> 0.78569385 | BC14: =IFERROR(((AY14-AU14)/AY14),"") -> 0.78428351 | BF14: 14654 | BG14: 20515.6 | BH14: 0.124 | BI14: 531072 | BJ14: 469.55968 | BK14: 118177.42 | BL14: 766971.45 | BM14: 165448.39 | BN14: 113.7415 | BO14: 113.7415 | BP14: 113741.5 | BS14: 33254 | BT14: 46555.6 | BU14: 0.1 | BV14: 498700 | BW14: 332540 | BY14: 465556 | BZ14: 333000 | CJ14: =IFERROR(VLOOKUP($E14,[2]ECOM!$A$3:$FC$999999,158,FALSE),0) -> 51641.333 | CK14: =IFERROR(VLOOKUP($E14,[2]ECOM!$A$3:$FC$999999,159,FALSE),0) -> 58683.333 | CQ14: 450717.42 | CS14: 631004.39 | CT14: 446741.5 | CU14: 3122723.1 | CV14: 669218.77 | CW14: 2453504.3
A15: K10024 | B15: K10023 | C15: K10022 | E15: 6065248 | L15: 1 | M15: 1 | N15: 1 | O15: 1 | P15: All Channels | Q15: All Channels | R15: =IF(L15+N15>0,1,0) -> 1 | S15: =IF(M15+O15>0,1,0) -> 1 | T15: KEEP | U15: KEEP | W15: WALL CALENDAR | X15: F,K100,TODAY IS-WALL,BLK,23 | Z15: WALL CALENDAR | AA15: RY | AB15: TRADITIONAL | AC15: CORE | AF15: ACCO | AG15: AT-A-GLANCE | AH15: DAILY | AI15: SMALL | AL15: INLINE ERASABLES | AM15: INLINE ERASABLES | AN15: INLINE ERASABLES | AO15: 1041 | AP15: 1041 | AQ15: MAY | AR15: MAY | AS15: 15.1084 | AT15: 15.1084 | AU15: 14.12 | AV15: =IFERROR(((AS15-AU15)/AU15),"") -> 0.07 | AW15: 14.12 | AX15: 39.99 | AY15: 36.99 | BA15: 52.49 | BB15: =IFERROR(((AX15-AS15)/AX15),"") -> 0.62219555 | BC15: =IFERROR(((AY15-AU15)/AY15),"") -> 0.61827521 | BF15: 134 | BG15: 1892.08 | BH15: 0.124 | BI15: 1732 | BJ15: 1.4995671 | BK15: 1080.6452 | BL15: 39973.065 | BM15: 15258.71 | BN15: 1.0380837 | BO15: 1.5 | BP15: 1561.5 | BS15: 105 | BT15: 1482.6 | BU15: 0.1 | BV15: 1365 | BW15: 1050 | BY15: 14826 | BZ15: 1100 | CJ15: =IFERROR(VLOOKUP($E15,[2]ECOM!$A$3:$FC$999999,158,FALSE),0) -> 293.33333 | CK15: =IFERROR(VLOOKUP($E15,[2]ECOM!$A$3:$FC$999999,159,FALSE),0) -> 333.33333 | CQ15: 2130.6452 | CS15: 30084.71 | CT15: 2661.5 | CU15: 106433.39 | CV15: 40211.007 | CW15: 66222.378
A16: OD30142824 | B16: OD30142823 | C16: OD30142822 | E16: 4232616 | L16: 1 | M16: 1 | P16: Retail Only BOPIS | Q16: Retail Only BOPIS | R16: =IF(L16+N16>0,1,0) -> 1 | S16: =IF(M16+O16>0,1,0) -> 1 | T16: KEEP | W16: WALL CALENDAR | X16: F,4232616,ZODP WALL CAL YRLY,23 | Z16: WALL CALENDAR | AA16: RY | AB16: TRADITIONAL | AC16: CORE | AD16: TRADITIONAL | AF16: ACCO | AG16: PRIVATE BRAND A | AH16: YEARLY | AI16: MEDIUM | AL16: INLINE ERASABLES | AM16: INLINE ERASABLES | AN16: INLINE ERASABLES | AO16: 1041 | AP16: 1041 | AQ16: MAY | AR16: MAY | AU16: 3.78 | AV16: =IFERROR(((AS16-AU16)/AU16),"") -> -1 | AW16: 3.78 | AY16: 18.99 | BA16: 18.99 | BB16: =IFERROR(((AX16-AS16)/AX16),"") | BC16: =IFERROR(((AY16-AU16)/AY16),"") -> 0.80094787 | BF16: 259 | BG16: 960.22 | BH16: 0.124 | BI16: 3713 | BJ16: 3.2147186 | BK16: 2088.7097 | BL16: 39664.597 | BM16: 7895.3226 | BN16: 2.0064454 | BO16: 3.2 | BP16: 3331.2 | BS16: 129 | BT16: 454.72 | BU16: 0.1 | BW16: 1290 | BY16: 4547.2 | CJ16: =IFERROR(VLOOKUP($E16,[2]ECOM!$A$3:$FC$999999,158,FALSE),0) -> 315.33333 | CK16: =IFERROR(VLOOKUP($E16,[2]ECOM!$A$3:$FC$999999,159,FALSE),0) -> 358.33333 | CQ16: 3378.7097 | CS16: 12442.523 | CT16: 3331.2 | CU16: 0 | CV16: 0 | CW16: 0
A17: PM200S2824 | B17: PM200S2823 | C17: PM200S2822 | E17: 4665731 | L17: 1 | M17: 1 | N17: 1 | O17: 1 | P17: All Channels | Q17: All Channels | R17: =IF(L17+N17>0,1,0) -> 1 | S17: =IF(M17+O17>0,1,0) -> 1 | T17: KEEP | U17: KEEP | W17: ERASABLES | X17: F,PM200S28,AY/RY YRLY ERAS HORZ FLT,23 | Z17: ERASABLES | AA17: AY/RY | AB17: AAG | AC17: CORE | AF17: ACCO | AG17: AT-A-GLANCE | AH17: YEARLY | AI17: STANDARD | AL17: INLINE ERASABLES | AM17: INLINE ERASABLES | AN17: INLINE ERASABLES | AO17: 1041 | AP17: 1041 | AQ17: MAY | AR17: MAY | AS17: 7.9608 | AT17: 7.9608 | AU17: 7.44 | AV17: =IFERROR(((AS17-AU17)/AU17),"") -> 0.07 | AW17: 7.44 | AX17: 32.99 | AY17: 29.99 | BA17: 40.49 | BB17: =IFERROR(((AX17-AS17)/AX17),"") -> 0.75869051 | BC17: =IFERROR(((AY17-AU17)/AY17),"") -> 0.75191731 | BF17: 1768 | BG17: 13153.92 | BH17: 0.124 | BI17: 9129 | BJ17: 7.9038961 | BK17: 14258.065 | BL17: 427599.35 | BM17: 106080 | BN17: 13.696508 | BO17: 9 | BP17: 9369 | BS17: 2240 | BT17: 16665.6 | BU17: 0.3 | BV17: 3735 | BW17: 7466.6667 | BY17: 55552 | BZ17: 4000 | CJ17: =IFERROR(VLOOKUP($E17,[2]ECOM!$A$3:$FC$999999,158,FALSE),0) -> 3351.3333 | CK17: =IFERROR(VLOOKUP($E17,[2]ECOM!$A$3:$FC$999999,159,FALSE),0) -> 3808.3333 | CQ17: 21724.731 | CS17: 161632 | CT17: 13369 | CU17: 441043.31 | CV17: 106427.94 | CW17: 334615.37
A18: PM210S2824 | B18: PM210S2823 | C18: PM210S2822 | E18: 3745510 | L18: 1 | M18: 1 | N18: 1 | O18: 1 | P18: All Channels | Q18: All Channels | R18: =IF(L18+N18>0,1,0) -> 1 | S18: =IF(M18+O18>0,1,0) -> 1 | T18: KEEP | U18: KEEP | W18: ERASABLES | X18: F,PM210S28,AY/RY YRLY ERAS VERT FLT,23 | Z18: ERASABLES | AA18: AY/RY | AB18: AAG | AC18: CORE | AF18: ACCO | AG18: AT-A-GLANCE | AH18: YEARLY | AI18: STANDARD | AL18: INLINE ERASABLES | AM18: INLINE ERASABLES | AN18: INLINE ERASABLES | AO18: 1041 | AP18: 1041 | AQ18: MAY | AR18: MAY | AS18: 7.9608 | AT18: 7.9608 | AU18: 7.44 | AV18: =IFERROR(((AS18-AU18)/AU18),"") -> 0.07 | AW18: 7.44 | AX18: 32.99 | AY18: 29.99 | BA18: 40.49 | BB18: =IFERROR(((AX18-AS18)/AX18),"") -> 0.75869051 | BC18: =IFERROR(((AY18-AU18)/AY18),"") -> 0.75191731 | BF18: 1474 | BG18: 10966.56 | BH18: 0.124 | BI18: 9060 | BJ18: 7.8441558 | BK18: 11887.097 | BL18: 356494.03 | BM18: 88440 | BN18: 11.418921 | BO18: 9 | BP18: 9369 | BS18: 1321 | BT18: 9828.24 | BU18: 0.3 | BV18: 2143 | BW18: 4403.3333 | BY18: 32760.8 | BZ18: 2100 | CJ18: =IFERROR(VLOOKUP($E18,[2]ECOM!$A$3:$FC$999999,158,FALSE),0) -> 2068 | CK18: =IFERROR(VLOOKUP($E18,[2]ECOM!$A$3:$FC$999999,159,FALSE),0) -> 2350 | CQ18: 16290.43 | CS18: 121200.8 | CT18: 11469 | CU18: 378362.31 | CV18: 91302.415 | CW18: 287059.89
A19: PM239B28 | B19: PM239B28 | C19: PM239B28 | D19: 472266 | E19: 472266 | L19: 1 | M19: 1 | P19: Retail Only BOPIS | Q19: Retail Only BOPIS | R19: =IF(L19+N19>0,1,0) -> 1 | S19: =IF(M19+O19>0,1,0) -> 1 | T19: KEEP | W19: ERASABLES | X19: F,ERAS 90/120 FLT (21),UN | Z19: ERASABLES | AA19: UN | AB19: TRADITIONAL | AC19: CORE | AD19: TRADITIONAL | AF19: ACCO | AG19: AT-A-GLANCE | AH19: UNDATED | AI19: STANDARD | AL19: INLINE ERASABLES | AM19: INLINE ERASABLES | AN19: INLINE ERASABLES | AO19: 1041 | AP19: 1041 | AQ19: MAY | AR19: MAY | AS19: 7.5863 | AT19: 7.5863 | AU19: 7.09 | AV19: =IFERROR(((AS19-AU19)/AU19),"") -> 0.07 | AW19: 7.09 | AX19: 32.99 | AY19: 29.99 | BA19: 33.19 | BB19: =IFERROR(((AX19-AS19)/AX19),"") -> 0.77004244 | BC19: =IFERROR(((AY19-AU19)/AY19),"") -> 0.76358786 | BF19: 1841 | BG19: 13255.2 | BH19: 0.3 | BI19: 5989 | BJ19: 5.1852814 | BK19: 6136.6667 | BL19: 184038.63 | BM19: 43508.967 | BN19: 5.8949728 | BO19: 5.8949728 | BP19: 6136.6667 | BS19: 35 | BT19: 252 | BU19: 0.3 | BW19: 116.66667 | BY19: 840 | CJ19: =IFERROR(VLOOKUP($E19,[2]ECOM!$A$3:$FC$999999,158,FALSE),0) -> 183.33333 | CK19: =IFERROR(VLOOKUP($E19,[2]ECOM!$A$3:$FC$999999,159,FALSE),0) -> 208.33333 | CQ19: 6253.3333 | CS19: 44348.967 | CT19: 6136.6667 | CU19: 202448.63 | CV19: 46554.594 | CW19: 155894.04
A20: PM263B28 | B20: PM263B28 | C20: PM263B28 | D20: 472308 | E20: 472308 | L20: 1 | M20: 1 | P20: Retail Only BOPIS | Q20: Retail Only BOPIS | R20: =IF(L20+N20>0,1,0) -> 1 | S20: =IF(M20+O20>0,1,0) -> 1 | T20: KEEP | W20: ERASABLES | X20: F,ERAS 30/60 SML (21),UN | Z20: ERASABLES | AA20: UN | AB20: TRADITIONAL | AC20: CORE | AD20: TRADITIONAL | AF20: ACCO | AG20: AT-A-GLANCE | AH20: UNDATED | AI20: SMALL | AL20: INLINE ERASABLES | AM20: INLINE ERASABLES | AN20: INLINE ERASABLES | AO20: 1041 | AP20: 1041 | AQ20: MAY | AR20: MAY | AS20: 5.7138 | AT20: 5.7138 | AU20: 5.34 | AV20: =IFERROR(((AS20-AU20)/AU20),"") -> 0.07 | AW20: 5.34 | AX20: 23.99 | AY20: 21.99 | BA20: 24.29 | BB20: =IFERROR(((AX20-AS20)/AX20),"") -> 0.76182576 | BC20: =IFERROR(((AY20-AU20)/AY20),"") -> 0.75716235 | BF20: 1941 | BG20: 10520.22 | BH20: 0.3 | BI20: 6402 | BJ20: 5.5428571 | BK20: 6470 | BL20: 142275.3 | BM20: 34549.8 | BN20: 6.2151777 | BO20: 6.2151777 | BP20: 6470 | BS20: 59 | BT20: 319.78 | BU20: 0.3 | BW20: 196.66667 | BY20: 1065.9333 | CJ20: =IFERROR(VLOOKUP($E20,[2]ECOM!$A$3:$FC$999999,158,FALSE),0) -> 190.66667 | CK20: =IFERROR(VLOOKUP($E20,[2]ECOM!$A$3:$FC$999999,159,FALSE),0) -> 216.66667 | CQ20: 6666.6667 | CS20: 35615.733 | CT20: 6470 | CU20: 155215.3 | CV20: 36968.286 | CW20: 118247.01
A21: PM26B2824 | B21: PM26B2823 | C21: PM26B2822 | E21: 9682566 | L21: 1 | M21: 1 | N21: 1 | O21: 1 | P21: All Channels | Q21: All Channels | R21: =IF(L21+N21>0,1,0) -> 1 | S21: =IF(M21+O21>0,1,0) -> 1 | T21: KEEP | U21: KEEP | W21: ERASABLES | X21: F,PM26B28,WALL CAL ERAS YRLY FLT,23 | Z21: ERASABLES | AA21: RY | AB21: TRADITIONAL | AC21: CORE | AF21: ACCO | AG21: AT-A-GLANCE | AH21: YEARLY | AI21: STANDARD | AL21: INLINE ERASABLES | AM21: INLINE ERASABLES | AN21: INLINE ERASABLES | AO21: 1041 | AP21: 1041 | AQ21: MAY | AR21: MAY | AS21: 7.9715 | AT21: 7.9715 | AU21: 7.45 | AV21: =IFERROR(((AS21-AU21)/AU21),"") -> 0.07 | AW21: 7.45 | AX21: 32.99 | AY21: 29.99 | BA21: 39.79 | BB21: =IFERROR(((AX21-AS21)/AX21),"") -> 0.75836617 | BC21: =IFERROR(((AY21-AU21)/AY21),"") -> 0.75158386 | BF21: 699 | BG21: 5207.55 | BH21: 0.124 | BI21: 9618 | BJ21: 8.3272727 | BK21: 5637.0968 | BL21: 169056.53 | BM21: 41996.371 | BN21: 5.4150786 | BO21: 6 | BP21: 6246 | BS21: 1254 | BT21: 9342.3 | BU21: 0.3 | BV21: 2932 | BW21: 4180 | BY21: 31141 | BZ21: 3000 | CJ21: =IFERROR(VLOOKUP($E21,[2]ECOM!$A$3:$FC$999999,158,FALSE),0) -> 3608 | CK21: =IFERROR(VLOOKUP($E21,[2]ECOM!$A$3:$FC$999999,159,FALSE),0) -> 4100 | CQ21: 9817.0968 | CS21: 73137.371 | CT21: 9246 | CU21: 305025.54 | CV21: 73704.489 | CW21: 231321.05
A22: PM326S2824 | B22: PM326S2823 | C22: PM326S2822 | E22: 9957926 | L22: 1 | M22: 1 | N22: 1 | O22: 1 | P22: All Channels | Q22: All Channels | R22: =IF(L22+N22>0,1,0) -> 1 | S22: =IF(M22+O22>0,1,0) -> 1 | T22: KEEP | U22: KEEP | W22: ERASABLES | X22: F,PM326S28,ERAS AY/RY JUMBO BAG,23 | Z22: ERASABLES | AA22: AY/RY | AB22: JUMBO | AC22: CORE | AF22: ACCO | AG22: AT-A-GLANCE | AH22: YEARLY | AI22: LARGE | AL22: INLINE ERASABLES | AM22: INLINE ERASABLES | AN22: INLINE ERASABLES | AO22: 1041 | AP22: 1041 | AQ22: MAY | AR22: MAY | AS22: 11.449 | AT22: 11.449 | AU22: 10.7 | AV22: =IFERROR(((AS22-AU22)/AU22),"") -> 0.07 | AW22: 10.7 | AX22: 42.99 | AY22: 39.99 | BA22: 58.09 | BB22: =IFERROR(((AX22-AS22)/AX22),"") -> 0.73368225 | BC22: =IFERROR(((AY22-AU22)/AY22),"") -> 0.73243311 | BF22: 1246 | BG22: 15188.74 | BH22: 0.124 | BI22: 9627 | BJ22: 8.3350649 | BK22: 10048.387 | BL22: 401835 | BM22: 107517.74 | BN22: 9.6526293 | BO22: 9.6526293 | BP22: 10048.387 | BS22: 1806 | BT22: 22015.14 | BU22: 0.3 | BV22: 7660 | BW22: 6020 | BY22: 73383.8 | BZ22: 7600 | CJ22: =IFERROR(VLOOKUP($E22,[2]ECOM!$A$3:$FC$999999,158,FALSE),0) -> 4752 | CK22: =IFERROR(VLOOKUP($E22,[2]ECOM!$A$3:$FC$999999,159,FALSE),0) -> 5400 | CQ22: 16068.387 | CS22: 180901.54 | CT22: 17648.387 | CU22: 758704.16 | CV22: 202056.38 | CW22: 556647.78
A23: PM330B2824 | B23: PM330B2823 | C23: PM330B2822 | E23: 5613728 | L23: 1 | M23: 1 | N23: 1 | O23: 1 | P23: All Channels | Q23: All Channels | R23: =IF(L23+N23>0,1,0) -> 1 | S23: =IF(M23+O23>0,1,0) -> 1 | T23: KEEP | U23: KEEP | W23: ERASABLES | X23: F,PM330B28,WALL CAL YRLY/YRLY MINI,23 | Z23: ERASABLES | AA23: RY | AB23: TRADITIONAL | AC23: CORE | AF23: ACCO | AG23: AT-A-GLANCE | AH23: YEARLY | AI23: SMALL | AL23: INLINE ERASABLES | AM23: INLINE ERASABLES | AN23: INLINE ERASABLES | AO23: 1041 | AP23: 1041 | AQ23: MAY | AR23: MAY | AS23: 3.3063 | AT23: 3.3063 | AU23: 3.09 | AV23: =IFERROR(((AS23-AU23)/AU23),"") -> 0.07 | AW23: 3.09 | AX23: 19.99 | AY23: 17.99 | BA23: 16.89 | BB23: =IFERROR(((AX23-AS23)/AX23),"") -> 0.8346023 | BC23: =IFERROR(((AY23-AU23)/AY23),"") -> 0.82823791 | BF23: 638 | BG23: 1971.42 | BH23: 0.124 | BI23: 5673 | BJ23: 4.9116883 | BK23: 5145.1613 | BL23: 92561.452 | BM23: 15898.548 | BN23: 4.9425181 | BO23: 4.9425181 | BP23: 5145.1613 | BS23: 914 | BT23: 2824.26 | BU23: 0.3 | BV23: 2115 | BW23: 3046.6667 | BY23: 9414.2 | BZ23: 2100 | CJ23: =IFERROR(VLOOKUP($E23,[2]ECOM!$A$3:$FC$999999,158,FALSE),0) -> 5412 | CK23: =IFERROR(VLOOKUP($E23,[2]ECOM!$A$3:$FC$999999,159,FALSE),0) -> 6150 | CQ23: 8191.828 | CS23: 25312.748 | CT23: 7245.1613 | CU23: 144830.77 | CV23: 23954.677 | CW23: 120876.1
A24: PM530B28 | B24: PM530B28 | C24: PM530B28 | D24: 294215 | E24: 294215 | L24: 1 | M24: 1 | P24: Retail Only BOPIS | Q24: Retail Only BOPIS | R24: =IF(L24+N24>0,1,0) -> 1 | S24: =IF(M24+O24>0,1,0) -> 1 | T24: KEEP | W24: ERASABLES | X24: F,PM530B28,QN 30DAY BULK,UN | Z24: ERASABLES | AA24: UN | AB24: QUICKNOTES | AC24: CORE | AD24: TRADITIONAL | AF24: ACCO | AG24: AT-A-GLANCE | AH24: UNDATED | AI24: STANDARD | AL24: INLINE ERASABLES | AM24: INLINE ERASABLES | AN24: INLINE ERASABLES | AO24: 1041 | AP24: 1041 | AQ24: MAY | AR24: MAY | AS24: 7.99 | AT24: 7.99 | AU24: 7.47 | AV24: =IFERROR(((AS24-AU24)/AU24),"") -> 0.06961178 | AW24: 7.47 | AX24: 32.99 | AY24: 29.99 | BA24: 33.49 | BB24: =IFERROR(((AX24-AS24)/AX24),"") -> 0.7578054 | BC24: =IFERROR(((AY24-AU24)/AY24),"") -> 0.75091697 | BF24: 2867 | BG24: 21731.86 | BH24: 0.124 | BI24: 9445 | BJ24: 8.1774892 | BK24: 23120.968 | BL24: 693397.82 | BM24: 172713.63 | BN24: 22.210344 | BO24: 9 | BP24: 9369 | BS24: 43 | BT24: 325.94 | BU24: 0.3 | BW24: 143.33333 | BY24: 1086.4667 | CJ24: =IFERROR(VLOOKUP($E24,[2]ECOM!$A$3:$FC$999999,158,FALSE),0) -> 337.33333 | CK24: =IFERROR(VLOOKUP($E24,[2]ECOM!$A$3:$FC$999999,159,FALSE),0) -> 383.33333 | CQ24: 23264.301 | CS24: 173800.1 | CT24: 9369 | CU24: 309083.31 | CV24: 74858.31 | CW24: 234225
A25: PM550B2824 | B25: PM550B2823 | C25: PM550B2822 | E25: 9546488 | L25: 1 | M25: 1 | N25: 1 | O25: 1 | P25: All Channels | Q25: All Channels | R25: =IF(L25+N25>0,1,0) -> 1 | S25: =IF(M25+O25>0,1,0) -> 1 | T25: KEEP | U25: KEEP | W25: ERASABLES | X25: F,PM550B28,QN WALL CAL ERAS 2/S,23 | Z25: ERASABLES | AA25: RY | AB25: QUICKNOTES | AC25: CORE | AF25: ACCO | AG25: AT-A-GLANCE | AH25: YEARLY | AI25: SMALL | AL25: INLINE ERASABLES | AM25: INLINE ERASABLES | AN25: INLINE ERASABLES | AO25: 1041 | AP25: 1041 | AQ25: MAY | AR25: MAY | AS25: 3.4347 | AT25: 3.4347 | AU25: 3.21 | AV25: =IFERROR(((AS25-AU25)/AU25),"") -> 0.07 | AW25: 3.21 | AX25: 19.99 | AY25: 17.99 | BA25: 18.89 | BB25: =IFERROR(((AX25-AS25)/AX25),"") -> 0.82817909 | BC25: =IFERROR(((AY25-AU25)/AY25),"") -> 0.82156754 | BF25: 604 | BG25: 1938.84 | BH25: 0.124 | BI25: 4363 | BJ25: 3.7774892 | BK25: 4870.9677 | BL25: 87628.71 | BM25: 15635.806 | BN25: 4.6791237 | BO25: 4.6791237 | BP25: 4870.9677 | BS25: 353 | BT25: 1133.13 | BU25: 0.3 | BV25: 1346 | BW25: 1176.6667 | BY25: 3777.1 | BZ25: 1300 | CJ25: =IFERROR(VLOOKUP($E25,[2]ECOM!$A$3:$FC$999999,158,FALSE),0) -> 1664.6667 | CK25: =IFERROR(VLOOKUP($E25,[2]ECOM!$A$3:$FC$999999,159,FALSE),0) -> 1891.6667 | CQ25: 6047.6344 | CS25: 19412.906 | CT25: 6170.9677 | CU25: 123357.65 | CV25: 21195.423 | CW25: 102162.22
A26: AW502028 | B26: AW502028 | C26: AW502028 | D26: 644973 | E26: 644973 | L26: 1 | M26: 1 | P26: Retail Only BOPIS | Q26: Retail Only BOPIS | R26: =IF(L26+N26>0,1,0) -> 1 | S26: =IF(M26+O26>0,1,0) -> 1 | T26: KEEP | V26: Non Dept 4 - item will roll unless otherwise directed Marnie does not forecast | W26: ERASABLES | X26: F,AW502028,DRYERAS MNTH SRFC18X24(19),UN | Z26: ERASABLES | AA26: UN | AB26: WALLMATES | AC26: CORE | AD26: TRADITIONAL | AF26: ACCO | AG26: AT-A-GLANCE | AH26: UNDATED | AI26: SMALL | AL26: INLINE ERASABLES | AM26: INLINE ERASABLES | AN26: INLINE ERASABLES | AO26: 1041 | AP26: 1041 | AQ26: MAY | AR26: MAY | AS26: 8.3032 | AT26: 8.3032 | AU26: 7.76 | AV26: =IFERROR(((AS26-AU26)/AU26),"") -> 0.07 | AW26: 7.76 | AX26: 23.99 | AY26: 22.99 | BA26: 29.29 | BB26: =IFERROR(((AX26-AS26)/AX26),"") -> 0.65388912 | BC26: =IFERROR(((AY26-AU26)/AY26),"") -> 0.66246194 | BF26: 2867 | BG26: 22247.92 | BH26: 0.3 | BI26: 8917 | BJ26: 7.7203463 | BK26: 9556.6667 | BL26: 219707.77 | BM26: 74159.733 | BN26: 9.1802754 | BO26: 9.1802754 | BP26: 9556.6667 | BS26: 1026 | BT26: 7961.76 | BU26: 0.3 | BW26: 3420 | BY26: 26539.2 | CJ26: =IFERROR(VLOOKUP($E26,[2]ECOM!$A$3:$FC$999999,158,FALSE),0) -> 0 | CK26: =IFERROR(VLOOKUP($E26,[2]ECOM!$A$3:$FC$999999,159,FALSE),0) -> 0 | CQ26: 12976.667 | CS26: 100698.93 | CT26: 9556.6667 | CU26: 229264.43 | CV26: 79350.915 | CW26: 149913.52
A27: 1664F-550SB-24 | L27: 1 | P27: Retail Only BOPIS | R27: =IF(L27+N27>0,1,0) -> 1 | S27: =IF(M27+O27>0,1,0) -> 0 | T27: ADD | W27: ERASABLES | X27: BADGE AY/RY ERASABLE FLORAL | Z27: ERASABLES | AA27: AY/RY | AB27: BADGE | AC27: FASHION | AF27: ACCO | AG27: AT-A-GLANCE | AH27: YEARLY | AI27: STANDARD | AL27: INLINE ERASABLES | AN27: INLINE ERASABLES | AO27: 1041 | AQ27: MAY | AS27: 7.44 | AT27: 7.44 | AV27: =IFERROR(((AS27-AU27)/AU27),"") | AX27: 29.99 | BB27: =IFERROR(((AX27-AS27)/AX27),"") -> 0.75191731 | BC27: =IFERROR(((AY27-AU27)/AY27),"") | BO27: 4 | BP27: 4164 | CJ27: =IFERROR(VLOOKUP($E27,[2]ECOM!$A$3:$FC$999999,158,FALSE),0) -> 0 | CK27: =IFERROR(VLOOKUP($E27,[2]ECOM!$A$3:$FC$999999,159,FALSE),0) -> 0 | CQ27: 0 | CS27: 0 | CT27: 4164 | CU27: 124878.36 | CV27: 30980.16 | CW27: 93898.2
A28: 1664W-550SB-24 | L28: 1 | P28: Retail Only BOPIS | R28: =IF(L28+N28>0,1,0) -> 1 | S28: =IF(M28+O28>0,1,0) -> 0 | T28: ADD | W28: ERASABLES | X28: BADGE AY/RY ERASABLE WINDOW PANE | Z28: ERASABLES | AA28: AY/RY | AB28: BADGE | AC28: FASHION | AF28: ACCO | AG28: AT-A-GLANCE | AH28: YEARLY | AI28: STANDARD | AL28: INLINE ERASABLES | AN28: INLINE ERASABLES | AO28: 1041 | AQ28: MAY | AS28: 7.44 | AT28: 7.44 | AV28: =IFERROR(((AS28-AU28)/AU28),"") | AX28: 29.99 | BB28: =IFERROR(((AX28-AS28)/AX28),"") -> 0.75191731 | BC28: =IFERROR(((AY28-AU28)/AY28),"") | BO28: 4 | BP28: 4164 | CJ28: =IFERROR(VLOOKUP($E28,[2]ECOM!$A$3:$FC$999999,158,FALSE),0) -> 0 | CK28: =IFERROR(VLOOKUP($E28,[2]ECOM!$A$3:$FC$999999,159,FALSE),0) -> 0 | CQ28: 0 | CS28: 0 | CT28: 4164 | CU28: 124878.36 | CV28: 30980.16 | CW28: 93898.2
A29: 1665-550SB-24 | L29: 1 | P29: Retail Only BOPIS | R29: =IF(L29+N29>0,1,0) -> 1 | S29: =IF(M29+O29>0,1,0) -> 0 | T29: ADD | W29: ERASABLES | X29: MAEVE AY/RY ERASABLE | Z29: ERASABLES | AA29: AY/RY | AB29: MAEVE | AC29: FASHION | AF29: ACCO | AG29: Cambridge | AH29: YEARLY | AI29: STANDARD | AL29: INLINE ERASABLES | AN29: INLINE ERASABLES | AO29: 1041 | AQ29: MAY | AS29: 7.44 | AT29: 7.44 | AV29: =IFERROR(((AS29-AU29)/AU29),"") | AX29: 29.99 | BB29: =IFERROR(((AX29-AS29)/AX29),"") -> 0.75191731 | BC29: =IFERROR(((AY29-AU29)/AY29),"") | BO29: 4 | BP29: 4164 | CJ29: =IFERROR(VLOOKUP($E29,[2]ECOM!$A$3:$FC$999999,158,FALSE),0) -> 0 | CK29: =IFERROR(VLOOKUP($E29,[2]ECOM!$A$3:$FC$999999,159,FALSE),0) -> 0 | CQ29: 0 | CS29: 0 | CT29: 4164 | CU29: 124878.36 | CV29: 30980.16 | CW29: 93898.2
A30: 1668-550SB-24 | L30: 1 | P30: Retail Only BOPIS | R30: =IF(L30+N30>0,1,0) -> 1 | S30: =IF(M30+O30>0,1,0) -> 0 | T30: ADD | W30: ERASABLES | X30: PIPPA AY/RY ERASABLE | Z30: ERASABLES | AA30: AY/RY | AB30: PIPPA | AC30: FASHION | AF30: ACCO | AG30: Cambridge | AH30: YEARLY | AI30: STANDARD | AL30: INLINE ERASABLES | AN30: INLINE ERASABLES | AO30: 1041 | AQ30: MAY | AS30: 7.44 | AT30: 7.44 | AV30: =IFERROR(((AS30-AU30)/AU30),"") | AX30: 29.99 | BB30: =IFERROR(((AX30-AS30)/AX30),"") -> 0.75191731 | BC30: =IFERROR(((AY30-AU30)/AY30),"") | BO30: 4 | BP30: 4164 | CJ30: =IFERROR(VLOOKUP($E30,[2]ECOM!$A$3:$FC$999999,158,FALSE),0) -> 0 | CK30: =IFERROR(VLOOKUP($E30,[2]ECOM!$A$3:$FC$999999,159,FALSE),0) -> 0 | CQ30: 0 | CS30: 0 | CT30: 4164 | CU30: 124878.36 | CV30: 30980.16 | CW30: 93898.2
A31: 1670-550SB-24 | L31: 1 | P31: Retail Only BOPIS | R31: =IF(L31+N31>0,1,0) -> 1 | S31: =IF(M31+O31>0,1,0) -> 0 | T31: ADD | W31: ERASABLES | X31: RAE AY/RY ERASABLE | Z31: ERASABLES | AA31: AY/RY | AB31: RAE | AC31: FASHION | AF31: ACCO | AG31: Cambridge | AH31: YEARLY | AI31: STANDARD | AL31: INLINE ERASABLES | AN31: INLINE ERASABLES | AO31: 1041 | AQ31: MAY | AS31: 7.44 | AT31: 7.44 | AV31: =IFERROR(((AS31-AU31)/AU31),"") | AX31: 29.99 | BB31: =IFERROR(((AX31-AS31)/AX31),"") -> 0.75191731 | BC31: =IFERROR(((AY31-AU31)/AY31),"") | BO31: 4 | BP31: 4164 | CJ31: =IFERROR(VLOOKUP($E31,[2]ECOM!$A$3:$FC$999999,158,FALSE),0) -> 0 | CK31: =IFERROR(VLOOKUP($E31,[2]ECOM!$A$3:$FC$999999,159,FALSE),0) -> 0 | CQ31: 0 | CS31: 0 | CT31: 4164 | CU31: 124878.36 | CV31: 30980.16 | CW31: 93898.2
A32: 1099-905-27-24 | L32: 1 | N32: 1 | P32: All Channels | R32: =IF(L32+N32>0,1,0) -> 1 | S32: =IF(M32+O32>0,1,0) -> 0 | T32: ADD | U32: ADD | W32: APPT. BOOKS/PLANNERS | X32: HARMONY LG WM POLY PINK | Z32: WEEKLY APPOINTMENT BOOK | AA32: RY | AB32: HARMONY | AC32: FASHION | AE32: POLY | AF32: ACCO | AG32: AT-A-GLANCE | AH32: WEEKLY/MONTHLY | AI32: LARGE | AL32: INLINE FASHION | AN32: INLINE FASHION | AO32: 1000 | AQ32: MAY | AS32: 11.98 | AT32: 11.98 | AV32: =IFERROR(((AS32-AU32)/AU32),"") | AX32: 26.99 | BB32: =IFERROR(((AX32-AS32)/AX32),"") -> 0.5561319 | BO32: 3.2 | BP32: 3200 | BZ32: 1000 | CJ32: =IFERROR(VLOOKUP($E32,[2]ECOM!$A$3:$FC$999999,158,FALSE),0) -> 0 | CK32: =IFERROR(VLOOKUP($E32,[2]ECOM!$A$3:$FC$999999,159,FALSE),0) -> 0 | CQ32: 0 | CS32: 0 | CT32: 4200 | CU32: 113358 | CV32: 50316 | CW32: 63042
A33: 1099-805-27-24 | L33: 1 | P33: Retail Only BOPIS | R33: =IF(L33+N33>0,1,0) -> 1 | S33: =IF(M33+O33>0,1,0) -> 0 | T33: ADD | W33: APPT. BOOKS/PLANNERS | X33: HARMONY MED WM POLY PINK | Z33: WEEKLY APPOINTMENT BOOK | AA33: RY | AB33: HARMONY | AC33: FASHION | AE33: POLY | AF33: ACCO | AG33: AT-A-GLANCE | AH33: WEEKLY/MONTHLY | AI33: MEDIUM | AL33: INLINE FASHION | AN33: INLINE FASHION | AO33: 1000 | AQ33: MAY | AS33: 10.77 | AT33: 10.77 | AV33: =IFERROR(((AS33-AU33)/AU33),"") | AX33: 24.99 | BB33: =IFERROR(((AX33-AS33)/AX33),"") -> 0.56902761 | BO33: 4 | BP33: 4000 | CJ33: =IFERROR(VLOOKUP($E33,[2]ECOM!$A$3:$FC$999999,158,FALSE),0) -> 0 | CK33: =IFERROR(VLOOKUP($E33,[2]ECOM!$A$3:$FC$999999,159,FALSE),0) -> 0 | CQ33: 0 | CS33: 0 | CT33: 4000 | CU33: 99960 | CV33: 43080 | CW33: 56880
A34: 1099-905-20-24 | L34: 1 | N34: 1 | P34: All Channels | R34: =IF(L34+N34>0,1,0) -> 1 | S34: =IF(M34+O34>0,1,0) -> 0 | T34: ADD | U34: ADD | W34: APPT. BOOKS/PLANNERS | X34: HARMONY LG WM POLY BLUE | Z34: WEEKLY APPOINTMENT BOOK | AA34: RY | AB34: HARMONY | AC34: FASHION | AE34: POLY | AF34: ACCO | AG34: AT-A-GLANCE | AH34: WEEKLY/MONTHLY | AI34: LARGE | AL34: INLINE FASHION | AN34: INLINE FASHION | AO34: 1000 | AQ34: MAY | AS34: 11.98 | AT34: 11.98 | AV34: =IFERROR(((AS34-AU34)/AU34),"") | AX34: 26.99 | BB34: =IFERROR(((AX34-AS34)/AX34),"") -> 0.5561319 | BO34: 3.2 | BP34: 3200 | BZ34: 1000 | CJ34: =IFERROR(VLOOKUP($E34,[2]ECOM!$A$3:$FC$999999,158,FALSE),0) -> 0 | CK34: =IFERROR(VLOOKUP($E34,[2]ECOM!$A$3:$FC$999999,159,FALSE),0) -> 0 | CQ34: 0 | CS34: 0 | CT34: 4200 | CU34: 113358 | CV34: 50316 | CW34: 63042
A35: 1099-805-20-24 | L35: 1 | N35: 1 | P35: All Channels | R35: =IF(L35+N35>0,1,0) -> 1 | S35: =IF(M35+O35>0,1,0) -> 0 | T35: ADD | U35: ADD | W35: APPT. BOOKS/PLANNERS | X35: HARMONY MED WM POLY BLUE | Z35: WEEKLY APPOINTMENT BOOK | AA35: RY | AB35: HARMONY | AC35: FASHION | AE35: POLY | AF35: ACCO | AG35: AT-A-GLANCE | AH35: WEEKLY/MONTHLY | AI35: MEDIUM | AL35: INLINE FASHION | AN35: INLINE FASHION | AO35: 1000 | AQ35: MAY | AS35: 10.77 | AT35: 10.77 | AV35: =IFERROR(((AS35-AU35)/AU35),"") | AX35: 24.99 | BB35: =IFERROR(((AX35-AS35)/AX35),"") -> 0.56902761 | BO35: 4 | BP35: 4000 | BZ35: 900 | CJ35: =IFERROR(VLOOKUP($E35,[2]ECOM!$A$3:$FC$999999,158,FALSE),0) -> 0 | CK35: =IFERROR(VLOOKUP($E35,[2]ECOM!$A$3:$FC$999999,159,FALSE),0) -> 0 | CQ35: 0 | CS35: 0 | CT35: 4900 | CU35: 122451 | CV35: 52773 | CW35: 69678
A36: EL18-905-24 | L36: 1 | N36: 1 | P36: All Channels | R36: =IF(L36+N36>0,1,0) -> 1 | S36: =IF(M36+O36>0,1,0) -> 0 | T36: ADD | U36: ADD | W36: APPT. BOOKS/PLANNERS | X36: EMILY LEY LG WM PRINTED POLY LILAC FLORAL | Z36: WEEKLY APPOINTMENT BOOK | AA36: RY | AB36: EMILY LEY | AC36: FASHION | AE36: POLY | AF36: ACCO | AG36: AT-A-GLANCE | AH36: WEEKLY/MONTHLY | AI36: LARGE | AL36: INLINE FASHION | AN36: INLINE FASHION | AO36: 1000 | AQ36: MAY | AS36: 13.46 | AT36: 13.46 | AV36: =IFERROR(((AS36-AU36)/AU36),"") | AX36: 30.99 | BB36: =IFERROR(((AX36-AS36)/AX36),"") -> 0.56566634 | BO36: 3.4 | BP36: 3400 | BZ36: 1000 | CJ36: =IFERROR(VLOOKUP($E36,[2]ECOM!$A$3:$FC$999999,158,FALSE),0) -> 0 | CK36: =IFERROR(VLOOKUP($E36,[2]ECOM!$A$3:$FC$999999,159,FALSE),0) -> 0 | CQ36: 0 | CS36: 0 | CT36: 4400 | CU36: 136356 | CV36: 59224 | CW36: 77132
A37: EL18-200-24 | L37: 1 | N37: 1 | P37: All Channels | R37: =IF(L37+N37>0,1,0) -> 1 | S37: =IF(M37+O37>0,1,0) -> 0 | T37: ADD | U37: ADD | W37: APPT. BOOKS/PLANNERS | X37: EMILY LEY SM WM PRINTED POLY LILAC FLORAL | Z37: WEEKLY APPOINTMENT BOOK | AA37: RY | AB37: EMILY LEY | AC37: FASHION | AE37: POLY | AF37: ACCO | AG37: AT-A-GLANCE | AH37: WEEKLY/MONTHLY | AI37: SMALL | AL37: INLINE FASHION | AN37: INLINE FASHION | AO37: 1000 | AQ37: MAY | AS37: 9.2 | AT37: 9.2 | AV37: =IFERROR(((AS37-AU37)/AU37),"") | AX37: 20.99 | BB37: =IFERROR(((AX37-AS37)/AX37),"") -> 0.56169605 | BO37: 3.2 | BP37: 3200 | BZ37: 700 | CJ37: =IFERROR(VLOOKUP($E37,[2]ECOM!$A$3:$FC$999999,158,FALSE),0) -> 0 | CK37: =IFERROR(VLOOKUP($E37,[2]ECOM!$A$3:$FC$999999,159,FALSE),0) -> 0 | CQ37: 0 | CS37: 0 | CT37: 3900 | CU37: 81861 | CV37: 35880 | CW37: 45981
A38: EL19-900-24 | L38: 1 | N38: 1 | P38: All Channels | R38: =IF(L38+N38>0,1,0) -> 1 | S38: =IF(M38+O38>0,1,0) -> 0 | T38: ADD | U38: ADD | W38: APPT. BOOKS/PLANNERS | X38: EMILY LEY LG M FROSTED POLY CREAM BLOSSOMS | Z38: MONTHLY APPOINTMET BOOK | AA38: RY | AB38: EMILY LEY | AC38: FASHION | AE38: POLY | AF38: ACCO | AG38: AT-A-GLANCE | AH38: MONTHLY | AI38: LARGE | AL38: INLINE FASHION | AN38: INLINE FASHION | AO38: 1000 | AQ38: MAY | AS38: 9.25 | AT38: 9.25 | AV38: =IFERROR(((AS38-AU38)/AU38),"") | AX38: 20.99 | BB38: =IFERROR(((AX38-AS38)/AX38),"") -> 0.55931396 | BO38: 3 | BP38: 3000 | BZ38: 1000 | CJ38: =IFERROR(VLOOKUP($E38,[2]ECOM!$A$3:$FC$999999,158,FALSE),0) -> 0 | CK38: =IFERROR(VLOOKUP($E38,[2]ECOM!$A$3:$FC$999999,159,FALSE),0) -> 0 | CQ38: 0 | CS38: 0 | CT38: 4000 | CU38: 83960 | CV38: 37000 | CW38: 46960
A39: EL19-200-24 | L39: 1 | N39: 1 | P39: All Channels | R39: =IF(L39+N39>0,1,0) -> 1 | S39: =IF(M39+O39>0,1,0) -> 0 | T39: ADD | U39: ADD | W39: APPT. BOOKS/PLANNERS | X39: EMILY LEY SM WM FROSTED POLY CREAM BLOSSOMS | Z39: WEEKLY APPOINTMENT BOOK | AA39: RY | AB39: EMILY LEY | AC39: FASHION | AE39: POLY | AF39: ACCO | AG39: AT-A-GLANCE | AH39: WEEKLY/MONTHLY | AI39: SMALL | AL39: INLINE FASHION | AN39: INLINE FASHION | AO39: 1000 | AQ39: MAY | AS39: 9.2 | AT39: 9.2 | AV39: =IFERROR(((AS39-AU39)/AU39),"") | AX39: 20.99 | BB39: =IFERROR(((AX39-AS39)/AX39),"") -> 0.56169605 | BO39: 3.2 | BP39: 3200 | BZ39: 700 | CJ39: =IFERROR(VLOOKUP($E39,[2]ECOM!$A$3:$FC$999999,158,FALSE),0) -> 0 | CK39: =IFERROR(VLOOKUP($E39,[2]ECOM!$A$3:$FC$999999,159,FALSE),0) -> 0 | CQ39: 0 | CS39: 0 | CT39: 3900 | CU39: 81861 | CV39: 35880 | CW39: 45981
A40: EL16-905-24 | L40: 1 | N40: 1 | P40: All Channels | R40: =IF(L40+N40>0,1,0) -> 1 | S40: =IF(M40+O40>0,1,0) -> 0 | T40: ADD | U40: ADD | W40: APPT. BOOKS/PLANNERS | X40: EMILY LEY LG WM PRINTED POLY HAPPY STRIPE | Z40: WEEKLY APPOINTMENT BOOK | AA40: RY | AB40: EMILY LEY | AC40: FASHION | AE40: POLY | AF40: ACCO | AG40: AT-A-GLANCE | AH40: WEEKLY/MONTHLY | AI40: LARGE | AL40: INLINE FASHION | AN40: INLINE FASHION | AO40: 1000 | AQ40: MAY | AS40: 13.46 | AT40: 13.46 | AV40: =IFERROR(((AS40-AU40)/AU40),"") | AX40: 30.99 | BB40: =IFERROR(((AX40-AS40)/AX40),"") -> 0.56566634 | BO40: 5.8 | BP40: 5800 | BZ40: 3000 | CJ40: =IFERROR(VLOOKUP($E40,[2]ECOM!$A$3:$FC$999999,158,FALSE),0) -> 0 | CK40: =IFERROR(VLOOKUP($E40,[2]ECOM!$A$3:$FC$999999,159,FALSE),0) -> 0 | CQ40: 0 | CS40: 0 | CT40: 8800 | CU40: 272712 | CV40: 118448 | CW40: 154264
A41: EL16-200-24 | L41: 1 | N41: 1 | P41: All Channels | R41: =IF(L41+N41>0,1,0) -> 1 | S41: =IF(M41+O41>0,1,0) -> 0 | T41: ADD | U41: ADD | W41: APPT. BOOKS/PLANNERS | X41: EMILY LEY SM WM PRINTED POLY HAPPY STRIPE | Z41: WEEKLY APPOINTMENT BOOK | AA41: RY | AB41: EMILY LEY | AC41: FASHION | AE41: POLY | AF41: ACCO | AG41: AT-A-GLANCE | AH41: WEEKLY/MONTHLY | AI41: SMALL | AL41: INLINE FASHION | AN41: INLINE FASHION | AO41: 1000 | AQ41: MAY | AS41: 9.2 | AT41: 9.2 | AV41: =IFERROR(((AS41-AU41)/AU41),"") | AX41: 20.99 | BB41: =IFERROR(((AX41-AS41)/AX41),"") -> 0.56169605 | BO41: 3.7 | BP41: 3700 | BZ41: 750 | CJ41: =IFERROR(VLOOKUP($E41,[2]ECOM!$A$3:$FC$999999,158,FALSE),0) -> 0 | CK41: =IFERROR(VLOOKUP($E41,[2]ECOM!$A$3:$FC$999999,159,FALSE),0) -> 0 | CQ41: 0 | CS41: 0 | CT41: 4450 | CU41: 93405.5 | CV41: 40940 | CW41: 52465.5
A42: 1675G-905-24 | L42: 1 | P42: Retail Only BOPIS | R42: =IF(L42+N42>0,1,0) -> 1 | S42: =IF(M42+O42>0,1,0) -> 0 | T42: ADD | W42: APPT. BOOKS/PLANNERS | X42: BADGE LG WM GEO | Z42: WEEKLY APPOINTMENT BOOK | AA42: RY | AB42: BADGE | AC42: FASHION | AE42: POLY | AF42: ACCO | AG42: AT-A-GLANCE | AH42: WEEKLY/MONTHLY | AI42: LARGE | AL42: INLINE FASHION | AN42: INLINE FASHION | AO42: 1000 | AQ42: MAY | AS42: 11.98 | AT42: 11.98 | AV42: =IFERROR(((AS42-AU42)/AU42),"") | AX42: 26.99 | BB42: =IFERROR(((AX42-AS42)/AX42),"") -> 0.5561319 | BO42: 2 | BP42: 2000 | CJ42: =IFERROR(VLOOKUP($E42,[2]ECOM!$A$3:$FC$999999,158,FALSE),0) -> 0 | CK42: =IFERROR(VLOOKUP($E42,[2]ECOM!$A$3:$FC$999999,159,FALSE),0) -> 0 | CQ42: 0 | CS42: 0 | CT42: 2000 | CU42: 53980 | CV42: 23960 | CW42: 30020
A43: 1675G-200-24 | L43: 1 | P43: Retail Only BOPIS | R43: =IF(L43+N43>0,1,0) -> 1 | S43: =IF(M43+O43>0,1,0) -> 0 | T43: ADD | W43: APPT. BOOKS/PLANNERS | X43: BADGE SM WM GEO | Z43: WEEKLY APPOINTMENT BOOK | AA43: RY | AB43: BADGE | AC43: FASHION | AE43: POLY | AF43: ACCO | AG43: AT-A-GLANCE | AH43: WEEKLY/MONTHLY | AI43: SMALL | AL43: INLINE FASHION | AN43: INLINE FASHION | AO43: 1000 | AQ43: MAY | AS43: 9.85 | AT43: 9.85 | AV43: =IFERROR(((AS43-AU43)/AU43),"") | AX43: 21.99 | BB43: =IFERROR(((AX43-AS43)/AX43),"") -> 0.55206912 | BO43: 4 | BP43: 4000 | CJ43: =IFERROR(VLOOKUP($E43,[2]ECOM!$A$3:$FC$999999,158,FALSE),0) -> 0 | CK43: =IFERROR(VLOOKUP($E43,[2]ECOM!$A$3:$FC$999999,159,FALSE),0) -> 0 | CQ43: 0 | CS43: 0 | CT43: 4000 | CU43: 87960 | CV43: 39400 | CW43: 48560
A44: 1675T-905-24 | L44: 1 | N44: 1 | P44: All Channels | R44: =IF(L44+N44>0,1,0) -> 1 | S44: =IF(M44+O44>0,1,0) -> 0 | T44: ADD | U44: ADD | W44: APPT. BOOKS/PLANNERS | X44: BADGE LG WM UV TILE | Z44: WEEKLY APPOINTMENT BOOK | AA44: RY | AB44: BADGE | AC44: FASHION | AE44: POLY | AF44: ACCO | AG44: AT-A-GLANCE | AH44: WEEKLY/MONTHLY | AI44: LARGE | AL44: INLINE FASHION | AN44: INLINE FASHION | AO44: 1000 | AQ44: MAY | AS44: 11.98 | AT44: 11.98 | AV44: =IFERROR(((AS44-AU44)/AU44),"") | AX44: 26.99 | BB44: =IFERROR(((AX44-AS44)/AX44),"") -> 0.5561319 | BO44: 2 | BP44: 2000 | BZ44: 3000 | CJ44: =IFERROR(VLOOKUP($E44,[2]ECOM!$A$3:$FC$999999,158,FALSE),0) -> 0 | CK44: =IFERROR(VLOOKUP($E44,[2]ECOM!$A$3:$FC$999999,159,FALSE),0) -> 0 | CQ44: 0 | CS44: 0 | CT44: 5000 | CU44: 134950 | CV44: 59900 | CW44: 75050
A45: 1675T-805-24 | L45: 1 | N45: 1 | P45: All Channels | R45: =IF(L45+N45>0,1,0) -> 1 | S45: =IF(M45+O45>0,1,0) -> 0 | T45: ADD | U45: ADD | W45: APPT. BOOKS/PLANNERS | X45: BADGE MED WM UV TILE | Z45: WEEKLY APPOINTMENT BOOK | AA45: RY | AB45: BADGE | AC45: FASHION | AE45: POLY | AF45: ACCO | AG45: AT-A-GLANCE | AH45: WEEKLY/MONTHLY | AI45: MEDIUM | AL45: INLINE FASHION | AN45: INLINE FASHION | AO45: 1000 | AQ45: MAY | AS45: 7.28 | AT45: 7.28 | AV45: =IFERROR(((AS45-AU45)/AU45),"") | AX45: 21.99 | BB45: =IFERROR(((AX45-AS45)/AX45),"") -> 0.66894043 | BO45: 4 | BP45: 4000 | BZ45: 700 | CJ45: =IFERROR(VLOOKUP($E45,[2]ECOM!$A$3:$FC$999999,158,FALSE),0) -> 0 | CK45: =IFERROR(VLOOKUP($E45,[2]ECOM!$A$3:$FC$999999,159,FALSE),0) -> 0 | CQ45: 0 | CS45: 0 | CT45: 4700 | CU45: 103353 | CV45: 34216 | CW45: 69137
A46: 1675F-905-24 | L46: 1 | N46: 1 | P46: All Channels | R46: =IF(L46+N46>0,1,0) -> 1 | S46: =IF(M46+O46>0,1,0) -> 0 | T46: ADD | U46: ADD | W46: APPT. BOOKS/PLANNERS | X46: BADGE LG WM FLORAL | Z46: WEEKLY APPOINTMENT BOOK | AA46: RY | AB46: BADGE | AC46: FASHION | AE46: POLY | AF46: ACCO | AG46: AT-A-GLANCE | AH46: WEEKLY/MONTHLY | AI46: LARGE | AL46: INLINE FASHION | AN46: INLINE FASHION | AO46: 1000 | AQ46: MAY | AS46: 11.98 | AT46: 11.98 | AV46: =IFERROR(((AS46-AU46)/AU46),"") | AX46: 26.99 | BB46: =IFERROR(((AX46-AS46)/AX46),"") -> 0.5561319 | BO46: 6 | BP46: 6000 | BZ46: 4000 | CJ46: =IFERROR(VLOOKUP($E46,[2]ECOM!$A$3:$FC$999999,158,FALSE),0) -> 0 | CK46: =IFERROR(VLOOKUP($E46,[2]ECOM!$A$3:$FC$999999,159,FALSE),0) -> 0 | CQ46: 0 | CS46: 0 | CT46: 10000 | CU46: 269900 | CV46: 119800 | CW46: 150100
A47: 1675F-200-24 | L47: 1 | N47: 1 | P47: All Channels | R47: =IF(L47+N47>0,1,0) -> 1 | S47: =IF(M47+O47>0,1,0) -> 0 | T47: ADD | U47: ADD | W47: APPT. BOOKS/PLANNERS | X47: BADGE SM WM FLORAL | Z47: WEEKLY APPOINTMENT BOOK | AA47: RY | AB47: BADGE | AC47: FASHION | AE47: POLY | AF47: ACCO | AG47: AT-A-GLANCE | AH47: WEEKLY/MONTHLY | AI47: SMALL | AL47: INLINE FASHION | AN47: INLINE FASHION | AO47: 1000 | AQ47: MAY | AS47: 9.85 | AT47: 9.85 | AV47: =IFERROR(((AS47-AU47)/AU47),"") | AX47: 21.99 | BB47: =IFERROR(((AX47-AS47)/AX47),"") -> 0.55206912 | BO47: 7 | BP47: 7000 | BZ47: 800 | CJ47: =IFERROR(VLOOKUP($E47,[2]ECOM!$A$3:$FC$999999,158,FALSE),0) -> 0 | CK47: =IFERROR(VLOOKUP($E47,[2]ECOM!$A$3:$FC$999999,159,FALSE),0) -> 0 | CQ47: 0 | CS47: 0 | CT47: 7800 | CU47: 171522 | CV47: 76830 | CW47: 94692
A48: 1676-905-24 | L48: 1 | N48: 1 | P48: All Channels | R48: =IF(L48+N48>0,1,0) -> 1 | S48: =IF(M48+O48>0,1,0) -> 0 | T48: ADD | U48: ADD | W48: APPT. BOOKS/PLANNERS | X48: CHER LG WM PRINTED POLY | Z48: WEEKLY APPOINTMENT BOOK | AA48: RY | AB48: CHER | AC48: FASHION | AE48: POLY | AF48: ACCO | AG48: CAMBRIDGE | AH48: WEEKLY/MONTHLY | AI48: LARGE | AL48: INLINE FASHION | AN48: INLINE FASHION | AO48: 1000 | AQ48: MAY | AS48: 8.4 | AT48: 8.4 | AV48: =IFERROR(((AS48-AU48)/AU48),"") | AX48: 19.99 | BB48: =IFERROR(((AX48-AS48)/AX48),"") -> 0.57978989 | BO48: 5 | BP48: 5000 | BZ48: 3300 | CJ48: =IFERROR(VLOOKUP($E48,[2]ECOM!$A$3:$FC$999999,158,FALSE),0) -> 0 | CK48: =IFERROR(VLOOKUP($E48,[2]ECOM!$A$3:$FC$999999,159,FALSE),0) -> 0 | CQ48: 0 | CS48: 0 | CT48: 8300 | CU48: 165917 | CV48: 69720 | CW48: 96197
A49: 1676-200-24 | L49: 1 | N49: 1 | P49: All Channels | R49: =IF(L49+N49>0,1,0) -> 1 | S49: =IF(M49+O49>0,1,0) -> 0 | T49: ADD | U49: ADD | W49: APPT. BOOKS/PLANNERS | X49: CHER SM WM PRINTED POLY | Z49: WEEKLY APPOINTMENT BOOK | AA49: RY | AB49: CHER | AC49: FASHION | AE49: POLY | AF49: ACCO | AG49: CAMBRIDGE | AH49: WEEKLY/MONTHLY | AI49: SMALL | AL49: INLINE FASHION | AN49: INLINE FASHION | AO49: 1000 | AQ49: MAY | AS49: 6.82 | AT49: 6.82 | AV49: =IFERROR(((AS49-AU49)/AU49),"") | AX49: 15.99 | BB49: =IFERROR(((AX49-AS49)/AX49),"") -> 0.57348343 | BO49: 6.5 | BP49: 6500 | BZ49: 1000 | CJ49: =IFERROR(VLOOKUP($E49,[2]ECOM!$A$3:$FC$999999,158,FALSE),0) -> 0 | CK49: =IFERROR(VLOOKUP($E49,[2]ECOM!$A$3:$FC$999999,159,FALSE),0) -> 0 | CQ49: 0 | CS49: 0 | CT49: 7500 | CU49: 119925 | CV49: 51150 | CW49: 68775
A50: 1680-905-24 | L50: 1 | N50: 1 | P50: All Channels | R50: =IF(L50+N50>0,1,0) -> 1 | S50: =IF(M50+O50>0,1,0) -> 0 | T50: ADD | U50: ADD | V50: Elana is a botanical design and the current botanical (Bali) is doing well | W50: APPT. BOOKS/PLANNERS | X50: ELENA LG WM FROSTED POLY | Z50: WEEKLY APPOINTMENT BOOK | AA50: RY | AB50: ELENA | AC50: FASHION | AE50: POLY | AF50: ACCO | AG50: CAMBRIDGE | AH50: WEEKLY/MONTHLY | AI50: LARGE | AL50: INLINE FASHION | AN50: INLINE FASHION | AO50: 1000 | AQ50: MAY | AS50: 8.4 | AT50: 8.4 | AV50: =IFERROR(((AS50-AU50)/AU50),"") | AX50: 19.99 | BB50: =IFERROR(((AX50-AS50)/AX50),"") -> 0.57978989 | BO50: 8 | BP50: 8000 | BZ50: 3300 | CJ50: =IFERROR(VLOOKUP($E50,[2]ECOM!$A$3:$FC$999999,158,FALSE),0) -> 0 | CK50: =IFERROR(VLOOKUP($E50,[2]ECOM!$A$3:$FC$999999,159,FALSE),0) -> 0 | CQ50: 0 | CS50: 0 | CT50: 11300 | CU50: 225887 | CV50: 94920 | CW50: 130967
A51: 1680-200-24 | L51: 1 | N51: 1 | P51: All Channels | R51: =IF(L51+N51>0,1,0) -> 1 | S51: =IF(M51+O51>0,1,0) -> 0 | T51: ADD | U51: ADD | V51: Elana is a botanical design and the current botanical (Bali) is doing well | W51: APPT. BOOKS/PLANNERS | X51: ELENA SM WM FROSTED POLY | Z51: WEEKLY APPOINTMENT BOOK | AA51: RY | AB51: ELENA | AC51: FASHION | AE51: POLY | AF51: ACCO | AG51: CAMBRIDGE | AH51: WEEKLY/MONTHLY | AI51: SMALL | AL51: INLINE FASHION | AN51: INLINE FASHION | AO51: 1000 | AQ51: MAY | AS51: 6.82 | AT51: 6.82 | AV51: =IFERROR(((AS51-AU51)/AU51),"") | AX51: 15.99 | BB51: =IFERROR(((AX51-AS51)/AX51),"") -> 0.57348343 | BO51: 5 | BP51: 5000 | BZ51: 1000 | CJ51: =IFERROR(VLOOKUP($E51,[2]ECOM!$A$3:$FC$999999,158,FALSE),0) -> 0 | CK51: =IFERROR(VLOOKUP($E51,[2]ECOM!$A$3:$FC$999999,159,FALSE),0) -> 0 | CQ51: 0 | CS51: 0 | CT51: 6000 | CU51: 95940 | CV51: 40920 | CW51: 55020
A52: 1681-905-24 | L52: 1 | N52: 1 | P52: All Channels | R52: =IF(L52+N52>0,1,0) -> 1 | S52: =IF(M52+O52>0,1,0) -> 0 | T52: ADD | U52: ADD | W52: APPT. BOOKS/PLANNERS | X52: THICKET LG WM FROSTED POLY | Z52: WEEKLY APPOINTMENT BOOK | AA52: RY | AB52: THICKET | AC52: FASHION | AE52: POLY | AF52: ACCO | AG52: CAMBRIDGE | AH52: WEEKLY/MONTHLY | AI52: LARGE | AL52: INLINE FASHION | AN52: INLINE FASHION | AO52: 1000 | AQ52: MAY | AS52: 8.4 | AT52: 8.4 | AV52: =IFERROR(((AS52-AU52)/AU52),"") | AX52: 19.99 | BB52: =IFERROR(((AX52-AS52)/AX52),"") -> 0.57978989 | BO52: 5 | BP52: 5000 | BZ52: 3300 | CJ52: =IFERROR(VLOOKUP($E52,[2]ECOM!$A$3:$FC$999999,158,FALSE),0) -> 0 | CK52: =IFERROR(VLOOKUP($E52,[2]ECOM!$A$3:$FC$999999,159,FALSE),0) -> 0 | CQ52: 0 | CS52: 0 | CT52: 8300 | CU52: 165917 | CV52: 69720 | CW52: 96197
A53: 1681-200-24 | L53: 1 | N53: 1 | P53: All Channels | R53: =IF(L53+N53>0,1,0) -> 1 | S53: =IF(M53+O53>0,1,0) -> 0 | T53: ADD | U53: ADD | W53: APPT. BOOKS/PLANNERS | X53: THICKET SM WM FROSTED POLY | Z53: WEEKLY APPOINTMENT BOOK | AA53: RY | AB53: THICKET | AC53: FASHION | AE53: POLY | AF53: ACCO | AG53: CAMBRIDGE | AH53: WEEKLY/MONTHLY | AI53: SMALL | AL53: INLINE FASHION | AN53: INLINE FASHION | AO53: 1000 | AQ53: MAY | AS53: 6.82 | AT53: 6.82 | AV53: =IFERROR(((AS53-AU53)/AU53),"") | AX53: 15.99 | BB53: =IFERROR(((AX53-AS53)/AX53),"") -> 0.57348343 | BO53: 6.5 | BP53: 6500 | BZ53: 1000 | CJ53: =IFERROR(VLOOKUP($E53,[2]ECOM!$A$3:$FC$999999,158,FALSE),0) -> 0 | CK53: =IFERROR(VLOOKUP($E53,[2]ECOM!$A$3:$FC$999999,159,FALSE),0) -> 0 | CQ53: 0 | CS53: 0 | CT53: 7500 | CU53: 119925 | CV53: 51150 | CW53: 68775
B54: 1099-805-19-23 | E54: 5707518 | I54: 1 | J54: 1 | K54: 3 | M54: 1 | O54: 1 | Q54: All Channels | R54: =IF(L54+N54>0,1,0) -> 0 | S54: =IF(M54+O54>0,1,0) -> 1 | T54: DROP | U54: DROP | V54: replace with medium blue | W54: APPT. BOOKS/PLANNERS | X54: F,AAG HARMONY MED WM POLY LILAC,23 | Z54: WEEKLY APPOINTMENT BOOK | AA54: RY | AB54: HARMONY | AC54: FASHION | AE54: POLY | AF54: ACCO | AG54: AT-A-GLANCE | AH54: WEEKLY/MONTHLY | AI54: Medium | AM54: INLINE FASHION | AN54: INLINE FASHION | AP54: 1021 | AR54: MAY | AU54: 10.77 | AV54: =IFERROR(((AS54-AU54)/AU54),"") -> -1 | AW54: 10.77 | AY54: 24.99 | BA54: 23.59 | BB54: =IFERROR(((AX54-AS54)/AX54),"") | BC54: =IFERROR(((AY54-AU54)/AY54),"") -> 0.56902761 | BF54: 534 | BG54: 5751.18 | BH54: 0.124 | BK54: 4306.4516 | BL54: 107618.23 | BM54: 46380.484 | BN54: 4.2178762 | BS54: 90 | BT54: 969.3 | BU54: 0.1 | BW54: 900 | BY54: 9693 | CJ54: =IFERROR(VLOOKUP($E54,[2]ECOM!$A$3:$FC$999999,158,FALSE),0) -> 674.66667 | CK54: =IFERROR(VLOOKUP($E54,[2]ECOM!$A$3:$FC$999999,159,FALSE),0) -> 766.66667 | CQ54: 5206.4516 | CS54: 56073.484 | CT54: 0 | CU54: 0 | CV54: 0 | CW54: 0
B55: 1099-905-12-23 | E55: 9050309 | I55: 1 | J55: 1 | K55: 5 | M55: 1 | O55: 1 | Q55: All Channels | R55: =IF(L55+N55>0,1,0) -> 0 | S55: =IF(M55+O55>0,1,0) -> 1 | T55: DROP | U55: DROP | V55: replace with medium pink | W55: APPT. BOOKS/PLANNERS | X55: F,AAG W/M HARMONY LRG POLY TEAL,23 | Z55: WEEKLY APPOINTMENT BOOK | AA55: RY | AB55: HARMONY | AC55: FASHION | AE55: Poly | AF55: ACCO | AG55: AT-A-GLANCE | AH55: WEEKLY/MONTHLY | AI55: LARGE | AM55: INLINE FASHION | AN55: INLINE FASHION | AP55: 1021 | AR55: MAY | AU55: 11.98 | AV55: =IFERROR(((AS55-AU55)/AU55),"") -> -1 | AW55: 11.98 | AY55: 26.99 | BA55: 26.19 | BB55: =IFERROR(((AX55-AS55)/AX55),"") | BC55: =IFERROR(((AY55-AU55)/AY55),"") -> 0.5561319 | BF55: 296 | BG55: 3546.08 | BH55: 0.124 | BK55: 2387.0968 | BL55: 64427.742 | BM55: 28597.419 | BN55: 2.3379988 | BS55: 108 | BT55: 1293.84 | BU55: 0.1 | BW55: 1080 | BY55: 12938.4 | CJ55: =IFERROR(VLOOKUP($E55,[2]ECOM!$A$3:$FC$999999,158,FALSE),0) -> 220 | CK55: =IFERROR(VLOOKUP($E55,[2]ECOM!$A$3:$FC$999999,159,FALSE),0) -> 250 | CQ55: 3467.0968 | CS55: 41535.819 | CT55: 0 | CU55: 0 | CV55: 0 | CW55: 0
B56: 1099-905-19-23 | E56: 6797758 | I56: 1 | J56: 1 | K56: 4 | M56: 1 | O56: 1 | Q56: All Channels | R56: =IF(L56+N56>0,1,0) -> 0 | S56: =IF(M56+O56>0,1,0) -> 1 | T56: DROP | U56: DROP | V56: replace with large blue | W56: APPT. BOOKS/PLANNERS | X56: F,AAG W/M HARMONY LRG POLY LILAC,23 | Z56: WEEKLY APPOINTMENT BOOK | AA56: RY | AB56: HARMONY | AC56: FASHION | AE56: POLY | AF56: ACCO | AG56: AT-A-GLANCE | AH56: WEEKLY/MONTHLY | AI56: LARGE | AM56: INLINE FASHION | AN56: INLINE FASHION | AP56: 1021 | AR56: MAY | AU56: 11.98 | AV56: =IFERROR(((AS56-AU56)/AU56),"") -> -1 | AW56: 11.98 | AY56: 26.99 | BA56: 26.19 | BB56: =IFERROR(((AX56-AS56)/AX56),"") | BC56: =IFERROR(((AY56-AU56)/AY56),"") -> 0.5561319 | BF56: 517 | BG56: 6193.66 | BH56: 0.124 | BK56: 4169.3548 | BL56: 112530.89 | BM56: 49948.871 | BN56: 4.0835993 | BS56: 112 | BT56: 1341.76 | BU56: 0.1 | BW56: 1120 | BY56: 13417.6 | CJ56: =IFERROR(VLOOKUP($E56,[2]ECOM!$A$3:$FC$999999,158,FALSE),0) -> 286 | CK56: =IFERROR(VLOOKUP($E56,[2]ECOM!$A$3:$FC$999999,159,FALSE),0) -> 325 | CQ56: 5289.3548 | CS56: 63366.471 | CT56: 0 | CU56: 0 | CV56: 0 | CW56: 0
B57: 1634-200-23 | E57: 6043621 | I57: 1 | J57: 6 | K57: 4 | M57: 1 | O57: 1 | Q57: All Channels | R57: =IF(L57+N57>0,1,0) -> 0 | S57: =IF(M57+O57>0,1,0) -> 1 | T57: DROP | U57: DROP | W57: APPT. BOOKS/PLANNERS | X57: F,CAMBR BLAKE SM WM FRST PLY,23 | Z57: WEEKLY APPOINTMENT BOOK | AA57: RY | AB57: BLAKE | AC57: FASHION | AE57: Poly | AF57: ACCO | AG57: CAMBRIDGE | AH57: WEEKLY/MONTHLY | AI57: SMALL | AM57: INLINE FASHION | AN57: INLINE FASHION | AP57: 1021 | AR57: MAY | AU57: 6.82 | AV57: =IFERROR(((AS57-AU57)/AU57),"") -> -1 | AW57: 6.82 | AY57: 15.99 | BA57: 15.19 | BB57: =IFERROR(((AX57-AS57)/AX57),"") | BC57: =IFERROR(((AY57-AU57)/AY57),"") -> 0.57348343 | BF57: 952 | BG57: 6492.64 | BH57: 0.124 | BK57: 7677.4194 | BL57: 122761.94 | BM57: 52360 | BN57: 7.5195097 | BS57: 113 | BT57: 770.66 | BU57: 0.1 | BW57: 1130 | BY57: 7706.6 | CJ57: =IFERROR(VLOOKUP($E57,[2]ECOM!$A$3:$FC$999999,158,FALSE),0) -> 410.66667 | CK57: =IFERROR(VLOOKUP($E57,[2]ECOM!$A$3:$FC$999999,159,FALSE),0) -> 466.66667 | CQ57: 8807.4194 | CS57: 60066.6 | CT57: 0 | CU57: 0 | CV57: 0 | CW57: 0
B58: 1634-905-23 | E58: 7155733 | I58: 1 | J58: 6 | K58: 3 | M58: 1 | O58: 1 | Q58: All Channels | R58: =IF(L58+N58>0,1,0) -> 0 | S58: =IF(M58+O58>0,1,0) -> 1 | T58: DROP | U58: DROP | W58: APPT. BOOKS/PLANNERS | X58: F,CAMBR W/M BLAKE LRG FRST PLY,23 | Z58: WEEKLY APPOINTMENT BOOK | AA58: RY | AB58: BLAKE | AC58: FASHION | AE58: Poly | AF58: ACCO | AG58: CAMBRIDGE | AH58: WEEKLY/MONTHLY | AI58: LARGE | AM58: INLINE FASHION | AN58: INLINE FASHION | AP58: 1021 | AR58: MAY | AU58: 8.32 | AV58: =IFERROR(((AS58-AU58)/AU58),"") -> -1 | AW58: 8.32 | AY58: 18.99 | BA58: 18.49 | BB58: =IFERROR(((AX58-AS58)/AX58),"") | BC58: =IFERROR(((AY58-AU58)/AY58),"") -> 0.56187467 | BF58: 709 | BG58: 5898.88 | BH58: 0.124 | BK58: 5717.7419 | BL58: 108579.92 | BM58: 47571.613 | BN58: 5.600139 | BS58: 424 | BT58: 3527.68 | BU58: 0.1 | BW58: 4240 | BY58: 35276.8 | CJ58: =IFERROR(VLOOKUP($E58,[2]ECOM!$A$3:$FC$999999,158,FALSE),0) -> 425.33333 | CK58: =IFERROR(VLOOKUP($E58,[2]ECOM!$A$3:$FC$999999,159,FALSE),0) -> 483.33333 | CQ58: 9957.7419 | CS58: 82848.413 | CT58: 0 | CU58: 0 | CV58: 0 | CW58: 0
B59: 1635-200-23 | E59: 9667335 | I59: 1 | J59: 3 | K59: 6 | M59: 1 | O59: 1 | Q59: All Channels | R59: =IF(L59+N59>0,1,0) -> 0 | S59: =IF(M59+O59>0,1,0) -> 1 | T59: DROP | U59: DROP | W59: APPT. BOOKS/PLANNERS | X59: F,CAMBR PRECIOUS SM WM FRST PLY,23 | Z59: WEEKLY APPOINTMENT BOOK | AA59: RY | AB59: PRECIOUS | AC59: FASHION | AE59: POLY | AF59: ACCO | AG59: CAMBRIDGE | AH59: WEEKLY/MONTHLY | AI59: SMALL | AM59: INLINE FASHION | AN59: INLINE FASHION | AP59: 1021 | AR59: MAY | AU59: 6.82 | AV59: =IFERROR(((AS59-AU59)/AU59),"") -> -1 | AW59: 6.82 | AY59: 15.99 | BA59: 15.19 | BB59: =IFERROR(((AX59-AS59)/AX59),"") | BC59: =IFERROR(((AY59-AU59)/AY59),"") -> 0.57348343 | BF59: 807 | BG59: 5503.74 | BH59: 0.124 | BK59: 6508.0645 | BL59: 104063.95 | BM59: 44385 | BN59: 6.3742062 | BS59: 101 | BT59: 688.82 | BU59: 0.1 | BW59: 1010 | BY59: 6888.2 | CJ59: =IFERROR(VLOOKUP($E59,[2]ECOM!$A$3:$FC$999999,158,FALSE),0) -> 95.333333 | CK59: =IFERROR(VLOOKUP($E59,[2]ECOM!$A$3:$FC$999999,159,FALSE),0) -> 108.33333 | CQ59: 7518.0645 | CS59: 51273.2 | CT59: 0 | CU59: 0 | CV59: 0 | CW59: 0
B60: 1635-905-23 | E60: 5488749 | I60: 1 | J60: 3 | K60: 5 | M60: 1 | O60: 1 | Q60: All Channels | R60: =IF(L60+N60>0,1,0) -> 0 | S60: =IF(M60+O60>0,1,0) -> 1 | T60: DROP | U60: DROP | W60: APPT. BOOKS/PLANNERS | X60: F,CAMBR W/M PRECIOUS LRG FRST PLY,23 | Z60: WEEKLY APPOINTMENT BOOK | AA60: RY | AB60: PRECIOUS | AC60: FASHION | AE60: POLY | AF60: ACCO | AG60: CAMBRIDGE | AH60: WEEKLY/MONTHLY | AI60: LARGE | AM60: INLINE FASHION | AN60: INLINE FASHION | AP60: 1021 | AR60: MAY | AU60: 8.32 | AV60: =IFERROR(((AS60-AU60)/AU60),"") -> -1 | AW60: 8.32 | AY60: 18.99 | BA60: 18.49 | BB60: =IFERROR(((AX60-AS60)/AX60),"") | BC60: =IFERROR(((AY60-AU60)/AY60),"") -> 0.56187467 | BF60: 562 | BG60: 4675.84 | BH60: 0.124 | BK60: 4532.2581 | BL60: 86067.581 | BM60: 37708.387 | BN60: 4.4390383 | BS60: 243 | BT60: 2021.76 | BU60: 0.1 | BW60: 2430 | BY60: 20217.6 | CJ60: =IFERROR(VLOOKUP($E60,[2]ECOM!$A$3:$FC$999999,158,FALSE),0) -> 139.33333 | CK60: =IFERROR(VLOOKUP($E60,[2]ECOM!$A$3:$FC$999999,159,FALSE),0) -> 158.33333 | CQ60: 6962.2581 | CS60: 57925.987 | CT60: 0 | CU60: 0 | CV60: 0 | CW60: 0
B61: 1640-201-23 | E61: 6016692 | I61: 1 | J61: 3 | K61: 4 | M61: 1 | O61: 1 | Q61: All Channels | R61: =IF(L61+N61>0,1,0) -> 0 | S61: =IF(M61+O61>0,1,0) -> 1 | T61: DROP | U61: DROP | W61: APPT. BOOKS/PLANNERS | X61: F,CAMBR BALI SM WM CYO,23 | Z61: WEEKLY APPOINTMENT BOOK | AA61: RY | AB61: BALI | AC61: FASHION | AE61: CYO | AF61: ACCO | AG61: CAMBRIDGE | AH61: WEEKLY/MONTHLY | AI61: SMALL | AM61: INLINE FASHION | AN61: INLINE FASHION | AP61: 1021 | AR61: MAY | AU61: 6.82 | AV61: =IFERROR(((AS61-AU61)/AU61),"") -> -1 | AW61: 6.82 | AY61: 15.99 | BA61: 15.19 | BB61: =IFERROR(((AX61-AS61)/AX61),"") | BC61: =IFERROR(((AY61-AU61)/AY61),"") -> 0.57348343 | BF61: 672 | BG61: 4583.04 | BH61: 0.124 | BK61: 5419.3548 | BL61: 86655.484 | BM61: 36960 | BN61: 5.3078892 | BS61: 105 | BT61: 716.1 | BU61: 0.1 | BW61: 1050 | BY61: 7161 | CJ61: =IFERROR(VLOOKUP($E61,[2]ECOM!$A$3:$FC$999999,158,FALSE),0) -> 608.66667 | CK61: =IFERROR(VLOOKUP($E61,[2]ECOM!$A$3:$FC$999999,159,FALSE),0) -> 691.66667 | CQ61: 6469.3548 | CS61: 44121 | CT61: 0 | CU61: 0 | CV61: 0 | CW61: 0
B62: 1640-901-23 | E62: 6766182 | I62: 1 | J62: 3 | K62: 3 | M62: 1 | O62: 1 | Q62: All Channels | R62: =IF(L62+N62>0,1,0) -> 0 | S62: =IF(M62+O62>0,1,0) -> 1 | T62: DROP | U62: DROP | W62: APPT. BOOKS/PLANNERS | X62: F,CAMBR BALI LG WM CYO,23 | Z62: WEEKLY APPOINTMENT BOOK | AA62: RY | AB62: BALI | AC62: FASHION | AE62: CYO | AF62: ACCO | AG62: CAMBRIDGE | AH62: WEEKLY/MONTHLY | AI62: LARGE | AM62: INLINE FASHION | AN62: INLINE FASHION | AP62: 1043 | AR62: MAY | AU62: 8.32 | AV62: =IFERROR(((AS62-AU62)/AU62),"") -> -1 | AW62: 8.32 | AY62: 18.99 | BA62: 18.49 | BB62: =IFERROR(((AX62-AS62)/AX62),"") | BC62: =IFERROR(((AY62-AU62)/AY62),"") -> 0.56187467 | BF62: 1058 | BG62: 8802.56 | BH62: 0.124 | BK62: 8532.2581 | BL62: 162027.58 | BM62: 70988.387 | BN62: 8.1804967 | BS62: 329 | BT62: 2737.28 | BU62: 0.1 | BW62: 3290 | BY62: 27372.8 | CJ62: =IFERROR(VLOOKUP($E62,[2]ECOM!$A$3:$FC$999999,158,FALSE),0) -> 858 | CK62: =IFERROR(VLOOKUP($E62,[2]ECOM!$A$3:$FC$999999,159,FALSE),0) -> 975 | CQ62: 11822.258 | CS62: 98361.187 | CT62: 0 | CU62: 0 | CV62: 0 | CW62: 0
B63: 1641F-200-23 | E63: 4934653 | I63: 2 | J63: 1 | K63: 1 | M63: 1 | O63: 1 | Q63: All Channels | R63: =IF(L63+N63>0,1,0) -> 0 | S63: =IF(M63+O63>0,1,0) -> 1 | T63: DROP | U63: DROP | W63: APPT. BOOKS/PLANNERS | X63: F,AAG W/M BADGE SML FLORL,23 | Z63: WEEKLY APPOINTMENT BOOK | AA63: RY | AB63: BADGE | AC63: FASHION | AE63: POLY | AF63: ACCO | AG63: AT-A-GLANCE | AH63: WEEKLY/MONTHLY | AI63: SMALL | AM63: INLINE FASHION | AN63: INLINE FASHION | AP63: 1043 | AR63: MAY | AU63: 9.85 | AV63: =IFERROR(((AS63-AU63)/AU63),"") -> -1 | AW63: 9.85 | AY63: 21.99 | BA63: 21.59 | BB63: =IFERROR(((AX63-AS63)/AX63),"") | BC63: =IFERROR(((AY63-AU63)/AY63),"") -> 0.55206912 | BF63: 945 | BG63: 9308.25 | BH63: 0.124 | BK63: 7620.9677 | BL63: 167585.08 | BM63: 75066.532 | BN63: 7.3067764 | BS63: 126 | BT63: 1241.1 | BU63: 0.1 | BW63: 1260 | BY63: 12411 | CJ63: =IFERROR(VLOOKUP($E63,[2]ECOM!$A$3:$FC$999999,158,FALSE),0) -> 234.66667 | CK63: =IFERROR(VLOOKUP($E63,[2]ECOM!$A$3:$FC$999999,159,FALSE),0) -> 266.66667 | CQ63: 8880.9677 | CS63: 87477.532 | CT63: 0 | CU63: 0 | CV63: 0 | CW63: 0
B64: 1641F-905-23 | E64: 6296164 | I64: 2 | J64: 1 | K64: 2 | M64: 1 | O64: 1 | Q64: All Channels | R64: =IF(L64+N64>0,1,0) -> 0 | S64: =IF(M64+O64>0,1,0) -> 1 | T64: DROP | U64: DROP | W64: APPT. BOOKS/PLANNERS | X64: F,AAG W/M BADGE LRG FLORL,23 | Z64: WEEKLY APPOINTMENT BOOK | AA64: RY | AB64: BADGE | AC64: FASHION | AE64: POLY | AF64: ACCO | AG64: AT-A-GLANCE | AH64: WEEKLY/MONTHLY | AI64: LARGE | AM64: INLINE FASHION | AN64: INLINE FASHION | AP64: 1043 | AR64: MAY | AU64: 11.98 | AV64: =IFERROR(((AS64-AU64)/AU64),"") -> -1 | AW64: 11.98 | AY64: 26.99 | BA64: 26.19 | BB64: =IFERROR(((AX64-AS64)/AX64),"") | BC64: =IFERROR(((AY64-AU64)/AY64),"") -> 0.5561319 | BF64: 755 | BG64: 9044.9 | BH64: 0.124 | BK64: 6088.7097 | BL64: 164334.27 | BM64: 72942.742 | BN64: 5.837689 | BS64: 624 | BT64: 7475.52 | BU64: 0.1 | BW64: 6240 | BY64: 74755.2 | CJ64: =IFERROR(VLOOKUP($E64,[2]ECOM!$A$3:$FC$999999,158,FALSE),0) -> 821.33333 | CK64: =IFERROR(VLOOKUP($E64,[2]ECOM!$A$3:$FC$999999,159,FALSE),0) -> 933.33333 | CQ64: 12328.71 | CS64: 147697.94 | CT64: 0 | CU64: 0 | CV64: 0 | CW64: 0
B65: 1641H-200-23 | E65: 5824743 | I65: 1 | J65: 3 | K65: 2 | M65: 1 | O65: 1 | Q65: All Channels | R65: =IF(L65+N65>0,1,0) -> 0 | S65: =IF(M65+O65>0,1,0) -> 1 | T65: DROP | U65: DROP | W65: APPT. BOOKS/PLANNERS | X65: F,AAG W/M BADGE SML HANDDRAWN GEO,23 | Z65: WEEKLY APPOINTMENT BOOK | AA65: RY | AB65: BADGE | AC65: FASHION | AE65: POLY | AF65: ACCO | AG65: AT-A-GLANCE | AH65: WEEKLY/MONTHLY | AI65: SMALL | AM65: INLINE FASHION | AN65: INLINE FASHION | AP65: 1021 | AR65: MAY | AU65: 9.85 | AV65: =IFERROR(((AS65-AU65)/AU65),"") -> -1 | AW65: 9.85 | AY65: 21.99 | BA65: 21.59 | BB65: =IFERROR(((AX65-AS65)/AX65),"") | BC65: =IFERROR(((AY65-AU65)/AY65),"") -> 0.55206912 | BF65: 534 | BG65: 5259.9 | BH65: 0.124 | BK65: 4306.4516 | BL65: 94698.871 | BM65: 42418.548 | BN65: 4.2178762 | BS65: 25 | BT65: 246.25 | BU65: 0.1 | BW65: 250 | BY65: 2462.5 | CJ65: =IFERROR(VLOOKUP($E65,[2]ECOM!$A$3:$FC$999999,158,FALSE),0) -> 95.333333 | CK65: =IFERROR(VLOOKUP($E65,[2]ECOM!$A$3:$FC$999999,159,FALSE),0) -> 108.33333 | CQ65: 4556.4516 | CS65: 44881.048 | CT65: 0 | CU65: 0 | CV65: 0 | CW65: 0
B66: 1641H-905-23 | E66: 9825181 | I66: 1 | J66: 3 | K66: 1 | M66: 1 | O66: 1 | Q66: All Channels | R66: =IF(L66+N66>0,1,0) -> 0 | S66: =IF(M66+O66>0,1,0) -> 1 | T66: DROP | U66: DROP | W66: APPT. BOOKS/PLANNERS | X66: F,AAG BADGE LG WM HNDDRWN GEO,23 | Z66: WEEKLY APPOINTMENT BOOK | AA66: RY | AB66: BADGE | AC66: FASHION | AE66: POLY | AF66: ACCO | AG66: AT-A-GLANCE | AH66: WEEKLY/MONTHLY | AI66: LARGE | AM66: INLINE FASHION | AN66: INLINE FASHION | AP66: 1043 | AR66: MAY | AU66: 11.98 | AV66: =IFERROR(((AS66-AU66)/AU66),"") -> -1 | AW66: 11.98 | AY66: 26.99 | BA66: 26.19 | BB66: =IFERROR(((AX66-AS66)/AX66),"") | BC66: =IFERROR(((AY66-AU66)/AY66),"") -> 0.5561319 | BF66: 268 | BG66: 3210.64 | BH66: 0.124 | BK66: 2161.2903 | BL66: 58333.226 | BM66: 25892.258 | BN66: 2.0721863 | BS66: 218 | BT66: 2611.64 | BU66: 0.1 | BW66: 2180 | BY66: 26116.4 | CJ66: =IFERROR(VLOOKUP($E66,[2]ECOM!$A$3:$FC$999999,158,FALSE),0) -> 205.33333 | CK66: =IFERROR(VLOOKUP($E66,[2]ECOM!$A$3:$FC$999999,159,FALSE),0) -> 233.33333 | CQ66: 4341.2903 | CS66: 52008.658 | CT66: 0 | CU66: 0 | CV66: 0 | CW66: 0
A67: 6099-806-59-24 | B67: 6099-806-59-23 | C67: 6099-806-59-22 | E67: 7349115 | I67: 1 | J67: 1 | K67: 2 | L67: 1 | M67: 1 | N67: 1 | O67: 1 | P67: All Channels | Q67: All Channels | R67: =IF(L67+N67>0,1,0) -> 1 | S67: =IF(M67+O67>0,1,0) -> 1 | T67: KEEP | U67: KEEP | W67: APPT. BOOKS/PLANNERS | X67: F,AAG HARMONY HC MED DM BERRY,23 | Z67: DAILY APPOINTMENT BOOK | AA67: RY | AB67: HARMONY | AC67: FASHION | AE67: HARDCOVER | AF67: ACCO | AG67: AT-A-GLANCE | AH67: DAILY | AI67: MEDIUM | AL67: INLINE FASHION | AM67: INLINE FASHION | AN67: INLINE FASHION | AO67: 1000 | AP67: 1021 | AQ67: MAY | AR67: MAY | AS67: 16.7134 | AT67: 16.7134 | AU67: 15.62 | AV67: =IFERROR(((AS67-AU67)/AU67),"") -> 0.07 | AW67: 15.62 | AX67: 40.99 | AY67: 37.99 | BA67: 42.19 | BB67: =IFERROR(((AX67-AS67)/AX67),"") -> 0.59225665 | BC67: =IFERROR(((AY67-AU67)/AY67),"") -> 0.58883917 | BF67: 322 | BG67: 5029.64 | BH67: 0.124 | BI67: 2434 | BJ67: 2.1520778 | BK67: 2596.7742 | BL67: 98651.452 | BM67: 40561.613 | BN67: 2.5433636 | BO67: 2.5433636 | BP67: 2543.3636 | BS67: 125 | BT67: 1952.5 | BU67: 0.1 | BV67: 396 | BW67: 1250 | BY67: 19525 | BZ67: 500 | CJ67: =IFERROR(VLOOKUP($E67,[2]ECOM!$A$3:$FC$999999,158,FALSE),0) -> 396 | CK67: =IFERROR(VLOOKUP($E67,[2]ECOM!$A$3:$FC$999999,159,FALSE),0) -> 450 | CQ67: 3846.7742 | CS67: 60086.613 | CT67: 3043.3636 | CU67: 124747.47 | CV67: 50864.953 | CW67: 73882.52
B68: 6099-905-59-23 | C68: 6099-905-59-22 | E68: 9599339 | I68: 1 | J68: 1 | K68: 1 | M68: 1 | Q68: Retail Only BOPIS | R68: =IF(L68+N68>0,1,0) -> 0 | S68: =IF(M68+O68>0,1,0) -> 1 | T68: DROP | V68: Drop hardcover and replace with poly (pink cover) 1099-905-27-24 | W68: APPT. BOOKS/PLANNERS | X68: F,AAG HARMONY HC LG WM BERRY,23 | Z68: WEEKLY APPOINTMENT BOOK | AA68: RY | AB68: HARMONY | AC68: FASHION | AE68: HARDCOVER | AF68: ACCO | AG68: AT-A-GLANCE | AH68: WEEKLY/MONTHLY | AI68: LARGE | AM68: INLINE FASHION | AN68: INLINE FASHION | AP68: 1021 | AR68: MAY | AU68: 15.56 | AV68: =IFERROR(((AS68-AU68)/AU68),"") -> -1 | AW68: 15.56 | AY68: 34.99 | BA68: 41.89 | BB68: =IFERROR(((AX68-AS68)/AX68),"") | BC68: =IFERROR(((AY68-AU68)/AY68),"") -> 0.55530151 | BF68: 229 | BG68: 3563.24 | BH68: 0.124 | BI68: 2654 | BJ68: 2.3465959 | BK68: 1846.7742 | BL68: 64618.629 | BM68: 28735.806 | BN68: 1.8087896 | BS68: 56 | BT68: 871.36 | BU68: 0.1 | BW68: 560 | BY68: 8713.6 | CJ68: =IFERROR(VLOOKUP($E68,[2]ECOM!$A$3:$FC$999999,158,FALSE),0) -> 80.666667 | CK68: =IFERROR(VLOOKUP($E68,[2]ECOM!$A$3:$FC$999999,159,FALSE),0) -> 91.666667 | CQ68: 2406.7742 | CS68: 37449.406 | CT68: 0 | CU68: 0 | CV68: 0 | CW68: 0
B69: EL90-200-23 | E69: 8048081 | I69: 1 | J69: 2 | K69: 6 | M69: 1 | O69: 1 | Q69: All Channels | R69: =IF(L69+N69>0,1,0) -> 0 | S69: =IF(M69+O69>0,1,0) -> 1 | T69: DROP | U69: DROP | W69: APPT. BOOKS/PLANNERS | X69: F,AAG EL SM WM POLY HAPPY STRIPE,23 | Z69: WEEKLY APPOINTMENT BOOK | AA69: RY | AB69: EMILY LEY | AC69: FASHION | AE69: POLY | AF69: ACCO | AG69: AT-A-GLANCE | AH69: WEEKLY/MONTHLY | AI69: SMALL | AM69: INLINE FASHION | AN69: INLINE FASHION | AP69: 1021 | AR69: MAY | AU69: 8.76 | AV69: =IFERROR(((AS69-AU69)/AU69),"") -> -1 | AW69: 8.76 | AY69: 19.99 | BA69: 19.19 | BB69: =IFERROR(((AX69-AS69)/AX69),"") | BC69: =IFERROR(((AY69-AU69)/AY69),"") -> 0.56178089 | BF69: 471 | BG69: 4125.96 | BH69: 0.124 | BK69: 3798.3871 | BL69: 75929.758 | BM69: 33273.871 | BN69: 3.7202616 | BS69: 73 | BT69: 639.48 | BU69: 0.1 | BW69: 730 | BY69: 6394.8 | CJ69: =IFERROR(VLOOKUP($E69,[2]ECOM!$A$3:$FC$999999,158,FALSE),0) -> 242 | CK69: =IFERROR(VLOOKUP($E69,[2]ECOM!$A$3:$FC$999999,159,FALSE),0) -> 275 | CQ69: 4528.3871 | CS69: 39668.671 | CT69: 0 | CU69: 0 | CV69: 0 | CW69: 0
B70: EL90-905-23 | E70: 6076919 | I70: 1 | J70: 2 | K70: 5 | M70: 1 | O70: 1 | Q70: All Channels | R70: =IF(L70+N70>0,1,0) -> 0 | S70: =IF(M70+O70>0,1,0) -> 1 | T70: DROP | U70: DROP | W70: APPT. BOOKS/PLANNERS | X70: F,AAG EL LG WM POLY HAPPY STRIPE,23 | Z70: WEEKLY APPOINTMENT BOOK | AA70: RY | AB70: EMILY LEY | AC70: FASHION | AE70: POLY | AF70: ACCO | AG70: AT-A-GLANCE | AH70: WEEKLY/MONTHLY | AI70: LARGE | AM70: INLINE FASHION | AN70: INLINE FASHION | AP70: 1021 | AR70: MAY | AU70: 12.9 | AV70: =IFERROR(((AS70-AU70)/AU70),"") -> -1 | AW70: 12.9 | AY70: 29.99 | BA70: 28.29 | BB70: =IFERROR(((AX70-AS70)/AX70),"") | BC70: =IFERROR(((AY70-AU70)/AY70),"") -> 0.56985662 | BF70: 735 | BG70: 9481.5 | BH70: 0.124 | BK70: 5927.4194 | BL70: 177763.31 | BM70: 76463.71 | BN70: 5.8055038 | BS70: 334 | BT70: 4308.6 | BU70: 0.1 | BW70: 3340 | BY70: 43086 | CJ70: =IFERROR(VLOOKUP($E70,[2]ECOM!$A$3:$FC$999999,158,FALSE),0) -> 645.33333 | CK70: =IFERROR(VLOOKUP($E70,[2]ECOM!$A$3:$FC$999999,159,FALSE),0) -> 733.33333 | CQ70: 9267.4194 | CS70: 119549.71 | CT70: 0 | CU70: 0 | CV70: 0 | CW70: 0
B71: EL91-201-23 | E71: 7938889 | I71: 1 | J71: 2 | K71: 4 | M71: 1 | O71: 1 | Q71: All Channels | R71: =IF(L71+N71>0,1,0) -> 0 | S71: =IF(M71+O71>0,1,0) -> 1 | T71: DROP | U71: DROP | W71: APPT. BOOKS/PLANNERS | X71: F,AAG EL SM WM CYO CAROLINA DOGWDS,23 | Z71: WEEKLY APPOINTMENT BOOK | AA71: RY | AB71: EMILY LEY | AC71: FASHION | AE71: cyo | AF71: ACCO | AG71: AT-A-GLANCE | AH71: WEEKLY/MONTHLY | AI71: SMALL | AM71: INLINE FASHION | AN71: INLINE FASHION | AP71: 1043 | AR71: MAY | AU71: 9.17 | AV71: =IFERROR(((AS71-AU71)/AU71),"") -> -1 | AW71: 9.17 | AY71: 19.99 | BA71: 20.09 | BB71: =IFERROR(((AX71-AS71)/AX71),"") | BC71: =IFERROR(((AY71-AU71)/AY71),"") -> 0.54127064 | BF71: 494 | BG71: 4529.98 | BH71: 0.124 | BK71: 3983.871 | BL71: 79637.581 | BM71: 36532.097 | BN71: 3.819627 | BS71: 108 | BT71: 990.36 | BU71: 0.1 | BW71: 1080 | BY71: 9903.6 | CJ71: =IFERROR(VLOOKUP($E71,[2]ECOM!$A$3:$FC$999999,158,FALSE),0) -> 535.33333 | CK71: =IFERROR(VLOOKUP($E71,[2]ECOM!$A$3:$FC$999999,159,FALSE),0) -> 608.33333 | CQ71: 5063.871 | CS71: 46435.697 | CT71: 0 | CU71: 0 | CV71: 0 | CW71: 0
B72: EL91-901-23 | E72: 7246902 | I72: 1 | J72: 2 | K72: 3 | M72: 1 | O72: 1 | Q72: All Channels | R72: =IF(L72+N72>0,1,0) -> 0 | S72: =IF(M72+O72>0,1,0) -> 1 | T72: DROP | U72: DROP | W72: APPT. BOOKS/PLANNERS | X72: F,AAG EL LG WM CYO CAROLINA DOGWDS,23 | Z72: WEEKLY APPOINTMENT BOOK | AA72: RY | AB72: EMILY LEY | AC72: FASHION | AE72: cyo | AF72: ACCO | AG72: AT-A-GLANCE | AH72: WEEKLY/MONTHLY | AI72: LARGE | AM72: INLINE FASHION | AN72: INLINE FASHION | AP72: 1043 | AR72: MAY | AU72: 13.17 | AV72: =IFERROR(((AS72-AU72)/AU72),"") -> -1 | AW72: 13.17 | AY72: 29.99 | BA72: 28.89 | BB72: =IFERROR(((AX72-AS72)/AX72),"") | BC72: =IFERROR(((AY72-AU72)/AY72),"") -> 0.56085362 | BF72: 443 | BG72: 5834.31 | BH72: 0.124 | BK72: 3572.5806 | BL72: 107141.69 | BM72: 47050.887 | BN72: 3.425293 | BS72: 275 | BT72: 3621.75 | BU72: 0.1 | BW72: 2750 | BY72: 36217.5 | CJ72: =IFERROR(VLOOKUP($E72,[2]ECOM!$A$3:$FC$999999,158,FALSE),0) -> 1048.6667 | CK72: =IFERROR(VLOOKUP($E72,[2]ECOM!$A$3:$FC$999999,159,FALSE),0) -> 1191.6667 | CQ72: 6322.5806 | CS72: 83268.387 | CT72: 0 | CU72: 0 | CV72: 0 | CW72: 0
B73: EL94-200-23 | E73: 8584205 | I73: 1 | J73: 2 | K73: 2 | M73: 1 | O73: 1 | Q73: All Channels | R73: =IF(L73+N73>0,1,0) -> 0 | S73: =IF(M73+O73>0,1,0) -> 1 | T73: DROP | U73: DROP | W73: APPT. BOOKS/PLANNERS | X73: F,AAG EL SM WM EXT POLY NAVY LINEN,23 | Z73: WEEKLY APPOINTMENT BOOK | AA73: RY | AB73: EMILY LEY | AC73: FASHION | AE73: POLY | AF73: ACCO | AG73: AT-A-GLANCE | AH73: WEEKLY/MONTHLY | AI73: SMALL | AM73: INLINE FASHION | AN73: INLINE FASHION | AP73: 1021 | AR73: MAY | AU73: 8.76 | AV73: =IFERROR(((AS73-AU73)/AU73),"") -> -1 | AW73: 8.76 | AY73: 19.99 | BA73: 19.19 | BB73: =IFERROR(((AX73-AS73)/AX73),"") | BC73: =IFERROR(((AY73-AU73)/AY73),"") -> 0.56178089 | BF73: 325 | BG73: 2847 | BH73: 0.124 | BK73: 2620.9677 | BL73: 52393.145 | BM73: 22959.677 | BN73: 2.5670595 | BS73: 40 | BT73: 350.4 | BU73: 0.1 | BW73: 400 | BY73: 3504 | CJ73: =IFERROR(VLOOKUP($E73,[2]ECOM!$A$3:$FC$999999,158,FALSE),0) -> 73.333333 | CK73: =IFERROR(VLOOKUP($E73,[2]ECOM!$A$3:$FC$999999,159,FALSE),0) -> 83.333333 | CQ73: 3020.9677 | CS73: 26463.677 | CT73: 0 | CU73: 0 | CV73: 0 | CW73: 0
B74: EL94-905-23 | E74: 8273407 | I74: 1 | J74: 2 | K74: 1 | M74: 1 | O74: 1 | Q74: All Channels | R74: =IF(L74+N74>0,1,0) -> 0 | S74: =IF(M74+O74>0,1,0) -> 1 | T74: DROP | U74: DROP | W74: APPT. BOOKS/PLANNERS | X74: F,AAG EL LG WM EXT POLY NAVY LINEN,23 | Z74: WEEKLY APPOINTMENT BOOK | AA74: RY | AB74: EMILY LEY | AC74: FASHION | AE74: POLY | AF74: ACCO | AG74: AT-A-GLANCE | AH74: WEEKLY/MONTHLY | AI74: LARGE | AM74: INLINE FASHION | AN74: INLINE FASHION | AP74: 1021 | AR74: MAY | AU74: 12.9 | AV74: =IFERROR(((AS74-AU74)/AU74),"") -> -1 | AW74: 12.9 | AY74: 29.99 | BA74: 28.29 | BB74: =IFERROR(((AX74-AS74)/AX74),"") | BC74: =IFERROR(((AY74-AU74)/AY74),"") -> 0.56985662 | BF74: 198 | BG74: 2554.2 | BH74: 0.124 | BK74: 1596.7742 | BL74: 47887.258 | BM74: 20598.387 | BN74: 1.5639316 | BS74: 47 | BT74: 606.3 | BU74: 0.1 | BW74: 470 | BY74: 6063 | CJ74: =IFERROR(VLOOKUP($E74,[2]ECOM!$A$3:$FC$999999,158,FALSE),0) -> 95.333333 | CK74: =IFERROR(VLOOKUP($E74,[2]ECOM!$A$3:$FC$999999,159,FALSE),0) -> 108.33333 | CQ74: 2066.7742 | CS74: 26661.387 | CT74: 0 | CU74: 0 | CV74: 0 | CW74: 0
A75: 20068 | B75: 20068 | C75: 20068 | D75: 6755736 | E75: 6755736 | I75: 5 | J75: 4 | K75: 7 | L75: 1 | M75: 1 | P75: Retail Only BOPIS | Q75: Retail Only BOPIS | R75: =IF(L75+N75>0,1,0) -> 1 | S75: =IF(M75+O75>0,1,0) -> 1 | T75: KEEP | W75: ORGANIZER | X75: F,20068,STCKRS PHRASE EMILY LEY ASST,UN | Z75: ORGANIZER | AA75: UN | AB75: EMILY LEY | AC75: FASHION | AF75: ACCO | AG75: AT-A-GLANCE | AH75: UNDATED | AI75: N/A | AL75: INLINE ORGANIZERS | AM75: INLINE ORGANIZERS | AN75: INLINE ORGANIZERS | AO75: 1000 | AP75: 1015 | AQ75: MAY | AR75: MAY | AS75: 5.62 | AT75: 5.62 | AU75: 5.25 | AV75: =IFERROR(((AS75-AU75)/AU75),"") -> 0.07047619 | AW75: 5.25 | AX75: 13.99 | AY75: 12.99 | BA75: 12.99 | BB75: =IFERROR(((AX75-AS75)/AX75),"") -> 0.59828449 | BC75: =IFERROR(((AY75-AU75)/AY75),"") -> 0.59584296 | BF75: 628 | BG75: 2895.08 | BH75: 0.3 | BI75: 2242 | BJ75: 1.9875887 | BK75: 2093.3333 | BL75: 27192.4 | BM75: 10990 | BN75: 2.0623974 | BO75: 2.0623974 | BP75: 2062.3974 | BS75: 5 | BT75: 23.05 | BU75: 0.1 | BW75: 50 | BY75: 230.5 | CJ75: =IFERROR(VLOOKUP($E75,[2]ECOM!$A$3:$FC$999999,158,FALSE),0) -> 102.66667 | CK75: =IFERROR(VLOOKUP($E75,[2]ECOM!$A$3:$FC$999999,159,FALSE),0) -> 116.66667 | CQ75: 2143.3333 | CS75: 11220.5 | CT75: 2062.3974 | CU75: 28852.939 | CV75: 11590.673 | CW75: 17262.266
A76: 20072 | B76: 20072 | C76: 20072 | D76: 5867969 | E76: 5867969 | I76: 5 | J76: 4 | K76: 8 | L76: 1 | M76: 1 | P76: Retail Only BOPIS | Q76: Retail Only BOPIS | R76: =IF(L76+N76>0,1,0) -> 1 | S76: =IF(M76+O76>0,1,0) -> 1 | T76: KEEP | W76: ORGANIZER | X76: F,20072,STCKRS SHAPE EMILY LEY ASST,UN | Z76: ORGANIZER | AA76: UN | AB76: EMILY LEY | AC76: FASHION | AF76: ACCO | AG76: AT-A-GLANCE | AH76: UNDATED | AI76: N/A | AL76: INLINE ORGANIZERS | AM76: INLINE ORGANIZERS | AN76: INLINE ORGANIZERS | AO76: 1000 | AP76: 1015 | AQ76: MAY | AR76: MAY | AS76: 5.62 | AT76: 5.62 | AU76: 5.25 | AV76: =IFERROR(((AS76-AU76)/AU76),"") -> 0.07047619 | AW76: 5.25 | AX76: 13.99 | AY76: 12.99 | BA76: 12.99 | BB76: =IFERROR(((AX76-AS76)/AX76),"") -> 0.59828449 | BC76: =IFERROR(((AY76-AU76)/AY76),"") -> 0.59584296 | BF76: 1333 | BG76: 6145.13 | BH76: 0.3 | BI76: 3524 | BJ76: 3.1241135 | BK76: 4443.3333 | BL76: 57718.9 | BM76: 23327.5 | BN76: 4.3776683 | BO76: 3.5 | BP76: 3500 | BS76: 1 | BT76: 4.61 | BU76: 0.1 | BW76: 10 | BY76: 46.1 | CJ76: =IFERROR(VLOOKUP($E76,[2]ECOM!$A$3:$FC$999999,158,FALSE),0) -> 73.333333 | CK76: =IFERROR(VLOOKUP($E76,[2]ECOM!$A$3:$FC$999999,159,FALSE),0) -> 83.333333 | CQ76: 4453.3333 | CS76: 23373.6 | CT76: 3500 | CU76: 48965 | CV76: 19670 | CW76: 29295
A77: 011-200 | B77: 011-200 | C77: 011-200 | D77: 396028 | E77: 396028 | I77: 5 | J77: 7 | K77: 8 | L77: 1 | M77: 1 | P77: Retail Only BOPIS | Q77: Retail Only BOPIS | R77: =IF(L77+N77>0,1,0) -> 1 | S77: =IF(M77+O77>0,1,0) -> 1 | T77: KEEP | W77: ORGANIZER | X77: F,011-200,CLSC NOTES PG RFL (19),UN | Z77: ORGANIZER | AA77: UN | AB77: ORGANIZERS | AC77: CORE | AF77: ACCO | AG77: AT-A-GLANCE | AH77: UNDATED | AI77: SMALL | AL77: INLINE ORGANIZERS | AM77: INLINE ORGANIZERS | AN77: INLINE ORGANIZERS | AO77: 1000 | AP77: 1015 | AQ77: MAY | AR77: MAY | AS77: 3.02 | AT77: 3.02 | AU77: 2.82 | AV77: =IFERROR(((AS77-AU77)/AU77),"") -> 0.070921986 | AW77: 2.82 | AX77: 12.49 | AY77: 11.29 | BA77: 7.29 | BB77: =IFERROR(((AX77-AS77)/AX77),"") -> 0.75820657 | BC77: =IFERROR(((AY77-AU77)/AY77),"") -> 0.75022143 | BF77: 1384 | BG77: 3432.32 | BH77: 0.3 | BI77: 5753 | BJ77: 5.1001773 | BK77: 4613.3333 | BL77: 52084.533 | BM77: 13009.6 | BN77: 4.545156 | BO77: 4.545156 | BP77: 4545.156 | BS77: 25 | BT77: 62 | BU77: 0.1 | BW77: 250 | BY77: 620 | CJ77: =IFERROR(VLOOKUP($E77,[2]ECOM!$A$3:$FC$999999,158,FALSE),0) -> 66 | CK77: =IFERROR(VLOOKUP($E77,[2]ECOM!$A$3:$FC$999999,159,FALSE),0) -> 75 | CQ77: 4863.3333 | CS77: 13629.6 | CT77: 4545.156 | CU77: 56768.998 | CV77: 13726.371 | CW77: 43042.627
A78: 013-200 | B78: 013-200 | C78: 013-200 | D78: 396366 | E78: 396366 | I78: 5 | J78: 5 | K78: 8 | L78: 1 | M78: 1 | P78: Retail Only BOPIS | Q78: Retail Only BOPIS | R78: =IF(L78+N78>0,1,0) -> 1 | S78: =IF(M78+O78>0,1,0) -> 1 | T78: KEEP | W78: ORGANIZER | X78: F,013-200,RNMT NOTES PG RFL (20),UN | Z78: ORGANIZER | AA78: UN | AB78: ORGANIZERS | AC78: CORE | AD78: TRADITIONAL | AF78: ACCO | AG78: AT-A-GLANCE | AH78: UNDATED | AI78: POCKET | AL78: INLINE ORGANIZERS | AM78: INLINE ORGANIZERS | AN78: INLINE ORGANIZERS | AO78: 1000 | AP78: 1015 | AQ78: MAY | AR78: MAY | AS78: 2.61 | AT78: 2.61 | AU78: 2.44 | AV78: =IFERROR(((AS78-AU78)/AU78),"") -> 0.069672131 | AW78: 2.44 | AX78: 9.99 | AY78: 9.29 | BA78: 6.29 | BB78: =IFERROR(((AX78-AS78)/AX78),"") -> 0.73873874 | BC78: =IFERROR(((AY78-AU78)/AY78),"") -> 0.73735199 | BF78: 1233 | BG78: 2638.62 | BH78: 0.3 | BI78: 4829 | BJ78: 4.2810284 | BK78: 4110 | BL78: 38181.9 | BM78: 10028.4 | BN78: 4.0492611 | BO78: 4.0492611 | BP78: 4049.2611 | BS78: 26 | BT78: 55.64 | BU78: 0.1 | BW78: 260 | BY78: 556.4 | CJ78: =IFERROR(VLOOKUP($E78,[2]ECOM!$A$3:$FC$999999,158,FALSE),0) -> 29.333333 | CK78: =IFERROR(VLOOKUP($E78,[2]ECOM!$A$3:$FC$999999,159,FALSE),0) -> 33.333333 | CQ78: 4370 | CS78: 10584.8 | CT78: 4049.2611 | CU78: 40452.118 | CV78: 10568.571 | CW78: 29883.547
A79: 031-0140-04 | B79: 031-0140-04 | C79: 031-0140-04 | D79: 9744023 | E79: 9744023 | I79: 5 | J79: 1 | K79: 4 | L79: 1 | M79: 1 | P79: Retail Only BOPIS | Q79: Retail Only BOPIS | R79: =IF(L79+N79>0,1,0) -> 1 | S79: =IF(M79+O79>0,1,0) -> 1 | T79: KEEP | W79: ORGANIZER | X79: F,031-0140-04,DSK SS DSTRS ZIP DKTAN,UN | Z79: ORGANIZER | AA79: UN | AB79: ORGANIZERS | AC79: FASHION | AF79: ACCO | AG79: AT-A-GLANCE | AH79: UNDATED | AI79: SMALL | AL79: INLINE ORGANIZERS | AM79: INLINE ORGANIZERS | AN79: INLINE ORGANIZERS | AO79: 1000 | AP79: 1015 | AQ79: MAY | AR79: MAY | AS79: 19.62 | AT79: 19.62 | AU79: 18.34 | AV79: =IFERROR(((AS79-AU79)/AU79),"") -> 0.069792803 | AW79: 18.34 | AX79: 47.99 | AY79: 45.99 | BA79: 43.89 | BB79: =IFERROR(((AX79-AS79)/AX79),"") -> 0.59116483 | BC79: =IFERROR(((AY79-AU79)/AY79),"") -> 0.60121766 | BF79: 1414 | BG79: 22765.4 | BH79: 0.3 | BI79: 4737 | BJ79: 4.1994681 | BK79: 4713.3333 | BL79: 216766.2 | BM79: 86442.533 | BN79: 4.6436782 | BO79: 4.3 | BP79: 4300 | BS79: 94 | BT79: 1513.4 | BU79: 0.1 | BW79: 940 | BY79: 15134 | CJ79: =IFERROR(VLOOKUP($E79,[2]ECOM!$A$3:$FC$999999,158,FALSE),0) -> 198 | CK79: =IFERROR(VLOOKUP($E79,[2]ECOM!$A$3:$FC$999999,159,FALSE),0) -> 225 | CQ79: 5653.3333 | CS79: 101576.53 | CT79: 4300 | CU79: 206357 | CV79: 84366 | CW79: 121991
A80: 031-225 | B80: 031-225 | C80: 031-225 | D80: 9580739 | E80: 9580739 | I80: 5 | J80: 6 | K80: 3 | L80: 1 | M80: 1 | P80: Retail Only BOPIS | Q80: Retail Only BOPIS | R80: =IF(L80+N80>0,1,0) -> 1 | S80: =IF(M80+O80>0,1,0) -> 1 | T80: KEEP | W80: ORGANIZER | X80: F,031-225,DSK 2PPD RFL,UN | Z80: ORGANIZER | AA80: UN | AB80: ORGANIZERS | AC80: CORE | AD80: TRADITIONAL | AF80: ACCO | AG80: AT-A-GLANCE | AH80: DAILY | AI80: SMALL | AL80: INLINE ORGANIZERS | AM80: INLINE ORGANIZERS | AN80: INLINE ORGANIZERS | AO80: 1000 | AP80: 699 | AQ80: MAY | AR80: MAY | AS80: 3.57 | AT80: 3.57 | AU80: 3.34 | AV80: =IFERROR(((AS80-AU80)/AU80),"") -> 0.068862275 | AW80: 3.34 | AX80: 13.49 | AY80: 12.49 | BA80: 8.19 | BB80: =IFERROR(((AX80-AS80)/AX80),"") -> 0.73535953 | BC80: =IFERROR(((AY80-AU80)/AY80),"") -> 0.73258607 | BF80: 681 | BG80: 1995.33 | BH80: 0.3 | BI80: 2577 | BJ80: 3.2828025 | BK80: 2270 | BL80: 28352.3 | BM80: 7581.8 | BN80: 3.2474964 | BO80: 3.2474964 | BP80: 3247.4964 | BS80: 28 | BT80: 82.04 | BU80: 0.1 | BW80: 280 | BY80: 820.4 | CJ80: =IFERROR(VLOOKUP($E80,[2]ECOM!$A$3:$FC$999999,158,FALSE),0) -> 132 | CK80: =IFERROR(VLOOKUP($E80,[2]ECOM!$A$3:$FC$999999,159,FALSE),0) -> 150 | CQ80: 2550 | CS80: 8402.2 | CT80: 3247.4964 | CU80: 43808.727 | CV80: 11593.562 | CW80: 32215.165
A81: 031-3 | B81: 031-3 | C81: 031-3 | D81: 445973 | E81: 445973 | I81: 5 | J81: 5 | K81: 9 | L81: 1 | M81: 1 | P81: Retail Only BOPIS | Q81: Retail Only BOPIS | R81: =IF(L81+N81>0,1,0) -> 1 | S81: =IF(M81+O81>0,1,0) -> 1 | T81: KEEP | W81: ORGANIZER | X81: F,031-3,CLSC LINED PAD RFL (19),UN | Z81: ORGANIZER | AA81: UN | AB81: ORGANIZERS | AC81: CORE | AD81: TRADITIONAL | AF81: ACCO | AG81: AT-A-GLANCE | AH81: UNDATED | AI81: SMALL | AL81: INLINE ORGANIZERS | AM81: INLINE ORGANIZERS | AN81: INLINE ORGANIZERS | AO81: 1000 | AP81: 1015 | AQ81: MAY | AR81: MAY | AS81: 2.66 | AT81: 2.66 | AU81: 2.49 | AV81: =IFERROR(((AS81-AU81)/AU81),"") -> 0.068273092 | AW81: 2.49 | AX81: 11.99 | AY81: 11.29 | BA81: 6.49 | BB81: =IFERROR(((AX81-AS81)/AX81),"") -> 0.77814846 | BC81: =IFERROR(((AY81-AU81)/AY81),"") -> 0.77945084 | BF81: 1224 | BG81: 2680.56 | BH81: 0.3 | BI81: 4499 | BJ81: 3.9884752 | BK81: 4080 | BL81: 46063.2 | BM81: 10159.2 | BN81: 4.0197044 | BO81: 4.0197044 | BP81: 4019.7044 | BS81: 40 | BT81: 87.6 | BU81: 0.1 | BW81: 400 | BY81: 876 | CJ81: =IFERROR(VLOOKUP($E81,[2]ECOM!$A$3:$FC$999999,158,FALSE),0) -> 234.66667 | CK81: =IFERROR(VLOOKUP($E81,[2]ECOM!$A$3:$FC$999999,159,FALSE),0) -> 266.66667 | CQ81: 4480 | CS81: 11035.2 | CT81: 4019.7044 | CU81: 48196.256 | CV81: 10692.414 | CW81: 37503.842
A82: 033-0140-04 | B82: 033-0140-04 | C82: 033-0140-04 | D82: 1379189 | E82: 1379189 | I82: 5 | J82: 1 | K82: 5 | L82: 1 | M82: 1 | P82: Retail Only BOPIS | Q82: Retail Only BOPIS | R82: =IF(L82+N82>0,1,0) -> 1 | S82: =IF(M82+O82>0,1,0) -> 1 | T82: KEEP | W82: ORGANIZER | X82: F,033-0140-04,PRTBL SS DSTRSZIP DKTAN,UN | Z82: ORGANIZER | AA82: UN | AB82: ORGANIZERS | AC82: FASHION | AF82: ACCO | AG82: AT-A-GLANCE | AH82: UNDATED | AI82: SMALL | AL82: INLINE ORGANIZERS | AM82: INLINE ORGANIZERS | AN82: INLINE ORGANIZERS | AO82: 1000 | AP82: 1015 | AQ82: MAY | AR82: MAY | AS82: 14.22 | AT82: 14.22 | AU82: 13.29 | AV82: =IFERROR(((AS82-AU82)/AU82),"") -> 0.069977427 | AW82: 13.29 | AX82: 34.99 | AY82: 32.49 | BA82: 32.39 | BB82: =IFERROR(((AX82-AS82)/AX82),"") -> 0.59359817 | BC82: =IFERROR(((AY82-AU82)/AY82),"") -> 0.59095106 | BF82: 736 | BG82: 8589.12 | BH82: 0.3 | BI82: 3095 | BJ82: 2.7437943 | BK82: 2453.3333 | BL82: 79708.8 | BM82: 32604.8 | BN82: 2.4170772 | BO82: 2.4170772 | BP82: 2417.0772 | BS82: 30 | BT82: 350.1 | BU82: 0.1 | BW82: 300 | BY82: 3501 | CJ82: =IFERROR(VLOOKUP($E82,[2]ECOM!$A$3:$FC$999999,158,FALSE),0) -> 132 | CK82: =IFERROR(VLOOKUP($E82,[2]ECOM!$A$3:$FC$999999,159,FALSE),0) -> 150 | CQ82: 2753.3333 | CS82: 36105.8 | CT82: 2417.0772 | CU82: 84573.53 | CV82: 34370.837 | CW82: 50202.693
A83: 038-225 | B83: 038-225 | C83: 038-225 | D83: 9580736 | E83: 9580736 | I83: 5 | J83: 6 | K83: 2 | L83: 1 | M83: 1 | P83: Retail Only BOPIS | Q83: Retail Only BOPIS | R83: =IF(L83+N83>0,1,0) -> 1 | S83: =IF(M83+O83>0,1,0) -> 1 | T83: KEEP | W83: ORGANIZER | X83: F,FOLIO 2PPD REFILL (21),UN | Z83: ORGANIZER | AA83: UN | AB83: ORGANIZERS | AC83: CORE | AD83: TRADITIONAL | AF83: ACCO | AG83: AT-A-GLANCE | AH83: DAILY | AI83: LARGE | AL83: INLINE ORGANIZERS | AM83: INLINE ORGANIZERS | AN83: INLINE ORGANIZERS | AO83: 1000 | AP83: 1015 | AQ83: MAY | AR83: MAY | AS83: 4.2586 | AT83: 4.2586 | AU83: 3.98 | AV83: =IFERROR(((AS83-AU83)/AU83),"") -> 0.07 | AW83: 3.98 | AX83: 14.49 | AY83: 13.49 | BA83: 9.69 | BB83: =IFERROR(((AX83-AS83)/AX83),"") -> 0.70610076 | BC83: =IFERROR(((AY83-AU83)/AY83),"") -> 0.70496664 | BF83: 892 | BG83: 3113.08 | BH83: 0.3 | BI83: 3224 | BJ83: 2.858156 | BK83: 2973.3333 | BL83: 40110.267 | BM83: 11833.867 | BN83: 2.9293924 | BO83: 2.9293924 | BP83: 2929.3924 | BS83: 9 | BT83: 31.41 | BU83: 0.1 | BW83: 90 | BY83: 314.1 | CJ83: =IFERROR(VLOOKUP($E83,[2]ECOM!$A$3:$FC$999999,158,FALSE),0) -> 14.666667 | CK83: =IFERROR(VLOOKUP($E83,[2]ECOM!$A$3:$FC$999999,159,FALSE),0) -> 16.666667 | CQ83: 3063.3333 | CS83: 12147.967 | CT83: 2929.3924 | CU83: 42446.897 | CV83: 12475.111 | CW83: 29971.786
A84: 061-285Y-24 | B84: 061-285Y-23 | C84: 061-285Y-22 | E84: 7723226 | I84: 5 | J84: 5 | K84: 4 | L84: 1 | M84: 1 | N84: 1 | O84: 1 | P84: All Channels | Q84: All Channels | R84: =IF(L84+N84>0,1,0) -> 1 | S84: =IF(M84+O84>0,1,0) -> 1 | T84: KEEP | U84: KEEP | W84: ORGANIZER | X84: F,061-285Y,CLSC WKLY,DTD RFL,23 | Z84: ORGANIZER | AA84: RY | AB84: TRADITIONAL | AC84: CORE | AF84: ACCO | AG84: AT-A-GLANCE | AH84: WEEKLY | AI84: DESK | AL84: INLINE ORGANIZERS | AM84: INLINE ORGANIZERS | AN84: INLINE ORGANIZERS | AO84: 1000 | AP84: 1015 | AQ84: MAY | AR84: MAY | AS84: 7.6184 | AT84: 7.6184 | AU84: 7.12 | AV84: =IFERROR(((AS84-AU84)/AU84),"") -> 0.07 | AW84: 7.12 | AX84: 21.49 | AY84: 19.99 | BA84: 20.79 | BB84: =IFERROR(((AX84-AS84)/AX84),"") -> 0.64549093 | BC84: =IFERROR(((AY84-AU84)/AY84),"") -> 0.64382191 | BF84: 500 | BG84: 3560 | BH84: 0.124 | BI84: 3834 | BJ84: 3.3989362 | BK84: 4032.2581 | BL84: 80604.839 | BM84: 28709.677 | BN84: 3.972668 | BO84: 3.6 | BP84: 3600 | BS84: 106 | BT84: 754.72 | BU84: 0.1 | BV84: 244 | BW84: 1060 | BY84: 7547.2 | BZ84: 1000 | CJ84: =IFERROR(VLOOKUP($E84,[2]ECOM!$A$3:$FC$999999,158,FALSE),0) -> 799.33333 | CK84: =IFERROR(VLOOKUP($E84,[2]ECOM!$A$3:$FC$999999,159,FALSE),0) -> 908.33333 | CQ84: 5092.2581 | CS84: 36256.877 | CT84: 4600 | CU84: 98854 | CV84: 35044.64 | CW84: 63809.36
A85: 061-685-24 | B85: 061-685-23 | C85: 061-685-22 | E85: 7904497 | I85: 5 | J85: 7 | K85: 4 | L85: 1 | M85: 1 | P85: Retail Only BOPIS | Q85: Retail Only BOPIS | R85: =IF(L85+N85>0,1,0) -> 1 | S85: =IF(M85+O85>0,1,0) -> 1 | T85: KEEP | W85: ORGANIZER | X85: F,061-685,CLSC MNTH NATURE,DTD RFL,23 | Z85: ORGANIZER | AA85: RY | AB85: Nature | AC85: FASHION | AF85: ACCO | AG85: DAYRUNNER | AH85: MONTHLY | AI85: MEDIUM | AL85: INLINE ORGANIZERS | AM85: INLINE ORGANIZERS | AN85: INLINE ORGANIZERS | AO85: 1000 | AP85: 1015 | AQ85: MAY | AR85: MAY | AS85: 5.2537 | AT85: 5.2537 | AU85: 4.91 | AV85: =IFERROR(((AS85-AU85)/AU85),"") -> 0.07 | AW85: 4.91 | AX85: 16.99 | AY85: 15.49 | BA85: 14.29 | BB85: =IFERROR(((AX85-AS85)/AX85),"") -> 0.69077693 | BC85: =IFERROR(((AY85-AU85)/AY85),"") -> 0.6830213 | BF85: 488 | BG85: 2396.08 | BH85: 0.124 | BI85: 3671 | BJ85: 3.2544326 | BK85: 3935.4839 | BL85: 60960.645 | BM85: 19323.226 | BN85: 3.877324 | BO85: 3.6 | BP85: 3600 | BS85: 8 | BT85: 39.28 | BU85: 0.1 | BW85: 80 | BY85: 392.8 | CJ85: =IFERROR(VLOOKUP($E85,[2]ECOM!$A$3:$FC$999999,158,FALSE),0) -> 14.666667 | CK85: =IFERROR(VLOOKUP($E85,[2]ECOM!$A$3:$FC$999999,159,FALSE),0) -> 16.666667 | CQ85: 4015.4839 | CS85: 19716.026 | CT85: 3600 | CU85: 61164 | CV85: 18913.32 | CW85: 42250.68
A86: 061-685Y-24 | B86: 061-685Y-23 | C86: 061-685Y-22 | E86: 6959228 | I86: 5 | J86: 7 | K86: 5 | L86: 1 | M86: 1 | P86: Retail Only BOPIS | Q86: Retail Only BOPIS | R86: =IF(L86+N86>0,1,0) -> 1 | S86: =IF(M86+O86>0,1,0) -> 1 | T86: KEEP | W86: ORGANIZER | X86: F,061-685Y,CLSC MNTH TAB DTD RFL,23 | Z86: ORGANIZER | AA86: RY | AB86: TRADITIONAL | AC86: CORE | AD86: TRADITIONAL | AF86: ACCO | AG86: DAYRUNNER | AH86: MONTHLY | AI86: MEDIUM | AL86: INLINE ORGANIZERS | AM86: INLINE ORGANIZERS | AN86: INLINE ORGANIZERS | AO86: 1000 | AP86: 1015 | AQ86: MAY | AR86: MAY | AS86: 5.2537 | AT86: 5.2537 | AU86: 4.91 | AV86: =IFERROR(((AS86-AU86)/AU86),"") -> 0.07 | AW86: 4.91 | AX86: 16.99 | AY86: 15.49 | BA86: 14.29 | BB86: =IFERROR(((AX86-AS86)/AX86),"") -> 0.69077693 | BC86: =IFERROR(((AY86-AU86)/AY86),"") -> 0.6830213 | BF86: 631 | BG86: 3098.21 | BH86: 0.124 | BI86: 4636 | BJ86: 4.1099291 | BK86: 5088.7097 | BL86: 78824.113 | BM86: 24985.565 | BN86: 5.0135071 | BO86: 4.6 | BP86: 4600 | BS86: 114 | BT86: 559.74 | BU86: 0.1 | BW86: 1140 | BY86: 5597.4 | CJ86: =IFERROR(VLOOKUP($E86,[2]ECOM!$A$3:$FC$999999,158,FALSE),0) -> 792 | CK86: =IFERROR(VLOOKUP($E86,[2]ECOM!$A$3:$FC$999999,159,FALSE),0) -> 900 | CQ86: 6228.7097 | CS86: 30582.965 | CT86: 4600 | CU86: 78154 | CV86: 24167.02 | CW86: 53986.98
A87: 063-285Y-24 | B87: 063-285Y | C87: 063-285Y-22 | D87: 6998766 | E87: 6998766 | I87: 5 | J87: 5 | K87: 6 | L87: 1 | M87: 1 | P87: Retail Only BOPIS | Q87: Retail Only BOPIS | R87: =IF(L87+N87>0,1,0) -> 1 | S87: =IF(M87+O87>0,1,0) -> 1 | T87: KEEP | V87: add edition year back on VPN for RY24 | W87: ORGANIZER | X87: F,063-285Y,RNMT WKLY,DTD RFL,23 | Z87: ORGANIZER | AA87: RY | AB87: TRADITIONAL | AC87: CORE | AD87: TRADITIONAL | AF87: ACCO | AG87: DAYRUNNER | AH87: WEEKLY | AI87: SMALL | AL87: INLINE ORGANIZERS | AM87: INLINE ORGANIZERS | AN87: INLINE ORGANIZERS | AO87: 1000 | AP87: 1015 | AQ87: MAY | AR87: MAY | AS87: 6.42 | AT87: 6.42 | AU87: 6 | AV87: =IFERROR(((AS87-AU87)/AU87),"") -> 0.07 | AW87: 6 | AX87: 18.99 | AY87: 17.99 | BA87: 17.69 | BB87: =IFERROR(((AX87-AS87)/AX87),"") -> 0.66192733 | BC87: =IFERROR(((AY87-AU87)/AY87),"") -> 0.66648138 | BF87: 462 | BG87: 2658.84 | BH87: 0.124 | BI87: 0 | BJ87: 0 | BK87: 3725.8065 | BL87: 67027.258 | BM87: 22354.839 | BN87: 3.6707453 | BO87: 3.6707453 | BP87: 3670.7453 | BS87: 27 | BT87: 162 | BU87: 0.1 | BW87: 270 | BY87: 1620 | CJ87: =IFERROR(VLOOKUP($E87,[2]ECOM!$A$3:$FC$999999,158,FALSE),0) -> 168.66667 | CK87: =IFERROR(VLOOKUP($E87,[2]ECOM!$A$3:$FC$999999,159,FALSE),0) -> 191.66667 | CQ87: 3995.8065 | CS87: 23974.839 | CT87: 3670.7453 | CU87: 69707.453 | CV87: 23566.185 | CW87: 46141.268
A88: 063-685Y-24 | B88: 063-685Y | C88: 063-685Y-22 | D88: 8011422 | E88: 8011422 | I88: 5 | J88: 7 | K88: 7 | L88: 1 | M88: 1 | P88: Retail Only BOPIS | Q88: Retail Only BOPIS | R88: =IF(L88+N88>0,1,0) -> 1 | S88: =IF(M88+O88>0,1,0) -> 1 | T88: KEEP | V88: add edition year back on VPN for RY24 | W88: ORGANIZER | X88: F,063-685Y,RNMT MNTH TAB DTD RFL,23 | Z88: ORGANIZER | AA88: RY | AB88: TRADITIONAL | AC88: CORE | AD88: TRADITIONAL | AF88: ACCO | AG88: DAYRUNNER | AH88: MONTHLY | AI88: SMALL | AL88: INLINE ORGANIZERS | AM88: INLINE ORGANIZERS | AN88: INLINE ORGANIZERS | AO88: 1000 | AP88: 1015 | AQ88: MAY | AR88: MAY | AS88: 4.3977 | AT88: 4.3977 | AU88: 4.11 | AV88: =IFERROR(((AS88-AU88)/AU88),"") -> 0.07 | AW88: 4.11 | AX88: 16.99 | AY88: 14.49 | BA88: 12.19 | BB88: =IFERROR(((AX88-AS88)/AX88),"") -> 0.74115951 | BC88: =IFERROR(((AY88-AU88)/AY88),"") -> 0.71635611 | BF88: 1630 | BG88: 6699.3 | BH88: 0.124 | BI88: 0 | BJ88: 0 | BK88: 13145.161 | BL88: 190473.39 | BM88: 54026.613 | BN88: 12.950898 | BO88: 8 | BP88: 8000 | BS88: 98 | BT88: 402.78 | BU88: 0.1 | BW88: 980 | BY88: 4027.8 | CJ88: =IFERROR(VLOOKUP($E88,[2]ECOM!$A$3:$FC$999999,158,FALSE),0) -> 154 | CK88: =IFERROR(VLOOKUP($E88,[2]ECOM!$A$3:$FC$999999,159,FALSE),0) -> 175 | CQ88: 14125.161 | CS88: 58054.413 | CT88: 8000 | CU88: 135920 | CV88: 35181.6 | CW88: 100738.4
A89: 064-287-24 | B89: 064-287-23 | C89: 064-287-22 | E89: 5596465 | I89: 5 | J89: 5 | K89: 7 | L89: 1 | M89: 1 | N89: 1 | O89: 1 | P89: All Channels | Q89: All Channels | R89: =IF(L89+N89>0,1,0) -> 1 | S89: =IF(M89+O89>0,1,0) -> 1 | T89: KEEP | U89: KEEP | W89: ORGANIZER | X89: F,064-287,PKPL WKLY TAB,DTD RFL,23 | Z89: ORGANIZER | AA89: RY | AB89: ORGANIZERS | AC89: CORE | AF89: ACCO | AG89: AT-A-GLANCE | AH89: WEEKLY | AI89: POCKET | AL89: INLINE ORGANIZERS | AM89: INLINE ORGANIZERS | AN89: INLINE ORGANIZERS | AO89: 1000 | AP89: 699 | AQ89: MAY | AR89: MAY | AS89: 5.5747 | AT89: 5.5747 | AU89: 5.21 | AV89: =IFERROR(((AS89-AU89)/AU89),"") -> 0.07 | AW89: 5.21 | AX89: 16.99 | AY89: 15.99 | BA89: 14.99 | BB89: =IFERROR(((AX89-AS89)/AX89),"") -> 0.67188346 | BC89: =IFERROR(((AY89-AU89)/AY89),"") -> 0.67417136 | BF89: 341 | BG89: 1776.61 | BH89: 0.124 | BI89: 3239 | BJ89: 4.1261146 | BK89: 2750 | BL89: 43972.5 | BM89: 14327.5 | BN89: 3.9341917 | BO89: 3.9341917 | BP89: 3934.1917 | BS89: 191 | BT89: 995.11 | BU89: 0.1 | BV89: 54 | BW89: 1910 | BY89: 9951.1 | BZ89: 1900 | CJ89: =IFERROR(VLOOKUP($E89,[2]ECOM!$A$3:$FC$999999,158,FALSE),0) -> 1437.3333 | CK89: =IFERROR(VLOOKUP($E89,[2]ECOM!$A$3:$FC$999999,159,FALSE),0) -> 1633.3333 | CQ89: 4660 | CS89: 24278.6 | CT89: 5834.1917 | CU89: 99122.917 | CV89: 32523.868 | CW89: 66599.049
A90: 207-0386 | B90: 207-0386 | C90: 207-0386 | D90: 104715 | E90: 104715 | I90: 5 | J90: 1 | K90: 2 | L90: 1 | M90: 1 | N90: 1 | O90: 1 | P90: All Channels | Q90: All Channels | R90: =IF(L90+N90>0,1,0) -> 1 | S90: =IF(M90+O90>0,1,0) -> 1 | T90: KEEP | U90: KEEP | W90: ORGANIZER | X90: F,207-0386,ENTP ORG STRIPE BLK (20),UN | Z90: ORGANIZER | AA90: UN | AB90: DR Binder | AC90: FASHION | AF90: ACCO | AG90: AT-A-GLANCE | AH90: UNDATED | AI90: FOLIO | AL90: INLINE ORGANIZERS | AM90: INLINE ORGANIZERS | AN90: INLINE ORGANIZERS | AO90: 1000 | AP90: 1015 | AQ90: MAY | AR90: MAY | AS90: 31.1263 | AT90: 31.1263 | AU90: 29.09 | AV90: =IFERROR(((AS90-AU90)/AU90),"") -> 0.07 | AW90: 29.09 | AX90: 74.99 | AY90: 69.99 | BA90: 82.69 | BB90: =IFERROR(((AX90-AS90)/AX90),"") -> 0.58492732 | BC90: =IFERROR(((AY90-AU90)/AY90),"") -> 0.5843692 | BF90: 660 | BG90: 16856.4 | BH90: 0.3 | BI90: 2596 | BJ90: 2.3014184 | BK90: 2200 | BL90: 153978 | BM90: 63998 | BN90: 2.1674877 | BO90: 2.1674877 | BP90: 2167.4877 | BS90: 33 | BT90: 842.82 | BU90: 0.1 | BV90: 46 | BW90: 330 | BY90: 8428.2 | BZ90: 330 | CJ90: =IFERROR(VLOOKUP($E90,[2]ECOM!$A$3:$FC$999999,158,FALSE),0) -> 110 | CK90: =IFERROR(VLOOKUP($E90,[2]ECOM!$A$3:$FC$999999,159,FALSE),0) -> 125 | CQ90: 2530 | CS90: 72426.2 | CT90: 2497.4877 | CU90: 187286.6 | CV90: 77737.551 | CW90: 109549.05
A91: 281-225-24 | B91: 281-225-23 | C91: 281-225-22 | E91: 9865437 | I91: 5 | J91: 6 | K91: 5 | L91: 1 | M91: 1 | N91: 1 | O91: 1 | P91: All Channels | Q91: All Channels | R91: =IF(L91+N91>0,1,0) -> 1 | S91: =IF(M91+O91>0,1,0) -> 1 | T91: KEEP | U91: KEEP | W91: ORGANIZER | X91: F,281-225,DSK 2PPD RFL ZENSCAPES,23 | Z91: ORGANIZER | AA91: RY | AB91: ORGANIZERS | AC91: FASHION | AF91: ACCO | AG91: AT-A-GLANCE | AH91: DAILY | AI91: DESK | AL91: INLINE ORGANIZERS | AM91: INLINE ORGANIZERS | AN91: INLINE ORGANIZERS | AO91: 1000 | AP91: 699 | AQ91: MAY | AR91: MAY | AS91: 10.0901 | AT91: 10.0901 | AU91: 9.43 | AV91: =IFERROR(((AS91-AU91)/AU91),"") -> 0.07 | AW91: 9.43 | AX91: 42.99 | AY91: 39.99 | BB91: =IFERROR(((AX91-AS91)/AX91),"") -> 0.76529193 | BC91: =IFERROR(((AY91-AU91)/AY91),"") -> 0.76419105 | BF91: 160 | BG91: 1508.8 | BH91: 0.124 | BI91: 1896 | BJ91: 2.4152866 | BK91: 1290.3226 | BL91: 51600 | BM91: 12167.742 | BN91: 1.8459551 | BO91: 1.8459551 | BP91: 1845.9551 | BS91: 142 | BT91: 1339.06 | BU91: 0.1 | BV91: 80 | BW91: 1420 | BY91: 13390.6 | BZ91: 1400 | CJ91: =IFERROR(VLOOKUP($E91,[2]ECOM!$A$3:$FC$999999,158,FALSE),0) -> 1019.3333 | CK91: =IFERROR(VLOOKUP($E91,[2]ECOM!$A$3:$FC$999999,159,FALSE),0) -> 1158.3333 | CQ91: 2710.3226 | CS91: 25558.342 | CT91: 3245.9551 | CU91: 139543.61 | CV91: 32752.011 | CW91: 106791.6
A92: 281-285Y-24 | B92: 281-285Y-23 | C92: 281-285Y-22 | E92: 8387945 | I92: 5 | J92: 4 | K92: 4 | L92: 1 | M92: 1 | P92: Retail Only BOPIS | Q92: Retail Only BOPIS | R92: =IF(L92+N92>0,1,0) -> 1 | S92: =IF(M92+O92>0,1,0) -> 1 | T92: KEEP | W92: ORGANIZER | X92: F,281-285Y,DSK 2PPW RFL ZENSCAPES,23 | Z92: ORGANIZER | AA92: RY | AB92: ORGANIZERS | AC92: FASHION | AF92: ACCO | AG92: AT-A-GLANCE | AH92: WEEKLY | AI92: DESK | AL92: INLINE ORGANIZERS | AM92: INLINE ORGANIZERS | AN92: INLINE ORGANIZERS | AO92: 1000 | AP92: 1015 | AQ92: MAY | AR92: MAY | AS92: 7.7147 | AT92: 7.7147 | AU92: 7.21 | AV92: =IFERROR(((AS92-AU92)/AU92),"") -> 0.07 | AW92: 7.21 | AX92: 21.49 | AY92: 18.99 | BA92: 21.09 | BB92: =IFERROR(((AX92-AS92)/AX92),"") -> 0.64100977 | BC92: =IFERROR(((AY92-AU92)/AY92),"") -> 0.62032649 | BF92: 432 | BG92: 3114.72 | BH92: 0.124 | BI92: 3363 | BJ92: 2.981383 | BK92: 3483.871 | BL92: 66158.71 | BM92: 25118.71 | BN92: 3.4323852 | BO92: 3.2 | BP92: 3200 | BS92: 19 | BT92: 136.99 | BU92: 0.1 | BW92: 190 | BY92: 1369.9 | CJ92: =IFERROR(VLOOKUP($E92,[2]ECOM!$A$3:$FC$999999,158,FALSE),0) -> 102.66667 | CK92: =IFERROR(VLOOKUP($E92,[2]ECOM!$A$3:$FC$999999,159,FALSE),0) -> 116.66667 | CQ92: 3673.871 | CS92: 26488.61 | CT92: 3200 | CU92: 68768 | CV92: 24687.04 | CW92: 44080.96
A93: 307-0304 | B93: 307-0304 | C93: 307-0304 | D93: 104540 | E93: 104540 | I93: 5 | J93: 1 | K93: 3 | L93: 1 | M93: 1 | P93: Retail Only BOPIS | Q93: Retail Only BOPIS | R93: =IF(L93+N93>0,1,0) -> 1 | S93: =IF(M93+O93>0,1,0) -> 1 | T93: KEEP | W93: ORGANIZER | X93: F,307-0304,ENTP ORG BUS STYLE BRN(20),UN | Z93: ORGANIZER | AA93: UN | AB93: ORGANIZERS | AC93: FASHION | AF93: ACCO | AG93: AT-A-GLANCE | AH93: UNDATED | AI93: LARGE | AL93: INLINE ORGANIZERS | AM93: INLINE ORGANIZERS | AN93: INLINE ORGANIZERS | AO93: 1000 | AP93: 1015 | AQ93: MAY | AR93: MAY | AS93: 35.63 | AT93: 35.63 | AU93: 33.3 | AV93: =IFERROR(((AS93-AU93)/AU93),"") -> 0.06996997 | AW93: 33.3 | AX93: 75.99 | AY93: 73.99 | BA93: 90.39 | BB93: =IFERROR(((AX93-AS93)/AX93),"") -> 0.53112252 | BC93: =IFERROR(((AY93-AU93)/AY93),"") -> 0.54993918 | BF93: 1057 | BG93: 30906.68 | BH93: 0.3 | BI93: 3151 | BJ93: 2.7934397 | BK93: 3523.3333 | BL93: 260691.43 | BM93: 117327 | BN93: 3.4712644 | BO93: 3 | BP93: 3000 | BS93: 11 | BT93: 321.64 | BU93: 0.1 | BW93: 110 | BY93: 3216.4 | CJ93: =IFERROR(VLOOKUP($E93,[2]ECOM!$A$3:$FC$999999,158,FALSE),0) -> 58.666667 | CK93: =IFERROR(VLOOKUP($E93,[2]ECOM!$A$3:$FC$999999,159,FALSE),0) -> 66.666667 | CQ93: 3633.3333 | CS93: 120543.4 | CT93: 3000 | CU93: 227970 | CV93: 106890 | CW93: 121080
A94: 381-285Y-24 | B94: 381-285Y-23 | C94: 381-285Y-22 | E94: 7779531 | I94: 5 | J94: 4 | K94: 1 | L94: 1 | M94: 1 | P94: Retail Only BOPIS | Q94: Retail Only BOPIS | R94: =IF(L94+N94>0,1,0) -> 1 | S94: =IF(M94+O94>0,1,0) -> 1 | T94: KEEP | W94: ORGANIZER | X94: F,381-285Y,DSK 2PPW RFL SEASCAPES,23 | Z94: ORGANIZER | AA94: RY | AB94: ORGANIZERS | AC94: FASHION | AF94: ACCO | AG94: AT-A-GLANCE | AH94: WEEKLY | AI94: SMALL | AL94: INLINE ORGANIZERS | AM94: INLINE ORGANIZERS | AN94: INLINE ORGANIZERS | AO94: 1000 | AP94: 699 | AQ94: MAY | AR94: MAY | AS94: 7.7147 | AT94: 7.7147 | AU94: 7.21 | AV94: =IFERROR(((AS94-AU94)/AU94),"") -> 0.07 | AW94: 7.21 | AX94: 21.49 | AY94: 18.99 | BA94: 21.09 | BB94: =IFERROR(((AX94-AS94)/AX94),"") -> 0.64100977 | BC94: =IFERROR(((AY94-AU94)/AY94),"") -> 0.62032649 | BF94: 95 | BG94: 684.95 | BH94: 0.124 | BI94: 2206 | BJ94: 2.8101911 | BK94: 766.12903 | BL94: 14548.79 | BM94: 5523.7903 | BN94: 1.0960358 | BO94: 1.0960358 | BP94: 1096.0358 | BS94: 39 | BT94: 281.19 | BU94: 0.1 | BW94: 390 | BY94: 2811.9 | CJ94: =IFERROR(VLOOKUP($E94,[2]ECOM!$A$3:$FC$999999,158,FALSE),0) -> 88 | CK94: =IFERROR(VLOOKUP($E94,[2]ECOM!$A$3:$FC$999999,159,FALSE),0) -> 100 | CQ94: 1156.129 | CS94: 8335.6903 | CT94: 1096.0358 | CU94: 23553.81 | CV94: 8455.5875 | CW94: 15098.222
A95: 471-285Y-24 | B95: 471-285Y-23 | C95: 471-285Y-22 | E95: 9960017 | I95: 5 | J95: 5 | K95: 5 | L95: 1 | M95: 1 | P95: Retail Only BOPIS | Q95: Retail Only BOPIS | R95: =IF(L95+N95>0,1,0) -> 1 | S95: =IF(M95+O95>0,1,0) -> 1 | T95: KEEP | W95: ORGANIZER | X95: F,471-285Y,RNMT PRO3 WKLY,DTD RFL,23 | Z95: ORGANIZER | AA95: RY | AB95: ORGANIZERS | AC95: CORE | AD95: TRADITIONAL | AF95: ACCO | AG95: DAYRUNNER | AH95: WEEKLY | AI95: SMALL | AL95: INLINE ORGANIZERS | AM95: INLINE ORGANIZERS | AN95: INLINE ORGANIZERS | AO95: 1000 | AP95: 1015 | AQ95: MAY | AR95: MAY | AS95: 6.634 | AT95: 6.634 | AU95: 6.2 | AV95: =IFERROR(((AS95-AU95)/AU95),"") -> 0.07 | AW95: 6.2 | AX95: 21.49 | AY95: 18.99 | BA95: 18.59 | BB95: =IFERROR(((AX95-AS95)/AX95),"") -> 0.69129828 | BC95: =IFERROR(((AY95-AU95)/AY95),"") -> 0.67351237 | BF95: 616 | BG95: 3819.2 | BH95: 0.124 | BI95: 5523 | BJ95: 4.8962766 | BK95: 4967.7419 | BL95: 94337.419 | BM95: 30800 | BN95: 4.894327 | BO95: 4.894327 | BP95: 4894.327 | BS95: 78 | BT95: 483.6 | BU95: 0.1 | BW95: 780 | BY95: 4836 | CJ95: =IFERROR(VLOOKUP($E95,[2]ECOM!$A$3:$FC$999999,158,FALSE),0) -> 755.33333 | CK95: =IFERROR(VLOOKUP($E95,[2]ECOM!$A$3:$FC$999999,159,FALSE),0) -> 858.33333 | CQ95: 5747.7419 | CS95: 35636 | CT95: 4894.327 | CU95: 105179.09 | CV95: 32468.966 | CW95: 72710.122
A96: 481-125-24 | B96: 481-125-23 | C96: 481-125-22 | E96: 7641988 | I96: 5 | J96: 6 | K96: 6 | L96: 1 | M96: 1 | N96: 1 | O96: 1 | P96: All Channels | Q96: All Channels | R96: =IF(L96+N96>0,1,0) -> 1 | S96: =IF(M96+O96>0,1,0) -> 1 | T96: KEEP | U96: KEEP | W96: ORGANIZER | X96: F,481-125,PRO5 DAY,DTD RFL,23 | Z96: ORGANIZER | AA96: RY | AB96: TRADITIONAL | AC96: CORE | AF96: ACCO | AG96: AT-A-GLANCE | AH96: DAILY | AI96: DESK | AL96: INLINE ORGANIZERS | AM96: INLINE ORGANIZERS | AN96: INLINE ORGANIZERS | AO96: 1000 | AP96: 1015 | AQ96: MAY | AR96: MAY | AS96: 17.3554 | AT96: 17.3554 | AU96: 16.22 | AV96: =IFERROR(((AS96-AU96)/AU96),"") -> 0.07 | AW96: 16.22 | AX96: 40.99 | AY96: 37.99 | BA96: 48.39 | BB96: =IFERROR(((AX96-AS96)/AX96),"") -> 0.57659429 | BC96: =IFERROR(((AY96-AU96)/AY96),"") -> 0.57304554 | BF96: 132 | BG96: 2141.04 | BH96: 0.124 | BI96: 2231 | BJ96: 1.9778369 | BK96: 1064.5161 | BL96: 40440.968 | BM96: 17266.452 | BN96: 1.0487844 | BO96: 1.0487844 | BP96: 1048.7844 | BS96: 86 | BT96: 1394.92 | BU96: 0.1 | BV96: 443 | BW96: 860 | BY96: 13949.2 | BZ96: 850 | CJ96: =IFERROR(VLOOKUP($E96,[2]ECOM!$A$3:$FC$999999,158,FALSE),0) -> 388.66667 | CK96: =IFERROR(VLOOKUP($E96,[2]ECOM!$A$3:$FC$999999,159,FALSE),0) -> 441.66667 | CQ96: 1924.5161 | CS96: 31215.652 | CT96: 1898.7844 | CU96: 77831.171 | CV96: 32954.162 | CW96: 44877.009
A97: 481-225-24 | B97: 481-225-23 | C97: 481-225-22 | E97: 5547463 | I97: 5 | J97: 6 | K97: 7 | L97: 1 | M97: 1 | N97: 1 | O97: 1 | P97: All Channels | Q97: All Channels | R97: =IF(L97+N97>0,1,0) -> 1 | S97: =IF(M97+O97>0,1,0) -> 1 | T97: KEEP | U97: KEEP | W97: ORGANIZER | X97: F,481-225,CLSC PRO 2PPD,DTD RFL,23 | Z97: ORGANIZER | AA97: RY | AB97: ORGANIZERS | AC97: CORE | AF97: ACCO | AG97: AT-A-GLANCE | AH97: DAILY | AI97: DESK | AL97: INLINE ORGANIZERS | AM97: INLINE ORGANIZERS | AN97: INLINE ORGANIZERS | AO97: 1000 | AP97: 1015 | AQ97: MAY | AR97: MAY | AS97: 10.0901 | AT97: 10.0901 | AU97: 9.43 | AV97: =IFERROR(((AS97-AU97)/AU97),"") -> 0.07 | AW97: 9.43 | AX97: 37.49 | AY97: 34.99 | BB97: =IFERROR(((AX97-AS97)/AX97),"") -> 0.7308589 | BC97: =IFERROR(((AY97-AU97)/AY97),"") -> 0.73049443 | BF97: 153 | BG97: 1442.79 | BH97: 0.124 | BI97: 2702 | BJ97: 2.3953901 | BK97: 1233.871 | BL97: 43173.145 | BM97: 11635.403 | BN97: 1.2156364 | BO97: 1.2156364 | BP97: 1215.6364 | BS97: 218 | BT97: 2055.74 | BU97: 0.1 | BV97: 766 | BW97: 2180 | BY97: 20557.4 | BZ97: 2000 | CJ97: =IFERROR(VLOOKUP($E97,[2]ECOM!$A$3:$FC$999999,158,FALSE),0) -> 1466.6667 | CK97: =IFERROR(VLOOKUP($E97,[2]ECOM!$A$3:$FC$999999,159,FALSE),0) -> 1666.6667 | CQ97: 3413.871 | CS97: 32192.803 | CT97: 3215.6364 | CU97: 120554.21 | CV97: 32446.093 | CW97: 88108.116
A98: 481-285Y-24 | B98: 481-285Y-23 | C98: 481-285Y-22 | E98: 6825625 | I98: 5 | J98: 5 | K98: 3 | L98: 1 | M98: 1 | N98: 1 | O98: 1 | P98: All Channels | Q98: All Channels | R98: =IF(L98+N98>0,1,0) -> 1 | S98: =IF(M98+O98>0,1,0) -> 1 | T98: KEEP | U98: KEEP | W98: ORGANIZER | X98: F,481-285Y,PRO5 WKLY,DTD RFL,23 | Z98: ORGANIZER | AA98: RY | AB98: TRADITIONAL | AC98: CORE | AF98: ACCO | AG98: AT-A-GLANCE | AH98: WEEKLY | AI98: DESK | AL98: INLINE ORGANIZERS | AM98: INLINE ORGANIZERS | AN98: INLINE ORGANIZERS | AO98: 1000 | AP98: 1015 | AQ98: MAY | AR98: MAY | AS98: 7.7147 | AT98: 7.7147 | AU98: 7.21 | AV98: =IFERROR(((AS98-AU98)/AU98),"") -> 0.07 | AW98: 7.21 | AX98: 23.99 | AY98: 21.99 | BA98: 21.09 | BB98: =IFERROR(((AX98-AS98)/AX98),"") -> 0.67842018 | BC98: =IFERROR(((AY98-AU98)/AY98),"") -> 0.67212369 | BF98: 238 | BG98: 1715.98 | BH98: 0.124 | BI98: 5461 | BJ98: 4.8413121 | BK98: 1919.3548 | BL98: 42206.613 | BM98: 13838.548 | BN98: 1.89099 | BO98: 1.89099 | BP98: 1890.99 | BS98: 177 | BT98: 1276.17 | BU98: 0.1 | BV98: 412 | BW98: 1770 | BY98: 12761.7 | BZ98: 1700 | CJ98: =IFERROR(VLOOKUP($E98,[2]ECOM!$A$3:$FC$999999,158,FALSE),0) -> 1254 | CK98: =IFERROR(VLOOKUP($E98,[2]ECOM!$A$3:$FC$999999,159,FALSE),0) -> 1425 | CQ98: 3689.3548 | CS98: 26600.248 | CT98: 3590.99 | CU98: 86147.85 | CV98: 27703.41 | CW98: 58444.439
A99: 481-685Y-24 | B99: 481-685Y-23 | C99: 481-685Y-22 | E99: 5477027 | I99: 5 | J99: 7 | K99: 6 | L99: 1 | M99: 1 | N99: 1 | O99: 1 | P99: All Channels | Q99: All Channels | R99: =IF(L99+N99>0,1,0) -> 1 | S99: =IF(M99+O99>0,1,0) -> 1 | T99: KEEP | U99: KEEP | W99: ORGANIZER | X99: F,481-685Y,PRO5 MNTH TAB,DTD RFL,23 | Z99: ORGANIZER | AA99: RY | AB99: TRADITIONAL | AC99: CORE | AD99: TRADITIONAL | AF99: ACCO | AG99: DAYRUNNER | AH99: MONTHLY | AI99: MEDIUM | AL99: INLINE ORGANIZERS | AM99: INLINE ORGANIZERS | AN99: INLINE ORGANIZERS | AO99: 1000 | AP99: 1015 | AQ99: MAY | AR99: MAY | AS99: 5.2537 | AT99: 5.2537 | AU99: 4.91 | AV99: =IFERROR(((AS99-AU99)/AU99),"") -> 0.07 | AW99: 4.91 | AX99: 16.99 | AY99: 16.49 | BA99: 14.29 | BB99: =IFERROR(((AX99-AS99)/AX99),"") -> 0.69077693 | BC99: =IFERROR(((AY99-AU99)/AY99),"") -> 0.70224378 | BF99: 770 | BG99: 3780.7 | BH99: 0.124 | BI99: 6976 | BJ99: 6.1843972 | BK99: 6209.6774 | BL99: 102397.58 | BM99: 30489.516 | BN99: 6.1179088 | BO99: 6.1179088 | BP99: 6117.9088 | BS99: 333 | BT99: 1635.03 | BU99: 0.1 | BV99: 391 | BW99: 3330 | BY99: 16350.3 | BZ99: 3000 | CJ99: =IFERROR(VLOOKUP($E99,[2]ECOM!$A$3:$FC$999999,158,FALSE),0) -> 2522.6667 | CK99: =IFERROR(VLOOKUP($E99,[2]ECOM!$A$3:$FC$999999,159,FALSE),0) -> 2866.6667 | CQ99: 9539.6774 | CS99: 46839.816 | CT99: 9117.9088 | CU99: 154913.27 | CV99: 47902.757 | CW99: 107010.51
A100: 491-225-24 | B100: 491-225-23 | C100: 491-225-22 | E100: 7225503 | I100: 5 | J100: 6 | K100: 1 | L100: 1 | M100: 1 | N100: 1 | O100: 1 | P100: All Channels | Q100: All Channels | R100: =IF(L100+N100>0,1,0) -> 1 | S100: =IF(M100+O100>0,1,0) -> 1 | T100: KEEP | U100: KEEP | W100: ORGANIZER | X100: F,491-225,ENTP PRO 2PPD,DTD RFL,23 | Z100: ORGANIZER | AA100: RY | AB100: ORGANIZERS | AC100: CORE | AF100: ACCO | AG100: AT-A-GLANCE | AH100: DAILY | AI100: LARGE | AL100: INLINE ORGANIZERS | AM100: INLINE ORGANIZERS | AN100: INLINE ORGANIZERS | AO100: 1000 | AP100: 1015 | AQ100: MAY | AR100: MAY | AS100: 13.3001 | AT100: 13.3001 | AU100: 12.43 | AV100: =IFERROR(((AS100-AU100)/AU100),"") -> 0.07 | AW100: 12.43 | AX100: 47.99 | AY100: 44.49 | BA100: 62.99 | BB100: =IFERROR(((AX100-AS100)/AX100),"") -> 0.72285685 | BC100: =IFERROR(((AY100-AU100)/AY100),"") -> 0.72061137 | BF100: 128 | BG100: 1591.04 | BH100: 0.124 | BI100: 2018 | BJ100: 1.7890071 | BK100: 1032.2581 | BL100: 45925.161 | BM100: 12830.968 | BN100: 1.017003 | BO100: 1.017003 | BP100: 1017.003 | BS100: 96 | BT100: 1193.28 | BU100: 0.1 | BV100: 114 | BW100: 960 | BY100: 11932.8 | BZ100: 960 | CJ100: =IFERROR(VLOOKUP($E100,[2]ECOM!$A$3:$FC$999999,158,FALSE),0) -> 667.33333 | CK100: =IFERROR(VLOOKUP($E100,[2]ECOM!$A$3:$FC$999999,159,FALSE),0) -> 758.33333 | CQ100: 1992.2581 | CS100: 24763.768 | CT100: 1977.003 | CU100: 94876.375 | CV100: 26294.338 | CW100: 68582.037
...

Sheet RY
C1: TY SKU | D1: LY SKU | E1: BSD STATUS
A2: 24e VPN | B2: 23e VPN | C2: 2024 SKU | D2: 2023 SKU | E2: BSD STATUS | F2: PRODUCT HIERARCHY 2 | G2: Class | H2: Subclass | I2: SAP DESCRIPTION | J2: SUB CLASS | K2: DATE CODE (RY, AY, UN) | L2: COLLECTION | M2: FASHION CONTINUUM | N2: FORMAT | O2: PAGE SIZE | P2: BRAND | Q2: VENDOR
A3: 144062 | C3: 4850656 | E3: RETAIL ONLY N/A | F3: APPT. BOOKS/PLANNERS | G3: 422 DATED BOOKS/REFILLS | H3: 27 APPT BOOKS/PLANNERS | I3: Planning Calendar BS Modesto/Solid Purple PP 8.5x11 RY24 Wkly/Mthly Safety Wirebound - | J3: WEEKLY APPOINTMENT BOOK | K3: RY | L3: Modesto/Purple | M3: FASHION | N3: WEEKLY/MONTHLY | O3: LARGE | P3: BLUESKY | Q3: BLUE SKY COLOR OF IMAGINATION
A4: 142989 | C4: 5103060 | E4: RETAIL ONLY N/A | F4: APPT. BOOKS/PLANNERS | G4: 422 DATED BOOKS/REFILLS | H4: 27 APPT BOOKS/PLANNERS | I4: Planning Calendar Navy Blue/Enterprise PP 8.5x11 RY24 Wkly/Mthly Safety Wirebound - | J4: WEEKLY APPOINTMENT BOOK | K4: RY | L4: Navy Blue/Enterprise | M4: FASHION | N4: WEEKLY/MONTHLY | O4: LARGE | P4: BLUESKY | Q4: BLUE SKY COLOR OF IMAGINATION
A5: 143939 | C5: 5170401 | E5: RETAIL ONLY N/A | F5: APPT. BOOKS/PLANNERS | G5: 422 DATED BOOKS/REFILLS | H5: 27 APPT BOOKS/PLANNERS | I5: Sustainability Planning Calendar BSS Dark Garden Textured Folded Artcard 8.5x11 RY24 Wkly/Mthly Safety Wirebound - | J5: WEEKLY APPOINTMENT BOOK | K5: RY | L5: Dark Garden | M5: FASHION | N5: WEEKLY/MONTHLY | O5: POCKET | P5: BLUESKY | Q5: BLUE SKY COLOR OF IMAGINATION
A6: 143957 | C6: 5272603 | E6: RETAIL ONLY N/A | F6: APPT. BOOKS/PLANNERS | G6: 422 DATED BOOKS/REFILLS | H6: 27 APPT BOOKS/PLANNERS | I6: Planning Calendar BS Ashlyn Navy PP 8.5x11 RY24 Wkly/Mthly Safety Wirebound - | J6: WEEKLY APPOINTMENT BOOK | K6: RY | L6: Ashlyn Navy | M6: FASHION | N6: WEEKLY/MONTHLY | O6: LARGE | P6: BLUESKY | Q6: BLUE SKY COLOR OF IMAGINATION
A7: 143940 | C7: 5572058 | E7: RETAIL ONLY N/A | F7: APPT. BOOKS/PLANNERS | G7: 422 DATED BOOKS/REFILLS | H7: 27 APPT BOOKS/PLANNERS | I7: Sustainability Planning Calendar BSS Dark Garden Textured Folded Artcard 5x8 RY24 Wkly/Mthly Safety Wirebound - | J7: WEEKLY APPOINTMENT BOOK | K7: RY | L7: Dark Garden | M7: FASHION | N7: WEEKLY/MONTHLY | O7: POCKET | P7: BLUESKY | Q7: BLUE SKY COLOR OF IMAGINATION
A8: 142878 | C8: 5646875 | E8: RETAIL ONLY N/A | F8: APPT. BOOKS/PLANNERS | G8: 422 DATED BOOKS/REFILLS | H8: 27 APPT BOOKS/PLANNERS | I8: inkWELL Press Planning Calendar IWP Tavi CYO 5x8 RY24 Wkly/Mthly Safety Wirebound - | J8: WEEKLY APPOINTMENT BOOK | K8: RY | L8: Tavi | M8: FASHION | N8: WEEKLY/MONTHLY | O8: SMALL | P8: BLUESKY | Q8: BLUE SKY COLOR OF IMAGINATION
A9: 144076 | C9: 5736374 | E9: RETAIL ONLY N/A | F9: WALL CALENDAR | G9: 683 CALENDARS | H9: 1388 WALL CALENDARS | I9: Wall Calendar BS Tula - 15x12 RY24 Monthly Safety Wirebound - | J9: Monthly | K9: RY | L9: tula | M9: FASHION | N9: MONTHLY | O9: MEDIUM | P9: BLUESKY | Q9: BLUE SKY COLOR OF IMAGINATION
A10: 146581 | C10: 5960704 | E10: RETAIL ONLY N/A | F10: APPT. BOOKS/PLANNERS | G10: 422 DATED BOOKS/REFILLS | H10: 27 APPT BOOKS/PLANNERS | I10: Sustainability Planning Calendar BSS Branches Pink Textured Folded Artcard 3*6x8 RY24 Wkly/Mthly Safety Wirebound - | J10: WEEKLY APPOINTMENT BOOK | K10: RY | L10: Branches Pink | M10: FASHION | N10: WEEKLY/MONTHLY | O10: POCKET | P10: BLUESKY | Q10: BLUE SKY COLOR OF IMAGINATION
A11: 145152 | C11: 6116623 | E11: RETAIL ONLY N/A | F11: APPT. BOOKS/PLANNERS | G11: 422 DATED BOOKS/REFILLS | H11: 27 APPT BOOKS/PLANNERS | I11: ASMBLD Planning Calendar AMB Gray 2 PP 8.5x11 RY24 Wkly/Mthly Safety Wirebound - | J11: WEEKLY APPOINTMENT BOOK | K11: RY | L11: ASMBLD -grey | M11: CORE | N11: WEEKLY/MONTHLY | O11: LARGE | P11: BLUESKY | Q11: BLUE SKY COLOR OF IMAGINATION
A12: 142991 | C12: 6117646 | E12: RETAIL ONLY N/A | F12: APPT. BOOKS/PLANNERS | G12: 422 DATED BOOKS/REFILLS | H12: 27 APPT BOOKS/PLANNERS | I12: Planning Calendar Navy Blue/Enterprise PP 5x8 RY24 Wkly/Mthly Safety Wirebound - | J12: WEEKLY APPOINTMENT BOOK | K12: RY | L12: Navy Blue/Enterprise | M12: FASHION | N12: WEEKLY/MONTHLY | O12: SMALL | P12: BLUESKY | Q12: BLUE SKY COLOR OF IMAGINATION
A13: 138996 | B13: 138996 | C13: 6201670 | D13: 6201670 | E13: RETAIL ONLY N/A | F13: ORGANIZER | G13: 422 DATED BOOKS/REFILLS | H13: 27 APPT BOOKS/PLANNERS | I13: PLANNER,5X8,FL TAN,RY23,NONDTD | J13: BINDER | K13: RY | L13: ASMBLD -TAN | M13: FASHION | N13: UNDATED | O13: SMALL | P13: BLUESKY | Q13: BLUE SKY COLOR OF IMAGINATION
A14: 143943 | C14: 6239776 | E14: RETAIL ONLY N/A | F14: APPT. BOOKS/PLANNERS | G14: 422 DATED BOOKS/REFILLS | H14: 27 APPT BOOKS/PLANNERS | I14: Sustainability Planning Calendar BSS Branches Pink Textured Folded Artcard 8.5x11 RY24 Wkly/Mthly Safety Wirebound - | J14: WEEKLY APPOINTMENT BOOK | K14: RY | L14: Branches Pink | M14: FASHION | N14: WEEKLY/MONTHLY | O14: LARGE | P14: BLUESKY | Q14: BLUE SKY COLOR OF IMAGINATION
A15: 144065 | C15: 6287966 | E15: RETAIL ONLY N/A | F15: APPT. BOOKS/PLANNERS | G15: 422 DATED BOOKS/REFILLS | H15: 27 APPT BOOKS/PLANNERS | I15: Planning Calendar Notes BS Brosnan Clear PET 5.875x8.625 RY24 Wkly/Mthly Safety Wirebound - | J15: WEEKLY APPOINTMENT BOOK | K15: RY | L15: Brosnan | M15: FASHION | N15: WEEKLY/MONTHLY | O15: SMALL | P15: BLUESKY | Q15: BLUE SKY COLOR OF IMAGINATION
A16: 143991 | B16: 138994 | C16: 6603167 | D16: 9554948 | E16: RETAIL ONLY N/A | F16: ORGANIZER | G16: 422 DATED BOOKS/REFILLS | H16: 27 APPT BOOKS/PLANNERS | I16: PLANNER,5X8,FL TAN,RY23,WM | J16: BINDER | K16: RY | L16: ASMBLD -TAN | M16: FASHION | N16: WEEKLY | O16: SMALL | P16: BLUESKY | Q16: BLUE SKY COLOR OF IMAGINATION
A17: 143358 | C17: 6788500 | E17: RETAIL ONLY N/A | F17: APPT. BOOKS/PLANNERS | G17: 422 DATED BOOKS/REFILLS | H17: 27 APPT BOOKS/PLANNERS | I17: inkWELL Press Planning Calendar IWP Airia Gray Frosted PP 8.5x11 RY24 Wkly/Mthly Safety Wirebound - | J17: WEEKLY APPOINTMENT BOOK | K17: RY | L17: Airia | M17: FASHION | N17: WEEKLY/MONTHLY | O17: LARGE | P17: BLUESKY | Q17: BLUE SKY COLOR OF IMAGINATION
A18: 143989 | B18: 138993 | C18: 6903284 | D18: 9020986 | E18: RETAIL ONLY N/A | F18: ORGANIZER | G18: 422 DATED BOOKS/REFILLS | H18: 27 APPT BOOKS/PLANNERS | I18: PLANNER,8X11,FL TAN,RY23,WM | J18: BINDER | K18: RY | L18: ASMBLD -TAN | M18: FASHION | N18: WEEKLY | O18: LARGE | P18: BLUESKY | Q18: BLUE SKY COLOR OF IMAGINATION
A19: 143971 | C19: 6976145 | E19: RETAIL ONLY N/A | F19: APPT. BOOKS/PLANNERS | G19: 422 DATED BOOKS/REFILLS | H19: 27 APPT BOOKS/PLANNERS | I19: Planning Calendar BS Tula PP 8.5x11 RY24 Wkly/Mthly Safety Wirebound - | J19: WEEKLY APPOINTMENT BOOK | K19: RY | L19: Tula | M19: FASHION | N19: WEEKLY/MONTHLY | O19: LARGE | P19: BLUESKY | Q19: BLUE SKY COLOR OF IMAGINATION
A20: 143944 | C20: 7083922 | E20: RETAIL ONLY N/A | F20: APPT. BOOKS/PLANNERS | G20: 422 DATED BOOKS/REFILLS | H20: 27 APPT BOOKS/PLANNERS | I20: Sustainability Planning Calendar BSS Branches Pink Textured Folded Artcard 5x8 RY24 Wkly/Mthly Safety Wirebound - | J20: WEEKLY APPOINTMENT BOOK | K20: RY | L20: Branches Pink | M20: FASHION | N20: WEEKLY/MONTHLY | O20: SMALL | P20: BLUESKY | Q20: BLUE SKY COLOR OF IMAGINATION
A21: 143964 | C21: 7296249 | E21: RETAIL ONLY N/A | F21: APPT. BOOKS/PLANNERS | G21: 422 DATED BOOKS/REFILLS | H21: 27 APPT BOOKS/PLANNERS | I21: Planning Calendar BS Eugene/Solid Sea Glass PP 8.5x11 RY24 Wkly/Mthly Safety Wirebound - | J21: WEEKLY APPOINTMENT BOOK | K21: RY | L21: Eugene/Sea Glass | M21: FASHION | N21: WEEKLY/MONTHLY | O21: LARGE | P21: BLUESKY | Q21: BLUE SKY COLOR OF IMAGINATION
A22: 143976 | B22: 138998 | C22: 7325729 | D22: 8582413 | E22: RETAIL ONLY N/A | F22: APPT. BOOKS/PLANNERS | G22: 422 DATED BOOKS/REFILLS | H22: 27 APPT BOOKS/PLANNERS | I22: PLANNER,5X8,FL PASSAGE,RY23,WM | J22: WEEKLY APPOINTMENT BOOK | K22: RY | L22: Passages | M22: CORE | N22: WEEKLY/MONTHLY | O22: SMALL | P22: BLUESKY | Q22: BLUE SKY COLOR OF IMAGINATION
A23: 143357 | C23: 7488607 | E23: RETAIL ONLY N/A | F23: APPT. BOOKS/PLANNERS | G23: 422 DATED BOOKS/REFILLS | H23: 27 APPT BOOKS/PLANNERS | I23: inkWELL Press Planning Calendar Notes IWP Airia Gray Frosted PP 5.875x8.625 RY24 Wkly/Mthly Safety Wirebound - | J23: WEEKLY APPOINTMENT BOOK | K23: RY | L23: Airia | M23: FASHION | N23: WEEKLY/MONTHLY | O23: SMALL | P23: BLUESKY | Q23: BLUE SKY COLOR OF IMAGINATION
A24: 143959 | C24: 7520729 | E24: RETAIL ONLY N/A | F24: APPT. BOOKS/PLANNERS | G24: 422 DATED BOOKS/REFILLS | H24: 27 APPT BOOKS/PLANNERS | I24: Planning Calendar BS Ashlyn Navy Clear 3.625x6.125 RY24 Monthly Stapled - | J24: WEEKLY APPOINTMENT BOOK | K24: RY | L24: Ashlyn Navy | M24: FASHION | N24: WEEKLY/MONTHLY | O24: POCKET | P24: BLUESKY | Q24: BLUE SKY COLOR OF IMAGINATION
A25: 142877 | C25: 7619424 | E25: RETAIL ONLY N/A | F25: APPT. BOOKS/PLANNERS | G25: 422 DATED BOOKS/REFILLS | H25: 27 APPT BOOKS/PLANNERS | I25: inkWELL Press Planning Calendar IWP Tavi CYO 8.5x11 RY24 Wkly/Mthly Safety Wirebound - | J25: WEEKLY APPOINTMENT BOOK | K25: RY | L25: Tavi | M25: FASHION | N25: WEEKLY/MONTHLY | O25: LARGE | P25: BLUESKY | Q25: BLUE SKY COLOR OF IMAGINATION
A26: 143965 | C26: 7752309 | E26: RETAIL ONLY N/A | F26: APPT. BOOKS/PLANNERS | G26: 422 DATED BOOKS/REFILLS | H26: 27 APPT BOOKS/PLANNERS | I26: Planning Calendar BS Carlsen Clear PET 5x8 RY24 Wkly/Mthly Safety Wirebound - | J26: WEEKLY APPOINTMENT BOOK | K26: RY | L26: Carlsen | M26: FASHION | N26: WEEKLY/MONTHLY | O26: SMALL | P26: BLUESKY | Q26: BLUE SKY COLOR OF IMAGINATION
A27: 143958 | C27: 7920962 | E27: RETAIL ONLY N/A | F27: APPT. BOOKS/PLANNERS | G27: 422 DATED BOOKS/REFILLS | H27: 27 APPT BOOKS/PLANNERS | I27: Planning Calendar BS Ashlyn Navy PP 5x8 RY24 Wkly/Mthly Safety Wirebound - | J27: WEEKLY APPOINTMENT BOOK | K27: RY | L27: Ashlyn Navy | M27: FASHION | N27: WEEKLY/MONTHLY | O27: SMALL | P27: BLUESKY | Q27: BLUE SKY COLOR OF IMAGINATION
A28: 143963 | C28: 7970933 | E28: RETAIL ONLY N/A | F28: APPT. BOOKS/PLANNERS | G28: 422 DATED BOOKS/REFILLS | H28: 27 APPT BOOKS/PLANNERS | I28: Planning Calendar BS Carlsen Clear PET 8.5x11 RY24 Wkly/Mthly Safety Wirebound - | J28: WEEKLY APPOINTMENT BOOK | K28: RY | L28: Carlsen | M28: FASHION | N28: WEEKLY/MONTHLY | O28: LARGE | P28: BLUESKY | Q28: BLUE SKY COLOR OF IMAGINATION
A29: 144063 | C29: 7986462 | E29: RETAIL ONLY N/A | F29: APPT. BOOKS/PLANNERS | G29: 422 DATED BOOKS/REFILLS | H29: 27 APPT BOOKS/PLANNERS | I29: Planning Calendar BS Brosnan Clear PET 8.5x11 RY24 Wkly/Mthly Safety Wirebound - | J29: WEEKLY APPOINTMENT BOOK | K29: RY | L29: Brosnan | M29: FASHION | N29: WEEKLY/MONTHLY | O29: LARGE | P29: BLUESKY | Q29: BLUE SKY COLOR OF IMAGINATION
A30: 143966 | C30: 8155482 | E30: RETAIL ONLY N/A | F30: APPT. BOOKS/PLANNERS | G30: 422 DATED BOOKS/REFILLS | H30: 27 APPT BOOKS/PLANNERS | I30: Planning Calendar BS Eugene/Solid Sea Glass PP 5x8 RY24 Wkly/Mthly Safety Wirebound - | J30: WEEKLY APPOINTMENT BOOK | K30: RY | L30: Eugene/Sea Glass | M30: FASHION | N30: WEEKLY/MONTHLY | O30: SMALL | P30: BLUESKY | Q30: BLUE SKY COLOR OF IMAGINATION
A31: 145154 | C31: 8321889 | E31: RETAIL ONLY N/A | F31: APPT. BOOKS/PLANNERS | G31: 422 DATED BOOKS/REFILLS | H31: 27 APPT BOOKS/PLANNERS | I31: ASMBLD Planning Calendar AMB Gray 2 PP 5x8 RY24 Wkly/Mthly Safety Wirebound - | J31: WEEKLY APPOINTMENT BOOK | K31: RY | L31: ASMBLD -grey | M31: CORE | N31: WEEKLY/MONTHLY | O31: SMALL | P31: BLUESKY | Q31: BLUE SKY COLOR OF IMAGINATION
A32: 143975 | B32: 138997 | C32: 8731272 | D32: 6032068 | E32: RETAIL ONLY N/A | F32: APPT. BOOKS/PLANNERS | G32: 422 DATED BOOKS/REFILLS | H32: 27 APPT BOOKS/PLANNERS | I32: PLANNER,8X11,FL PSGES,RY23,WM | J32: WEEKLY APPOINTMENT BOOK | K32: RY | L32: Passages | M32: CORE | N32: WEEKLY/MONTHLY | O32: LARGE | P32: BLUESKY | Q32: BLUE SKY COLOR OF IMAGINATION
A33: 145153 | C33: 8968592 | E33: RETAIL ONLY N/A | F33: APPT. BOOKS/PLANNERS | G33: 422 DATED BOOKS/REFILLS | H33: 27 APPT BOOKS/PLANNERS | I33: ASMBLD Planning Calendar AMB Gray 2 PP 7x9 RY24 Wkly/Mthly Safety Wirebound - | J33: WEEKLY APPOINTMENT BOOK | K33: RY | L33: ASMBLD -grey | M33: CORE | N33: WEEKLY/MONTHLY | O33: MEDIUM | P33: BLUESKY | Q33: BLUE SKY COLOR OF IMAGINATION
A34: 143990 | B34: 138995 | C34: 9034496 | D34: 8482200 | E34: RETAIL ONLY N/A | F34: ORGANIZER | G34: 422 DATED BOOKS/REFILLS | H34: 27 APPT BOOKS/PLANNERS | I34: PLANNER,7X9,FL TAN,RY23,MTHLY | J34: BINDER | K34: RY | L34: ASMBLD -TAN | M34: FASHION | N34: MONTHLY | O34: MEDIUM | P34: BLUESKY | Q34: BLUE SKY COLOR OF IMAGINATION
A35: 143974 | C35: 9486948 | E35: RETAIL ONLY N/A | F35: APPT. BOOKS/PLANNERS | G35: 422 DATED BOOKS/REFILLS | H35: 27 APPT BOOKS/PLANNERS | I35: Planning Calendar BS Tula PP 5x8 RY24 Wkly/Mthly Safety Wirebound - | J35: WEEKLY APPOINTMENT BOOK | K35: RY | L35: Tula | M35: FASHION | N35: WEEKLY/MONTHLY | O35: SMALL | P35: BLUESKY | Q35: BLUE SKY COLOR OF IMAGINATION
A36: 144839 | C36: 9640839 | E36: RETAIL ONLY N/A | F36: APPT. BOOKS/PLANNERS | G36: 422 DATED BOOKS/REFILLS | H36: 27 APPT BOOKS/PLANNERS | I36: Planning Calendar Notes BS Modesto/Solid Purple PP 5.875x8.625 RY24 Wkly/Mthly Safety Wirebound - | J36: WEEKLY APPOINTMENT BOOK | K36: RY | L36: Modesto/Purple | M36: FASHION | N36: WEEKLY/MONTHLY | O36: SMALL | P36: BLUESKY | Q36: BLUE SKY COLOR OF IMAGINATION
A37: 140088-24 | B37: 140088-23 | C37: 5105374 | D37: 5496405 | E37: KEEP | F37: APPT. BOOKS/PLANNERS | G37: 422 DATED BOOKS/REFILLS | H37: 27 APPT BOOKS/PLANNERS | I37: Plr,5x8,Sophie,RY24, WM | J37: WEEKLY APPOINTMENT BOOK | K37: RY | L37: SOPHIE | M37: FASHION | N37: WEEKLY/MONTHLY | O37: SMALL | P37: BLUESKY | Q37: BLUE SKY COLOR OF IMAGINATION
A38: 103618-24 | B38: 103618-23 | C38: 5294289 | D38: 7476898 | E38: KEEP | F38: APPT. BOOKS/PLANNERS | G38: 422 DATED BOOKS/REFILLS | H38: 27 APPT BOOKS/PLANNERS | I38: Plr,8.5x11,PeytonWhite,RY24,WM | J38: WEEKLY APPOINTMENT BOOK | K38: RY | L38: PEYTON WHITE | M38: FASHION | N38: WEEKLY/MONTHLY | O38: LARGE | P38: BLUESKY | Q38: BLUE SKY COLOR OF IMAGINATION
A39: 101593-24 | B39: 101593-23 | C39: 5391560 | D39: 9596244 | E39: KEEP | F39: WALL CALENDAR | G39: 683 CALENDARS | H39: 1388 WALL CALENDARS | I39: WalCal,11x8.75,Lindley,RY24,M | J39: WALL CALENDAR | K39: RY | L39: LINDLEY | M39: FASHION | N39: YEARLY | O39: SMALLL | P39: BLUESKY | Q39: BLUE SKY COLOR OF IMAGINATION
A40: 111294-24 | B40: 111294-23 | C40: 5405888 | D40: 9814460 | E40: KEEP | F40: DESK PAD | G40: 683 CALENDARS | H40: 355 DESK CALENDARS | I40: Desk Pad BS Enterprise - 22x17 RY23 Monthly Trim Tape | J40: DESK PAD | K40: RY | L40: ENTERPRISE | M40: CORE | N40: MONTHLY | O40: STANDARD | P40: BLUESKY | Q40: BLUE SKY COLOR OF IMAGINATION
A41: 142084-24 | B41: 137270-23 | C41: 5497326 | D41: 7353673 | E41: KEEP | F41: APPT. BOOKS/PLANNERS | G41: 422 DATED BOOKS/REFILLS | H41: 27 APPT BOOKS/PLANNERS | I41: Plr,5x8,BCA Orchid,RY24, WM | J41: WEEKLY APPOINTMENT BOOK | K41: RY | L41: ORCHID | M41: FASHION | N41: WEEKLY/MONTHLY | O41: SMALL | P41: BLUESKY | Q41: BLUE SKY COLOR OF IMAGINATION
A42: 140946-24 | C42: 5538748 | E42: ADD | F42: APPT. BOOKS/PLANNERS | G42: 422 DATED BOOKS/REFILLS | H42: 27 APPT BOOKS/PLANNERS | I42: Plr,5x8,MidnightGardn,RY24, WM | J42: WEEKLY APPOINTMENT BOOK | K42: RY | L42: MIDNIGHT GARDEN | M42: FASHION | N42: WEEKLY/MONTHLY | O42: SMALL | P42: BLUESKY | Q42: BLUE SKY COLOR OF IMAGINATION
A43: 137261-24 | B43: 137261-23 | C43: 5551582 | D43: 8959881 | E43: KEEP | F43: APPT. BOOKS/PLANNERS | G43: 422 DATED BOOKS/REFILLS | H43: 27 APPT BOOKS/PLANNERS | I43: Plr,8.5x11,BakahBlue,RY24,WM | J43: WEEKLY APPOINTMENT BOOK | K43: RY | L43: Bakah Blue | M43: FASHION | N43: WEEKLY/MONTHLY | O43: LARGE | P43: BLUESKY | Q43: BLUE SKY COLOR OF IMAGINATION
A44: 100011-24 | B44: 100011-23 | C44: 5610946 | D44: 8114504 | E44: KEEP | F44: APPT. BOOKS/PLANNERS | G44: 422 DATED BOOKS/REFILLS | H44: 27 APPT BOOKS/PLANNERS | I44: PLANNER,8X10,PASSAGES,RY23,M | J44: MONTHLY APPOINTMENT BOOK | K44: RY | L44: PASSAGES | M44: CORE | N44: MONTHLY | O44: LARGE | P44: BLUESKY | Q44: BLUE SKY COLOR OF IMAGINATION
A45: 110215-24 | B45: 110215-23 | C45: 5735202 | D45: 8977418 | E45: KEEP | F45: DESK PAD | G45: 683 CALENDARS | H45: 355 DESK CALENDARS | I45: DskPd,22x17,BaccaraDrk,RY24,M | J45: DESK PAD | K45: RY | L45: BACCARA DARK | M45: FASHION | N45: MONTHLY | O45: STANDARD | P45: BLUESKY | Q45: BLUE SKY COLOR OF IMAGINATION
A46: 100009-24 | B46: 100009-23 | C46: 5755435 | D46: 9825449 | E46: KEEP | F46: APPT. BOOKS/PLANNERS | G46: 422 DATED BOOKS/REFILLS | H46: 27 APPT BOOKS/PLANNERS | I46: Appointment Book BS Passages PP 8.5x11 RY23 Wkly/Mthly Safety Wirebound | J46: WEEKLY APPOINTMENT BOOK | K46: RY | L46: PASSAGES | M46: CORE | N46: WEEKLY/MONTHLY | O46: LARGE | P46: BLUESKY | Q46: BLUE SKY COLOR OF IMAGINATION
A47: 100003-24 | B47: 100003-23 | C47: 5762731 | D47: 9828357 | E47: KEEP | F47: APPT. BOOKS/PLANNERS | G47: 422 DATED BOOKS/REFILLS | H47: 27 APPT BOOKS/PLANNERS | I47: Plr,5x8,Analeis,RY24, WM | J47: WEEKLY APPOINTMENT BOOK | K47: RY | L47: ANALEIS | M47: FASHION | N47: WEEKLY/MONTHLY | O47: SMALL | P47: BLUESKY | Q47: BLUE SKY COLOR OF IMAGINATION
A48: 139480-24 | B48: 137262-23 | C48: 5828267 | E48: ADD | F48: APPT. BOOKS/PLANNERS | G48: 422 DATED BOOKS/REFILLS | H48: 27 APPT BOOKS/PLANNERS | I48: Plr,7x9,Marina,RY24,M | J48: WEEKLY APPOINTMENT BOOK | K48: RY | L48: MARINA | M48: FASHION | N48: MONTHLY | O48: MEDIUM | P48: BLUESKY | Q48: BLUE SKY COLOR OF IMAGINATION
A49: 135723-24 | B49: 135723-23 | C49: 5834067 | D49: 8235151 | E49: KEEP | F49: APPT. BOOKS/PLANNERS | G49: 422 DATED BOOKS/REFILLS | H49: 27 APPT BOOKS/PLANNERS | I49: Plr,8.5x11,Spanish,RY24,WM | J49: WEEKLY APPOINTMENT BOOK | K49: RY | L49: SPANISH | M49: CORE | N49: WEEKLY/MONTHLY | O49: LARGE | P49: BLUESKY | Q49: BLUE SKY COLOR OF IMAGINATION
A50: 140101-24 | B50: 140101-23 | C50: 5896221 | D50: 6477861 | E50: KEEP | F50: APPT. BOOKS/PLANNERS | G50: 422 DATED BOOKS/REFILLS | H50: 27 APPT BOOKS/PLANNERS | I50: Plr,8.5x11,SecretGardn,RY24,WM | J50: WEEKLY APPOINTMENT BOOK | K50: RY | L50: Secret Garden Mint | M50: FASHION | N50: WEEKLY/MONTHLY | O50: LARGE | P50: BLUESKY | Q50: BLUE SKY COLOR OF IMAGINATION
A51: 110212-24 | B51: 110212-23 | C51: 5967693 | D51: 5126323 | E51: KEEP | F51: APPT. BOOKS/PLANNERS | G51: 422 DATED BOOKS/REFILLS | H51: 27 APPT BOOKS/PLANNERS | I51: Plr,5x8,BaccaraDrk,RY24, WM | J51: WEEKLY APPOINTMENT BOOK | K51: RY | L51: BACCARA DARK | M51: FASHION | N51: WEEKLY/MONTHLY | O51: SMALL | P51: BLUESKY | Q51: BLUE SKY COLOR OF IMAGINATION
A52: 100024-24 | B52: 100024-23 | C52: 6007791 | D52: 5977832 | E52: KEEP | F52: DESK PAD | G52: 683 CALENDARS | H52: 355 DESK CALENDARS | I52: DskPd,17x11,Lindley,RY24,M | J52: DESK PAD | K52: RY | L52: LINDLEY | M52: FASHION | N52: MONTHLY | O52: COMPACT | P52: BLUESKY | Q52: BLUE SKY COLOR OF IMAGINATION
A53: 103617-24 | B53: 103617-23 | C53: 6020827 | D53: 5501625 | E53: KEEP | F53: APPT. BOOKS/PLANNERS | G53: 422 DATED BOOKS/REFILLS | H53: 27 APPT BOOKS/PLANNERS | I53: Plr,8.5x11,PeytonNavy,RY24,WM | J53: WEEKLY APPOINTMENT BOOK | K53: RY | L53: PEYTON NAVY | M53: FASHION | N53: WEEKLY/MONTHLY | O53: LARGE | P53: BLUESKY | Q53: BLUE SKY COLOR OF IMAGINATION
A54: 137275-24 | B54: 137275-23 | C54: 6028703 | D54: 9765454 | E54: KEEP | F54: APPT. BOOKS/PLANNERS | G54: 422 DATED BOOKS/REFILLS | H54: 27 APPT BOOKS/PLANNERS | I54: Plr,5x8,Grenada,RY24, WM | J54: WEEKLY APPOINTMENT BOOK | K54: RY | L54: Grenada | M54: FASHION | N54: WEEKLY/MONTHLY | O54: SMALL | P54: BLUESKY | Q54: BLUE SKY COLOR OF IMAGINATION
A55: 137950-24 | B55: 137950-23 | C55: 6180239 | D55: 7578542 | E55: KEEP | F55: APPT. BOOKS/PLANNERS | G55: 422 DATED BOOKS/REFILLS | H55: 27 APPT BOOKS/PLANNERS | I55: PLANNER,5X8,ANDREO,RY23,WM | J55: WEEKLY APPOINTMENT BOOK | K55: RY | L55: Andreo | M55: FASHION | N55: WEEKLY/MONTHLY | O55: SMALL | P55: BLUESKY | Q55: BLUE SKY COLOR OF IMAGINATION
A56: 137948-24 | B56: 137948-23 | C56: 6204272 | D56: 9885450 | E56: KEEP | F56: APPT. BOOKS/PLANNERS | G56: 422 DATED BOOKS/REFILLS | H56: 27 APPT BOOKS/PLANNERS | I56: PLANNER,8X11,ANDREO,RY23,WM | J56: WEEKLY APPOINTMENT BOOK | K56: RY | L56: Andreo | M56: FASHION | N56: WEEKLY/MONTHLY | O56: LARGE | P56: BLUESKY | Q56: BLUE SKY COLOR OF IMAGINATION
A57: 117888-24 | B57: 101611-23 | C57: 6240035 | E57: ADD | F57: WALL CALENDAR | G57: 683 CALENDARS | H57: 1388 WALL CALENDARS | I57: WC,15x12,LindleyMulti,RY24,M | J57: WALL CALENDAR | K57: RY | L57: LINDLEY | M57: FASHION | N57: YEARLY | O57: MEDIUM | P57: BLUESKY | Q57: BLUE SKY COLOR OF IMAGINATION
A58: 111292-24 | B58: 111292-23 | C58: 6282986 | D58: 8686191 | E58: KEEP | F58: WALL CALENDAR | G58: 683 CALENDARS | H58: 1388 WALL CALENDARS | I58: WalCal,15x12,Enterprise,RY24,M | J58: WALL CALENDAR | K58: RY | L58: ENTERPRISE | M58: CORE | N58: MONTHLY | O58: MEDIUM | P58: BLUESKY | Q58: BLUE SKY COLOR OF IMAGINATION
A59: 110395-24 | B59: 110395-23 | C59: 6379013 | D59: 8580697 | E59: KEEP | F59: APPT. BOOKS/PLANNERS | G59: 422 DATED BOOKS/REFILLS | H59: 27 APPT BOOKS/PLANNERS | I59: Plr,8x10,Joselyn,RY24,M | J59: MONTHLY APPOINTMENT BOOK | K59: RY | L59: JOSELYN | M59: FASHION | N59: MONTHLY | O59: LARGE | P59: BLUESKY | Q59: BLUE SKY COLOR OF IMAGINATION
A60: 137268-24 | B60: 137268-23 | C60: 6442647 | D60: 9204666 | E60: KEEP | F60: APPT. BOOKS/PLANNERS | G60: 422 DATED BOOKS/REFILLS | H60: 27 APPT BOOKS/PLANNERS | I60: Plr,8.5x11,BCA ORchid,RY24,WM | J60: WEEKLY APPOINTMENT BOOK | K60: RY | L60: ORCHID | M60: FASHION | N60: WEEKLY/MONTHLY | O60: LARGE | P60: BLUESKY | Q60: BLUE SKY COLOR OF IMAGINATION
A61: 101613-24 | B61: 101613-23 | C61: 6717424 | D61: 7471349 | E61: KEEP | F61: WALL CALENDAR | G61: 683 CALENDARS | H61: 1388 WALL CALENDARS | I61: Wall Calendar BS Rue Du Flore - 11x8.75 RY23 Monthly Safety Wirebound | J61: WALL CALENDAR | K61: RY | L61: RUE DU FLORE | M61: FASHION | N61: MONTHLY | O61: SMALL | P61: BLUESKY | Q61: BLUE SKY COLOR OF IMAGINATION
A62: 116052-24 | B62: 116052-23 | C62: 6763728 | D62: 8490972 | E62: KEEP | F62: WALL CALENDAR | G62: 683 CALENDARS | H62: 1388 WALL CALENDARS | I62: CALENDAR,WALL,11X8,BCDK,RY23,M | J62: WALL CALENDAR | K62: RY | L62: BACCARA DARK | M62: FASHION | N62: MONTHLY | O62: SMALL | P62: BLUESKY | Q62: BLUE SKY COLOR OF IMAGINATION
A63: 140944-24 | C63: 6795257 | E63: ADD | F63: APPT. BOOKS/PLANNERS | G63: 422 DATED BOOKS/REFILLS | H63: 27 APPT BOOKS/PLANNERS | I63: Planning Calendar KV Midnight Garden PP 8.5x11 RY24 Wkly/Mthly Safety Wirebound - | J63: WEEKLY APPOINTMENT BOOK | K63: RY | L63: MIDNIGHT GARDEN | M63: FASHION | N63: WEEKLY/MONTHLY | O63: LARGE | P63: BLUESKY | Q63: BLUE SKY COLOR OF IMAGINATION
A64: 117889-24 | B64: 117889-23 | C64: 6817872 | D64: 8524634 | E64: KEEP | F64: APPT. BOOKS/PLANNERS | G64: 422 DATED BOOKS/REFILLS | H64: 27 APPT BOOKS/PLANNERS | I64: Plr,8.5x11,Gili,RY24,WM | J64: WEEKLY APPOINTMENT BOOK | K64: RY | L64: GILI | M64: FASHION | N64: WEEKLY/MONTHLY | O64: LARGE | P64: BLUESKY | Q64: BLUE SKY COLOR OF IMAGINATION
A65: 137262-24 | B65: 137262-23 | C65: 6834079 | D65: 8725454 | E65: KEEP | F65: APPT. BOOKS/PLANNERS | G65: 422 DATED BOOKS/REFILLS | H65: 27 APPT BOOKS/PLANNERS | I65: Plr,7x9,Firefall,RY24,M | J65: WEEKLY APPOINTMENT BOOK | K65: RY | L65: FIREFALL | M65: CORE | N65: WEEKLY/MONTHLY | O65: LARGE | P65: BLUESKY | Q65: BLUE SKY COLOR OF IMAGINATION
A66: 101411-24 | B66: 101411-23 | C66: 6953770 | D66: 8515449 | E66: KEEP | F66: APPT. BOOKS/PLANNERS | G66: 422 DATED BOOKS/REFILLS | H66: 27 APPT BOOKS/PLANNERS | I66: Plr,8.5x11,Tile,RY24,WM | J66: WEEKLY APPOINTMENT BOOK | K66: RY | L66: TILE | M66: FASHION | N66: WEEKLY/MONTHLY | O66: LARGE | P66: BLUESKY | Q66: BLUE SKY COLOR OF IMAGINATION
A67: 140945-24 | C67: 7129690 | E67: ADD | F67: APPT. BOOKS/PLANNERS | G67: 422 DATED BOOKS/REFILLS | H67: 27 APPT BOOKS/PLANNERS | I67: Planning Calendar KV Magenta Blooms PP 8.5x11 RY24 Wkly/Mthly Safety Wirebound - | J67: WEEKLY APPOINTMENT BOOK | K67: RY | L67: Magenta Blooms | M67: FASHION | N67: WEEKLY/MONTHLY | O67: LARGE | P67: BLUESKY | Q67: BLUE SKY COLOR OF IMAGINATION
A68: 138329-24 | B68: 138329-23 | C68: 7244040 | D68: 8116742 | E68: KEEP | F68: APPT. BOOKS/PLANNERS | G68: 422 DATED BOOKS/REFILLS | H68: 27 APPT BOOKS/PLANNERS | I68: Plr,5x8,Effie,RY24, WM | J68: WEEKLY APPOINTMENT BOOK | K68: RY | L68: Effie | M68: FASHION | N68: WEEKLY/MONTHLY | O68: SMALL | P68: BLUESKY | Q68: BLUE SKY COLOR OF IMAGINATION
A69: 140089-24 | B69: 140089-23 | C69: 7275890 | D69: 8022235 | E69: KEEP | F69: DESK PAD | G69: 683 CALENDARS | H69: 355 DESK CALENDARS | I69: DskPd,17x11,Sophie,RY24,M | J69: MONTHLY APPOINTMENT BOOK | K69: RY | L69: Sophie | M69: FASHION | N69: MONTHLY | O69: COMPACT | P69: BLUESKY | Q69: BLUE SKY COLOR OF IMAGINATION
A70: 142098-24 | B70: 103622-23 | C70: 7341243 | D70: 9568847 | E70: KEEP | F70: APPT. BOOKS/PLANNERS | G70: 422 DATED BOOKS/REFILLS | H70: 27 APPT BOOKS/PLANNERS | I70: Plr,8x10,NavyStripe,RY24,Daily | J70: DAILY APPOINTMENT BOOK | K70: RY | L70: NAVY STRIPE | M70: FASHION | N70: DAILY | O70: LARGE | P70: BLUESKY | Q70: BLUE SKY COLOR OF IMAGINATION
A71: 101602-24 | B71: 101602-23 | C71: 7431099 | D71: 8568275 | E71: KEEP | F71: APPT. BOOKS/PLANNERS | G71: 422 DATED BOOKS/REFILLS | H71: 27 APPT BOOKS/PLANNERS | I71: Plr,8.5x11,RueDuFlore,RY24,WM | J71: WEEKLY APPOINTMENT BOOK | K71: RY | L71: RUE DU FLORE | M71: FASHION | N71: WEEKLY/MONTHLY | O71: LARGE | P71: BLUESKY | Q71: BLUE SKY COLOR OF IMAGINATION
A72: 111288-24 | B72: 111288-23 | C72: 7532250 | D72: 9827682 | E72: KEEP | F72: APPT. BOOKS/PLANNERS | G72: 422 DATED BOOKS/REFILLS | H72: 27 APPT BOOKS/PLANNERS | I72: Plr,8.5x11,enterprise,RY24,WM | J72: WEEKLY APPOINTMENT BOOK | K72: RY | L72: ENTERPRISE | M72: CORE | N72: WEEKLY/MONTHLY | O72: LARGE | P72: BLUESKY | Q72: BLUE SKY COLOR OF IMAGINATION
A73: 100018-24 | B73: 100018-23 | C73: 7673038 | D73: 8014868 | E73: KEEP | F73: DESK PAD | G73: 683 CALENDARS | H73: 355 DESK CALENDARS | I73: Desk Pad BS Lindley - 22x17 RY23 Monthly Trim Tape | J73: DESK PAD | K73: RY | L73: Lindley | M73: FASHION | N73: MONTHLY | O73: STANDARD | P73: BLUESKY | Q73: BLUE SKY COLOR OF IMAGINATION
A74: 139479-24 | C74: 7708127 | E74: ADD | F74: APPT. BOOKS/PLANNERS | G74: 422 DATED BOOKS/REFILLS | H74: 27 APPT BOOKS/PLANNERS | I74: Life - Note it® Planning Calendar + Notes LNI Leah Frosted PP 8.5x11 RY24 Wkly/Mthly Safety Wirebound - | J74: WEEKLY APPOINTMENT BOOK | K74: RY | L74: LEAH | M74: FASHION | N74: WEEKLY/MONTHLY | O74: LARGE | P74: BLUESKY | Q74: BLUE SKY COLOR OF IMAGINATION
A75: 140092-24 | B75: 140092-23 | C75: 7738537 | D75: 9135813 | E75: KEEP | F75: APPT. BOOKS/PLANNERS | G75: 422 DATED BOOKS/REFILLS | H75: 27 APPT BOOKS/PLANNERS | I75: Plr,8.5x11,ComngUpRose,RY24,WM | J75: WEEKLY APPOINTMENT BOOK | K75: RY | L75: Coming up Roses | M75: FASHION | N75: WEEKLY/MONTHLY | O75: LARGE | P75: BLUESKY | Q75: BLUE SKY COLOR OF IMAGINATION
A76: 101582-24 | B76: 101582-23 | C76: 7751200 | D76: 9201802 | E76: KEEP | F76: APPT. BOOKS/PLANNERS | G76: 422 DATED BOOKS/REFILLS | H76: 27 APPT BOOKS/PLANNERS | I76: Plr,8x10,Lindley,RY24,M | J76: MONTHLY APPOINTMENT BOOK | K76: RY | L76: LINDLEY | M76: FASHION | N76: MONTHLY | O76: LARGE | P76: BLUESKY | Q76: BLUE SKY COLOR OF IMAGINATION
A77: 101579-24 | B77: 101579-23 | C77: 7753719 | D77: 6850405 | E77: KEEP | F77: APPT. BOOKS/PLANNERS | G77: 422 DATED BOOKS/REFILLS | H77: 27 APPT BOOKS/PLANNERS | I77: PLANNER,5X8,LINDLEY,RY23,WM | J77: WEEKLY APPOINTMENT BOOK | K77: RY | L77: LINDLEY | M77: FASHION | N77: WEEKLY/MONTHLY | O77: SMALL | P77: BLUESKY | Q77: BLUE SKY COLOR OF IMAGINATION
A78: 140094-24 | B78: 140094-23 | C78: 7900719 | D78: 9944058 | E78: KEEP | F78: APPT. BOOKS/PLANNERS | G78: 422 DATED BOOKS/REFILLS | H78: 27 APPT BOOKS/PLANNERS | I78: Plr,5x8,ComingUpRose,RY24, WM | J78: WEEKLY APPOINTMENT BOOK | K78: RY | L78: Coming up Roses | M78: FASHION | N78: WEEKLY/MONTHLY | O78: SMALL | P78: BLUESKY | Q78: BLUE SKY COLOR OF IMAGINATION
A79: 100028-24 | B79: 100028-23 | C79: 7939991 | D79: 7193087 | E79: KEEP | F79: WALL CALENDAR | G79: 683 CALENDARS | H79: 1388 WALL CALENDARS | I79: WalCal,11x8.75,Analeis,RY24,M | J79: WALL CALENDAR | K79: RY | L79: ANALEIS | M79: FASHION | N79: YEARLY | O79: SMALL | P79: BLUESKY | Q79: BLUE SKY COLOR OF IMAGINATION
A80: 140947-24 | C80: 8071702 | E80: ADD | F80: APPT. BOOKS/PLANNERS | G80: 422 DATED BOOKS/REFILLS | H80: 27 APPT BOOKS/PLANNERS | I80: Planning Calendar KV Magenta Blooms PP 5x8 RY24 Wkly/Mthly Safety Wirebound - | J80: WEEKLY APPOINTMENT BOOK | K80: RY | L80: Magenta Blooms | M80: FASHION | N80: WEEKLY/MONTHLY | O80: SMALL | P80: BLUESKY | Q80: BLUE SKY COLOR OF IMAGINATION
A81: 140087-24 | B81: 140087-23 | C81: 8192767 | D81: 8569988 | E81: KEEP | F81: APPT. BOOKS/PLANNERS | G81: 422 DATED BOOKS/REFILLS | H81: 27 APPT BOOKS/PLANNERS | I81: Plr,8.5x11,Sophie,RY24,WM | J81: WEEKLY APPOINTMENT BOOK | K81: RY | L81: SOPHIE | M81: FASHION | N81: WEEKLY/MONTHLY | O81: LARGE | P81: BLUESKY | Q81: BLUE SKY COLOR OF IMAGINATION
A82: 140104-24 | B82: 140104-23 | C82: 8243862 | D82: 8932184 | E82: KEEP | F82: APPT. BOOKS/PLANNERS | G82: 422 DATED BOOKS/REFILLS | H82: 27 APPT BOOKS/PLANNERS | I82: Plr,8.5x11,SecretGardn,RY24,M | J82: MONTHLY APPOINTMENT BOOK | K82: RY | L82: Secret Garden Mint | M82: FASHION | N82: MONTHLY | O82: LARGE | P82: BLUESKY | Q82: BLUE SKY COLOR OF IMAGINATION
A83: 113565-23 | B83: 113565-23 | C83: 8245895 | D83: 8245895 | E83: KEEP | F83: APPT. BOOKS/PLANNERS | G83: 422 DATED BOOKS/REFILLS | H83: 27 APPT BOOKS/PLANNERS | I83: Planner BS Passages PP 5.5x8.5 RY Perpetual - Non Dated Daily Safety Wirebound | J83: DAILY APPOINTMENT BOOK | K83: RY | L83: PASSAGES | M83: CORE | N83: DAILY | O83: SMALL | P83: BLUESKY | Q83: BLUE SKY COLOR OF IMAGINATION
A84: 137277-24 | B84: 137277-23 | C84: 8310372 | D84: 5258938 | E84: KEEP | F84: APPT. BOOKS/PLANNERS | G84: 422 DATED BOOKS/REFILLS | H84: 27 APPT BOOKS/PLANNERS | I84: Plr,8.5x11,Sheridan,RY24,WM | J84: WEEKLY APPOINTMENT BOOK | K84: RY | L84: Sheridan Black | N84: WEEKLY/MONTHLY | O84: LARGE | P84: BLUESKY | Q84: BLUE SKY COLOR OF IMAGINATION
A85: 103627-24 | B85: 103627-23 | C85: 8333098 | D85: 7017253 | E85: KEEP | F85: WALL CALENDAR | G85: 683 CALENDARS | H85: 1388 WALL CALENDARS | I85: WalCal,15x12,Peyton,RY24,M | J85: WALL CALENDAR | K85: RY | L85: PEYTON | M85: FASHION | N85: YEARLY | O85: MEDIUM | P85: BLUESKY | Q85: BLUE SKY COLOR OF IMAGINATION
A86: 100010-24 | B86: 100010-23 | C86: 8374199 | D86: 6557098 | E86: KEEP | F86: APPT. BOOKS/PLANNERS | G86: 422 DATED BOOKS/REFILLS | H86: 27 APPT BOOKS/PLANNERS | I86: PLANNER,5X8,PASSAGES,RY23,WM | J86: WEEKLY APPOINTMENT BOOK | K86: RY | L86: Passages | M86: CORE | N86: WEEKLY/MONTHLY | O86: SMALL | P86: BLUESKY | Q86: BLUE SKY COLOR OF IMAGINATION
A87: 103629-24 | B87: 103629-23 | C87: 8381675 | D87: 9516248 | E87: KEEP | F87: WALL CALENDAR | G87: 683 CALENDARS | H87: 1388 WALL CALENDARS | I87: WalCal,11x8.75,Peyton,RY24,M | J87: WALL CALENDAR | K87: RY | L87: PEYTON | M87: FASHION | N87: YEARLY | O87: SMALL | P87: BLUESKY | Q87: BLUE SKY COLOR OF IMAGINATION
A88: 110211-24 | B88: 110211-23 | C88: 8388869 | D88: 5947297 | E88: KEEP | F88: APPT. BOOKS/PLANNERS | G88: 422 DATED BOOKS/REFILLS | H88: 27 APPT BOOKS/PLANNERS | I88: Plr,8.5x11,BaccaraDrk,RY24,WM | J88: WEEKLY APPOINTMENT BOOK | K88: RY | L88: BACCARA DARK | M88: FASHION | N88: WEEKLY/MONTHLY | O88: LARGE | P88: BLUESKY | Q88: BLUE SKY COLOR OF IMAGINATION
A89: 110394-24 | B89: 110394-23 | C89: 8437515 | D89: 9961824 | E89: KEEP | F89: APPT. BOOKS/PLANNERS | G89: 422 DATED BOOKS/REFILLS | H89: 27 APPT BOOKS/PLANNERS | I89: Plr,8.5x11,Joselyn,RY24,WM | J89: WEEKLY APPOINTMENT BOOK | K89: RY | L89: JOSELYN | M89: FASHION | N89: WEEKLY/MONTHLY | O89: LARGE | P89: BLUESKY | Q89: BLUE SKY COLOR OF IMAGINATION
A90: 111291-24 | B90: 111291-23 | C90: 8549132 | D90: 9083443 | E90: KEEP | F90: APPT. BOOKS/PLANNERS | G90: 422 DATED BOOKS/REFILLS | H90: 27 APPT BOOKS/PLANNERS | I90: Plr,5x8,Enterprise,RY24, WM | J90: WEEKLY APPOINTMENT BOOK | K90: RY | L90: ENTERPRISE | M90: CORE | N90: WEEKLY/MONTHLY | O90: SMALL | P90: BLUESKY | Q90: BLUE SKY COLOR OF IMAGINATION
A91: 137274-24 | B91: 137274-23 | C91: 8553560 | D91: 9109741 | E91: KEEP | F91: APPT. BOOKS/PLANNERS | G91: 422 DATED BOOKS/REFILLS | H91: 27 APPT BOOKS/PLANNERS | I91: Plr,8.5x11,Grenada,RY24,WM | J91: WEEKLY APPOINTMENT BOOK | K91: RY | L91: Grenada | M91: FASHION | N91: WEEKLY/MONTHLY | O91: LARGE | P91: BLUESKY | Q91: BLUE SKY COLOR OF IMAGINATION
A92: 137264-24 | B92: 137264-23 | C92: 8583239 | D92: 9429136 | E92: KEEP | F92: APPT. BOOKS/PLANNERS | G92: 422 DATED BOOKS/REFILLS | H92: 27 APPT BOOKS/PLANNERS | I92: Plr,8.5x11,MimiPink,RY24,WM | J92: WEEKLY APPOINTMENT BOOK | K92: RY | L92: Mimi Pink | M92: FASHION | N92: WEEKLY/MONTHLY | O92: LARGE | P92: BLUESKY | Q92: BLUE SKY COLOR OF IMAGINATION
A93: 100001-24 | B93: 100001-23 | C93: 8641939 | D93: 7163138 | E93: KEEP | F93: APPT. BOOKS/PLANNERS | G93: 422 DATED BOOKS/REFILLS | H93: 27 APPT BOOKS/PLANNERS | I93: Plr,8.5x11,Analeis,RY24,WM | J93: WEEKLY APPOINTMENT BOOK | K93: RY | L93: ANALIES | M93: FASHION | N93: WEEKLY/MONTHLY | O93: LARGE | P93: BLUESKY | Q93: BLUE SKY COLOR OF IMAGINATION
A94: 140196-24 | B94: 140196 | C94: 8679786 | D94: 5157705 | E94: KEEP | F94: APPT. BOOKS/PLANNERS | G94: 422 DATED BOOKS/REFILLS | H94: 27 APPT BOOKS/PLANNERS | I94: Planning Calendar BS Fly By Frosted PP 5x8 RY23 Wkly/Mthly Safety Wirebound - | J94: WEEKLY APPOINTMENT BOOK | K94: RY | L94: FLY BY | M94: FASHION | N94: WEEKLY/MONTHLY | O94: SMALL | P94: BLUESKY | Q94: BLUE SKY COLOR OF IMAGINATION
A95: 139478-24 | C95: 8888605 | E95: ADD | F95: APPT. BOOKS/PLANNERS | G95: 422 DATED BOOKS/REFILLS | H95: 27 APPT BOOKS/PLANNERS | I95: Life - Note it® Planning Calendar + Notes LNI Dania Dark CYO 5.875x8.625 RY24 Wkly/Mthly Safety Wirebound - | J95: WEEKLY APPOINTMENT BOOK | K95: RY | L95: DANIA DARK | M95: FASHION | N95: WEEKLY/MONTHLY | O95: SMALL | P95: BLUESKY | Q95: BLUE SKY COLOR OF IMAGINATION
A96: 101605-24 | B96: 101605-23 | C96: 8894936 | D96: 6703986 | E96: KEEP | F96: APPT. BOOKS/PLANNERS | G96: 422 DATED BOOKS/REFILLS | H96: 27 APPT BOOKS/PLANNERS | I96: Plr,8x10,RueduFlore,RY24,M | J96: MONTHLY APPOINTMENT BOOK | K96: RY | L96: RUE DU FLORE | M96: FASHION | N96: MONTHLY | O96: LARGE | P96: BLUESKY | Q96: BLUE SKY COLOR OF IMAGINATION
A97: 137273-24 | B97: 137273-23 | C97: 8949928 | D97: 6639637 | E97: KEEP | F97: APPT. BOOKS/PLANNERS | G97: 422 DATED BOOKS/REFILLS | H97: 27 APPT BOOKS/PLANNERS | I97: Plr,8.5x11,Laila,RY24,WM | J97: WEEKLY APPOINTMENT BOOK | K97: RY | L97: Laila | M97: FASHION | N97: WEEKLY/MONTHLY | O97: LARGE | P97: BLUESKY | Q97: BLUE SKY COLOR OF IMAGINATION
A98: 140195-24 | B98: 140195 | C98: 8966950 | D98: 8160602 | E98: KEEP | F98: APPT. BOOKS/PLANNERS | G98: 422 DATED BOOKS/REFILLS | H98: 27 APPT BOOKS/PLANNERS | I98: Plr,8.5x11,Fly,RY24,WM | J98: WEEKLY APPOINTMENT BOOK | K98: RY | L98: FLY BY | M98: FASHION | N98: WEEKLY/MONTHLY | O98: LARGE | P98: BLUESKY | Q98: BLUE SKY COLOR OF IMAGINATION
A99: 103631-24 | B99: 103631-23 | C99: 8990034 | D99: 7487144 | E99: KEEP | F99: DESK PAD | G99: 683 CALENDARS | H99: 355 DESK CALENDARS | I99: DskPd,22x17,Peyton,RY24,M | J99: DESK PAD | K99: RY | L99: PEYTON | M99: FASHION | N99: MONTHLY | O99: STANDARD | P99: BLUESKY | Q99: BLUE SKY COLOR OF IMAGINATION
A100: 131793-24 | B100: 131793-23 | C100: 9171394 | D100: 9432753 | E100: KEEP | F100: APPT. BOOKS/PLANNERS | G100: 422 DATED BOOKS/REFILLS | H100: 27 APPT BOOKS/PLANNERS | I100: PlrNo,5x8,Enterprise,RY24, WM | J100: WEEKLY APPOINTMENT BOOK | K100: RY | L100: ENTERPRISE | M100: CORE | N100: WEEKLY/MONTHLY | O100: SMALL | P100: BLUESKY | Q100: BLUE SKY COLOR OF IMAGINATION
...

Sheet Sheet1
D4: 24e VPN
E6: OD SKU
D7: SP717D5024 | E7: 5256140
D8: SP24D0024 | E8: 5893198
D9: 7602520524 | E9: Pending
D10: 75950P0524 | E10: 7878066
D11: 7603520524 | E11: Pending
D12: OD71210024 | E12: 6613843
D13: PM92823 | E13: September set
D14: PMG772824 | E14: 8409734
D15: PMLF112824 | E15: 5778965
D16: PMLM022824 | E16: 9742603
D17: PMLM032824 | E17: 7283132
D18: S1705024 | E18: 8131506
D19: SD3741324 | E19: 4761062
D20: SD3761324 | E20: 7505669
D21: SD3771324 | E21: 6823973
D22: SD3871324 | E22: 5745551
D23: SK11700024 | E23: 5160748
D24: SK140024 | E24: 7029471
D25: SK14X0024 | E25: 9796020
... D36: SW705X5024 | E36: 6078238

Sheet Sheet2
C3: 23 SKU | D3: 23e VPN
C4: 9020986 | D4: 138993 | E4: 5 | F4: 1 | G4: 1
C5: 104715 | D5: 207-0386 | E5: 5 | F5: 1 | G5: 2
C6: 104540 | D6: 307-0304 | E6: 5 | F6: 1 | G6: 3
C7: 9744023 | D7: 031-0140-04 | E7: 5 | F7: 1 | G7: 4
C8: 1379189 | D8: 033-0140-04 | E8: 5 | F8: 1 | G8: 5
C9: 8482200 | D9: 138995 | E9: 5 | F9: 2 | G9: 1
C10: 9554948 | D10: 138994 | E10: 5 | F10: 2 | G10: 2
C11: 6201670 | D11: 138996 | E11: 5 | F11: 2 | G11: 3
C12: 5393491 | D12: DR1113-040 | E12: 5 | F12: 2 | G12: 4
C13: 8075505 | D13: DR1104-040-05 | E13: 5 | F13: 2 | G13: 4
C14: 9744024 | D14: DR1114-040 | E14: 5 | F14: 2 | G14: 5
C15: 5159235 | D15: EL100-411-23 | E15: 5 | F15: 3 | G15: 1
C16: 5127709 | D16: EL100-010-58 | E16: 5 | F16: 3 | G16: 2
C17: 4460218 | D17: EL100-010-27 | E17: 5 | F17: 3 | G17: 3
C18: 9558200 | D18: EL100-4311-23 | E18: 5 | F18: 3 | G18: 4
C19: 7916141 | D19: EL100-4111-23 | E19: 5 | F19: 3 | G19: 5
C20: 8018324 | D20: EL100-4211-23 | E20: 5 | F20: 3 | G20: 6
C21: 9701421 | D21: EL100O-033 | E21: 5 | F21: 3 | G21: 7
C22: 7779531 | D22: 381-285Y-23 | E22: 5 | F22: 4 | G22: 1
C23: 6942388 | D23: KD81-285Y-23 | E23: 5 | F23: 4 | G23: 2
... C27: 9596699 | D27: EL100G-013 | E27: 5 | F27: 4 | G27: 6
C28: 6755736 | D28: 20068 | E28: 5 | F28: 4 | G28: 7
C29: 5867969 | D29: 20072 | E29: 5 | F29: 4 | G29: 8
C30: 5211485 | D30: 491-285-23 | E30: 5 | F30: 5 | G30: 1
C31: 8127807 | D31: 6099-4111-23 | E31: 5 | F31: 5 | G31: 2
C32: 6825625 | D32: 481-285Y-23 | E32: 5 | F32: 5 | G32: 3
C33: 7723226 | D33: 061-285Y-23 | E33: 5 | F33: 5 | G33: 4
C34: 9960017 | D34: 471-285Y-23 | E34: 5 | F34: 5 | G34: 5
C35: 6998766 | D35: 063-285Y | E35: 5 | F35: 5 | G35: 6
C36: 5596465 | D36: 064-287-23 | E36: 5 | F36: 5 | G36: 7
C37: 396366 | D37: 013-200 | E37: 5 | F37: 5 | G37: 8
C38: 445973 | D38: 031-3 | E38: 5 | F38: 5 | G38: 9
C39: 7225503 | D39: 491-225-23 | E39: 5 | F39: 6 | G39: 1
C40: 9580736 | D40: 038-235 | E40: 5 | F40: 6 | G40: 2
C41: 9580739 | D41: 031-235 | E41: 5 | F41: 6 | G41: 3
... C74: 6600981 | D74: 70260G6023 | E74: 2 | F74: 4 | G74: 6
C75: 9135045 | D75: 139065 | E75: 2 | F75: 5 | G75: 1
C76: 9793362 | D76: 139066 | E76: 2 | F76: 5 | G76: 2
C77: 6764894 | D77: 142327 | E77: 2 | F77: 5 | G77: 3
C78: 6321420 | D78: 123844-23 | E78: 2 | F78: 5 | G78: 4
C79: 9546407 | D79: 123846-23 | E79: 2 | F79: 5 | G79: 5
C80: 7902968 | D80: 123850-23 | E80: 2 | F80: 5 | G80: 6
C81: 9090403 | D81: 75950P0523 | E81: 2 | F81: 6 | G81: 3
C82: 9190481 | D82: 75951P0523 | E82: 2 | F82: 6 | G82: 4
C83: 6032068 | D83: 138997 | E83: 2 | F83: 6 | G83: 5
C84: 8114504 | D84: 100011-23 | E84: 2 | F84: 6 | G84: 6
C85: 7862036 | D85: 75955L0523 | E85: 2 | F85: 7 | G85: 4
C86: 8556762 | D86: 75546L0523 | E86: 2 | F86: 7 | G86: 5
C87: 6754691 | D87: G4000023 | E87: 2 | F87: 7 | G87: 6
C88: 8018535 | D88: YP2000923 | E88: 3 | F88: 1 | G88: 1
C89: 6741489 | D89: G5600023 | E89: 3 | F89: 1 | G89: 2
C90: 8494664 | D90: 708220523 | E90: 3 | F90: 1 | G90: 3
C91: 6702384 | D91: 702220523 | E91: 3 | F91: 1 | G91: 4
C92: 9260742 | D92: 70NX810523 | E92: 3 | F92: 1 | G92: 5
C93: 792606 | D93: OD71170023 | E93: 3 | F93: 2 | G93: 1
C94: 8033037 | D94: 123853-23 | E94: 3 | F94: 2 | G94: 2
C95: 9721478 | D95: G1000023 | E95: 3 | F95: 2 | G95: 3
C96: 9593603 | D96: OD00010023 | E96: 3 | F96: 2 | G96: 4
C97: 5100304 | D97: 708000523 | E97: 3 | F97: 2 | G97: 5
C98: 9436990 | D98: 702030523 | E98: 3 | F98: 2 | G98: 6
C99: 8797327 | D99: OD71120023 | E99: 3 | F99: 2 | G99: 7
C100: 6350651 | D100: 70260X0523 | E100: 3 | F100: 3 | G100: 1
C101: 7029018 | D101: 702900523 | E101: 3 | F101: 3 | G101: 2
C102: 7787614 | D102: 70260E0523 | E102: 3 | F102: 3 | G102: 3
C103: 9075029 | D103: 702501323 | E103: 3 | F103: 3 | G103: 4
C104: 9189246 | D104: 702502023 | E104: 3 | F104: 3 | G104: 5
C105: 6847925 | D105: 702602023 | E105: 3 | F105: 4 | G105: 1
C106: 6094137 | D106: 702600523 | E106: 3 | F106: 4 | G106: 2
C107: 8056929 | D107: OD71053023 | E107: 3 | F107: 4 | G107: 4
C108: 5765526 | D108: OD71071723 | E108: 3 | F108: 4 | G108: 5
C109: 8622904 | D109: OD71060023 | E109: 3 | F109: 5 | G109: 1
C110: 7688041 | D110: GC4700723 | E110: 3 | F110: 5 | G110: 2
C111: 9134864 | D111: OD71110023 | E111: 3 | F111: 5 | G111: 3
C112: 8692971 | D112: 70951G0523 | E112: 3 | F112: 5 | G112: 4
C113: 6668975 | D113: OD71093023 | E113: 3 | F113: 5 | G113: 5
C114: 9498548 | D114: OD71210023 | E114: 3 | F114: 5 | G114: 6
C115: 5732763 | D115: OD00163023 | E115: 3 | F115: 6 | G115: 1
C116: 6231470 | D116: G470H0023 | E116: 3 | F116: 6 | G116: 2
C117: 8107656 | D117: SK20023 | E117: 3 | F117: 6 | G117: 3
C118: 7192640 | D118: 704320523 | E118: 3 | F118: 6 | G118: 4
C119: 6234950 | D119: 70120G0523 | E119: 3 | F119: 6 | G119: 5
C120: 8028716 | D120: 701200523 | E120: 3 | F120: 6 | G120: 6
C121: 6917436 | D121: OD00173023 | E121: 3 | F121: 7 | G121: 1
C122: 5504909 | D122: 70024G0523 | E122: 3 | F122: 7 | G122: 2
C123: 7849241 | D123: 700640523 | E123: 3 | F123: 7 | G123: 3
C124: 6588273 | D124: 700240523 | E124: 3 | F124: 7 | G124: 4
C125: 6844685 | D125: SK530023 | E125: 3 | F125: 7 | G125: 5
C126: 8766317 | D126: OD71010023 | E126: 3 | F126: 7 | G126: 6
C127: 6241925 | D127: 700350523 | E127: 3 | F127: 7 | G127: 7
C128: 5487969 | D128: 72010523 | E128: 3 | F128: 7 | G128: 8
C129: 6243838 | D129: 74010523 | E129: 3 | F129: 7 | G129: 9
C130: 5565040 | D130: 700080523 | E130: 3 | F130: 7 | G130: 11
C131: 6507094 | D131: 70950E0523 | E131: 4 | F131: 1 | G131: 1
C132: 7002925 | D132: 70950G0523 | E132: 4 | F132: 1 | G132: 2
C133: 7219337 | D133: 70950G6023 | E133: 4 | F133: 1 | G133: 3
C134: 6403895 | D134: 709500523 | E134: 4 | F134: 1 | G134: 4
C135: 7102885 | D135: 76010523 | E135: 4 | F135: 1 | G135: 5
C136: 8582413 | D136: 138998 | E136: 4 | F136: 2 | G136: 2
C137: 8618667 | D137: OD71080023 | E137: 4 | F137: 2 | G137: 3
...

Sheet version 
D2: Section | E2: Shelf | F2: Space
A3: Harmony Blue Large | B3: 1099-905-20-24 | C3: Acco | D3: 1 | E3: 1 | F3: 1 | H3: =VLOOKUP(B3,'RY 23 VERSION wk 24'!$A$5:$AD$283,30,FALSE) -> 962
A4: Harmony Blue Small | B4: 1099-805-20-24 | C4: Acco | D4: 1 | E4: 1 | F4: 2 | H4: =VLOOKUP(B4,'RY 23 VERSION wk 24'!$A$5:$AD$283,30,FALSE) -> 962
A5: Harmony Pink Large | B5: 1099-905-27-24 | C5: Acco | D5: 1 | E5: 1 | F5: 3 | H5: =VLOOKUP(B5,'RY 23 VERSION wk 24'!$A$5:$AD$283,30,FALSE) -> 962
A6: Harmony Pink Small | B6: 1099-805-27-24 | C6: Acco | D6: 1 | E6: 1 | F6: 4 | H6: =VLOOKUP(B6,'RY 23 VERSION wk 24'!$A$5:$AD$283,30,FALSE) -> 962
A7: harmony Medium Pink | B7: 6099-806-59-24 | C7: Acco | D7: 1 | E7: 1 | F7: 5 | H7: =VLOOKUP(B7,'RY 23 VERSION wk 24'!$A$5:$AD$283,30,FALSE) -> 962
A8: Emily | B8: EL18-905-24 | C8: Acco | D8: 1 | E8: 2 | F8: 1 | H8: =VLOOKUP(B8,'RY 23 VERSION wk 24'!$A$5:$AD$283,30,FALSE) -> 962
A9: Emily | B9: EL18-200-24 | C9: Acco | D9: 1 | E9: 2 | F9: 2 | H9: =VLOOKUP(B9,'RY 23 VERSION wk 24'!$A$5:$AD$283,30,FALSE) -> 962
A10: Emily | B10: EL19-900-24 | C10: Acco | D10: 1 | E10: 2 | F10: 3 | H10: =VLOOKUP(B10,'RY 23 VERSION wk 24'!$A$5:$AD$283,30,FALSE) -> 981
A11: Emily | B11: EL19-200-24 | C11: Acco | D11: 1 | E11: 2 | F11: 4 | H11: =VLOOKUP(B11,'RY 23 VERSION wk 24'!$A$5:$AD$283,30,FALSE) -> 981
A12: Emily | B12: EL16-905-24 | C12: Acco | D12: 1 | E12: 2 | F12: 5 | H12: =VLOOKUP(B12,'RY 23 VERSION wk 24'!$A$5:$AD$283,30,FALSE) -> 962
A13: Emily | B13: EL16-200-24 | C13: Acco | D13: 1 | E13: 2 | F13: 6 | H13: =VLOOKUP(B13,'RY 23 VERSION wk 24'!$A$5:$AD$283,30,FALSE) -> 962
A14: Badge FLORAL LARGE | B14: 1675F-905-24 | C14: Acco | D14: 1 | E14: 3 | F14: 1 | H14: =VLOOKUP(B14,'RY 23 VERSION wk 24'!$A$5:$AD$283,30,FALSE) -> 981
... A17: BADGE MED WM UV TILE | B17: 1675T-805-24 | C17: Acco | D17: 1 | E17: 3 | F17: 4 | H17: =VLOOKUP(B17,'RY 23 VERSION wk 24'!$A$5:$AD$283,30,FALSE) -> 962
A18: 142989 | B18: 142989 | C18: blue sky | D18: 1 | E18: 3 | F18: 5 | H18: =VLOOKUP(B18,'RY 23 VERSION wk 24'!$A$5:$AD$283,30,FALSE) -> 962
A19: 142991 | B19: 142991 | C19: blue sky | D19: 1 | E19: 3 | F19: 6 | H19: =VLOOKUP(B19,'RY 23 VERSION wk 24'!$A$5:$AD$283,30,FALSE) -> 962
A20: 143358 | B20: 143358 | C20: blue sky | D20: 1 | E20: 4 | F20: 1 | H20: =VLOOKUP(B20,'RY 23 VERSION wk 24'!$A$5:$AD$283,30,FALSE) -> 962
A21: 143357 | B21: 143357 | C21: blue sky | D21: 1 | E21: 4 | F21: 2 | H21: =VLOOKUP(B21,'RY 23 VERSION wk 24'!$A$5:$AD$283,30,FALSE) -> 962
A22: 142877 | B22: 142877 | C22: blue sky | D22: 1 | E22: 4 | F22: 3 | H22: =VLOOKUP(B22,'RY 23 VERSION wk 24'!$A$5:$AD$283,30,FALSE) -> 898
A23: 142878 | B23: 142878 | C23: blue sky | D23: 1 | E23: 4 | F23: 4 | H23: =VLOOKUP(B23,'RY 23 VERSION wk 24'!$A$5:$AD$283,30,FALSE) -> 898
A24: 137948-24 | B24: 137948-24 | C24: blue sky | D24: 1 | E24: 4 | F24: 5 | H24: =VLOOKUP(B24,'RY 23 VERSION wk 24'!$A$5:$AD$283,30,FALSE) -> 981
A25: 137950-24 | B25: 137950-24 | C25: blue sky | D25: 1 | E25: 4 | F25: 6 | H25: =VLOOKUP(B25,'RY 23 VERSION wk 24'!$A$5:$AD$283,30,FALSE) -> 962
A26: cambridge floral | B26: 1681-905-24 | C26: Acco | D26: 1 | E26: 5 | F26: 1 | H26: =VLOOKUP(B26,'RY 23 VERSION wk 24'!$A$5:$AD$283,30,FALSE) -> 967
A27: cambridge floral | B27: 1681-200-24 | C27: Acco | D27: 1 | E27: 5 | F27: 2 | H27: =VLOOKUP(B27,'RY 23 VERSION wk 24'!$A$5:$AD$283,30,FALSE) -> 967
A28: cambridge plaid | B28: 1676-905-24 | C28: Acco | D28: 1 | E28: 5 | F28: 3 | H28: =VLOOKUP(B28,'RY 23 VERSION wk 24'!$A$5:$AD$283,30,FALSE) -> 967
A29: cambridge plaid | B29: 1676-200-24 | C29: Acco | D29: 1 | E29: 5 | F29: 4 | H29: =VLOOKUP(B29,'RY 23 VERSION wk 24'!$A$5:$AD$283,30,FALSE) -> 967
A30: 143940 | B30: 143940 | C30: blue sky | D30: 1 | E30: 5 | F30: 5 | H30: =VLOOKUP(B30,'RY 23 VERSION wk 24'!$A$5:$AD$283,30,FALSE) -> 967
A31: 143939 | B31: 143939 | C31: blue sky | D31: 1 | E31: 5 | F31: 6 | H31: =VLOOKUP(B31,'RY 23 VERSION wk 24'!$A$5:$AD$283,30,FALSE) -> 967
A32: 100654-24 | B32: 100654-24 | C32: blue sky | D32: 1 | E32: 6 | F32: 1 | H32: =VLOOKUP(B32,'RY 23 VERSION wk 24'!$A$5:$AD$283,30,FALSE) -> 898
A33: 101579-24 | B33: 101579-24 | C33: blue sky | D33: 1 | E33: 6 | F33: 2 | H33: =VLOOKUP(B33,'RY 23 VERSION wk 24'!$A$5:$AD$283,30,FALSE) -> 898
A34: 143963 | B34: 143963 | C34: blue sky | D34: 1 | E34: 6 | F34: 3 | H34: =VLOOKUP(B34,'RY 23 VERSION wk 24'!$A$5:$AD$283,30,FALSE) -> 962
A35: 143965 | B35: 143965 | C35: blue sky | D35: 1 | E35: 6 | F35: 4 | H35: =VLOOKUP(B35,'RY 23 VERSION wk 24'!$A$5:$AD$283,30,FALSE) -> 962
A36: 144063 | B36: 144063 | C36: blue sky | D36: 2 | E36: 6 | F36: 1 | H36: =VLOOKUP(B36,'RY 23 VERSION wk 24'!$A$5:$AD$283,30,FALSE) -> 981
A37: 144065 | B37: 144065 | C37: blue sky | D37: 2 | E37: 6 | F37: 2 | H37: =VLOOKUP(B37,'RY 23 VERSION wk 24'!$A$5:$AD$283,30,FALSE) -> 981
A38: 143971 | B38: 143971 | C38: blue sky | D38: 1 | E38: 7 | F38: 1 | H38: =VLOOKUP(B38,'RY 23 VERSION wk 24'!$A$5:$AD$283,30,FALSE) -> 962
A39: 143974 | B39: 143974 | C39: blue sky | D39: 1 | E39: 7 | F39: 2 | H39: =VLOOKUP(B39,'RY 23 VERSION wk 24'!$A$5:$AD$283,30,FALSE) -> 962
A40: 144062 | B40: 144062 | C40: blue sky | D40: 1 | E40: 7 | F40: 3 | H40: =VLOOKUP(B40,'RY 23 VERSION wk 24'!$A$5:$AD$283,30,FALSE) -> 948
A41: 144839 | B41: 144839 | C41: blue sky | D41: 1 | E41: 7 | F41: 4 | H41: =VLOOKUP(B41,'RY 23 VERSION wk 24'!$A$5:$AD$283,30,FALSE) -> 962
A42: Badge Geo Viloet | B42: 1675G-905-24 | C42: Acco | D42: 1 | E42: 7 | F42: 5 | H42: =VLOOKUP(B42,'RY 23 VERSION wk 24'!$A$5:$AD$283,30,FALSE) -> 962
A43: Badge Geo Viloet | B43: 1675G-200-24 | C43: Acco | D43: 1 | E43: 7 | F43: 6 | H43: =VLOOKUP(B43,'RY 23 VERSION wk 24'!$A$5:$AD$283,30,FALSE) -> 962
A44: 143957 | B44: 143957 | C44: blue sky | D44: 2 | E44: 5 | F44: 1 | H44: =VLOOKUP(B44,'RY 23 VERSION wk 24'!$A$5:$AD$283,30,FALSE) -> 948
A45: 143958 | B45: 143958 | C45: blue sky | D45: 2 | E45: 5 | F45: 2 | H45: =VLOOKUP(B45,'RY 23 VERSION wk 24'!$A$5:$AD$283,30,FALSE) -> 948
A46: 143959 | B46: 143959 | C46: blue sky | D46: 2 | E46: 5 | F46: 3 | H46: =VLOOKUP(B46,'RY 23 VERSION wk 24'!$A$5:$AD$283,30,FALSE) -> 962
A47: 143946 | B47: 143964 | C47: blue sky | D47: 1 | E47: 6 | F47: 5 | H47: =VLOOKUP(B47,'RY 23 VERSION wk 24'!$A$5:$AD$283,30,FALSE) -> 962
A48: 143966 | B48: 143966 | C48: blue sky | D48: 1 | E48: 6 | F48: 6 | H48: =VLOOKUP(B48,'RY 23 VERSION wk 24'!$A$5:$AD$283,30,FALSE) -> 948
A49: 143943 | B49: 143943 | C49: blue sky | D49: 2 | E49: 7 | F49: 1 | H49: =VLOOKUP(B49,'RY 23 VERSION wk 24'!$A$5:$AD$283,30,FALSE) -> 962
A50: 143944 | B50: 143944 | C50: blue sky | D50: 2 | E50: 7 | F50: 2 | H50: =VLOOKUP(B50,'RY 23 VERSION wk 24'!$A$5:$AD$283,30,FALSE) -> 962
A51: 146581 | B51: 1-pocket | C51: blue sky | D51: 2 | E51: 7 | F51: 3 | H51: =VLOOKUP(B51,'RY 23 VERSION wk 24'!$A$5:$AD$283,30,FALSE) -> #N/A

Sheet RY 23 VERSION wk 24
R1: 16-72 | S1: 20-60 | T1: 16-60
R2: Appointment Books | V2: Combo | W2: Desk & Wall | AA2: Organizers | AC2: Erasables | AF2: 2096 1 less hangong skus
R3: 732 | S3: 152 | T3: 64 | U3: 14 | V3: 19 | W3: 663 | X3: 215 | Y3: 9 | Z3: 103 | AA3: 657 | AB3: 301 | AC3: 981
A4: 2024 VPN | B4: 2024 SKU | C4: 23e VPN | D4: 23 SKU | E4: 23e VPN | F4: 24 Retail STATUS | G4: DELIVER WK RETAIL | H4: PRODUCT HIERARCHY 2 | I4: RY 2description | J4: SUB CLASS | K4: COLLECTION | L4: FASHION CONTINUUM | M4: VENDOR | N4: FORMAT | O4: PAGE SIZE | Q4: CY PRIMARY LOCATION | R4: 2005 / 2005R | S4: 2056 / 2056R / | T4: 2091 / 2091R | U4: 2086 / 2086R | V4: 1772 | W4: 2040 | X4: 2080 | Y4: 2096 | Z4: 2100 | AA4: 2036 | AB4: 2066 | AC4: 2037 / 2077 | AD4: Total Store Count | AE4: section | AF4: shelf | AG4: space | AI4: SALES $ | AJ4: Sales Units | AK4: IGM $ | AL4: RATE | AM4: ASP
A5: E0175024 | B5: 5402451 | C5: E0175023 | D5: 7704668 | E5: E0175023 | F5: KEEP | H5: DESK REFILL | I5: F,E01750,LSLF 2/C DAY BX TAB,DTD RFL,23 | J5: DESK CALENDAR REFILLS/BASES | K5: TRADITIONAL | L5: CORE | M5: ACCO | N5: DAILY | O5: MINI | Q5: INLINE DESK PADS | V5: 19 | W5: 663 | X5: 215 | Y5: 9 | Z5: 103 | AD5: =SUM(R5:AC5) -> 1009 | AE5: 2 | AF5: 7 | AG5: 3
A6: E17-00 | B6: 677674 | C6: E17-00 | D6: 677674 | E6: E17-00 | F6: KEEP | H6: DESK REFILL | I6: F,E1700,CAL PLASTIC BASE (20),BLK,UN | J6: DESK CALENDAR REFILLS/BASES | K6: TRADITIONAL | L6: CORE | M6: ACCO | N6: UNDATED | O6: LARGE | Q6: INLINE DESK PADS | V6: 19 | W6: 663 | X6: 215 | Y6: 9 | Z6: 103 | AD6: =SUM(R6:AC6) -> 1009 | AE6: 2 | AF6: 7 | AG6: 1
A7: OD20100024 | B7: 9851467 | C7: OD20100023 | D7: 7204588 | E7: OD20100023 | F7: KEEP | H7: DESK PAD | I7: F,7204588,ZODP CMPCT DSK PAD,BLK,23 | J7: DESK PAD | K7: PRIVATE BRAND | L7: CORE | M7: ACCO | N7: MONTHLY | O7: COMPACT | Q7: INLINE DESK PADS | V7: 19 | W7: 663 | X7: 215 | Y7: 9 | Z7: 103 | AD7: =SUM(R7:AC7) -> 1009 | AE7: 2 | AF7: 5 | AG7: 1
A8: SK220024 | B8: 5182019 | C8: SK220023 | D8: 6381722 | E8: SK220023 | F8: KEEP | H8: DESK PAD | I8: F,SK2200,DSK PAD MNTH RFLABLE,BLK,23 | J8: DESK PAD | K8: TRADITIONAL | L8: CORE | M8: ACCO | N8: MONTHLY | O8: STANDARD | Q8: INLINE DESK PADS | W8: 663 | X8: 215 | AD8: =SUM(R8:AC8) -> 878 | AE8: 1 | AF8: 5 | AG8: 1
A9: SK23FD0024 | B9: 8109699 | C9: SK23FD0023 | D9: 7305032 | E9: SK23FD0023 | F9: KEEP | H9: DESK PAD | I9: F,STD FOLDABLE MNTH DSKPD,23 | J9: DESK PAD | K9: FOLDABLE DP | L9: CORE | M9: ACCO | N9: MONTHLY | O9: STANDARD | Q9: INLINE DESK PADS | W9: 663 | X9: 215 | Y9: 9 | Z9: 103 | AD9: =SUM(R9:AC9) -> 990 | AE9: 2 | AF9: 5 | AG9: 3
A10: SK38-704-24 | B10: 6367481 | C10: SK38-704-23 | D10: 9889501 | E10: SK38-704-23 | F10: KEEP | H10: DESK PAD | I10: F,AAG BEAUTIFUL DAY STANDARD DESK,23 | J10: DESK PAD | K10: BEAUTIFUL DAY | L10: FASHION | M10: ACCO | N10: MONTHLY | O10: STANDARD | Q10: INLINE DESK PADS | V10: 19 | W10: 663 | X10: 215 | Y10: 9 | Z10: 103 | AD10: =SUM(R10:AC10) -> 1009 | AE10: 2 | AF10: 6 | AG10: 1
A11: SK7000024 | B11: 9625399 | C11: SK7000023 | D11: 8797724 | E11: SK7000023 | F11: KEEP | H11: DESK PAD | I11: F,SK70000,QN DSK CAL MNTH,BLK,23 | J11: DESK PAD | K11: QUICKNOTES | L11: CORE | M11: ACCO | N11: MONTHLY | O11: STANDARD | Q11: INLINE DESK PADS | W11: 663 | X11: 215 | AD11: =SUM(R11:AC11) -> 878 | AE11: 1 | AF11: 6 | AG11: 2
A12: SK7100024 | B12: 6248609 | C12: SK7100023 | D12: 5471134 | E12: SK7100023 | F12: KEEP | H12: DESK PAD | I12: F,SK71000,QN DSK PAD MNTH,BLK,23 | J12: DESK PAD | K12: QUICKNOTES | L12: CORE | M12: ACCO | N12: MONTHLY | O12: COMPACT | Q12: INLINE DESK PADS | V12: 19 | W12: 663 | X12: 215 | Y12: 9 | Z12: 103 | AD12: =SUM(R12:AC12) -> 1009 | AE12: 2 | AF12: 5 | AG12: 2
A13: SK75240024 | B13: 7365018 | C13: SK75240023 | D13: 7587454 | E13: SK75240023 | F13: KEEP | H13: DESK PAD | I13: F,ELEVATION STD MNTH DSK PAD,23 | J13: DESK PAD | K13: ELEVATION | L13: CORE | M13: ACCO | N13: MONTHLY | O13: STANDARD | Q13: INLINE DESK PADS | W13: 663 | X13: 215 | AD13: =SUM(R13:AC13) -> 878 | AE13: 1 | AF13: 5 | AG13: 1
A14: SP717D5024 | B14: 5256140 | C14: SP717D5023 | D14: 7078885 | E14: SP717D5023 | F14: KEEP | H14: DESK REFILL | I14: F,7078885,ZODP E717 DTD RFL,23 | J14: DESK CALENDAR REFILLS/BASES | K14: TRADITIONAL | L14: CORE | M14: ACCO | N14: DAILY | O14: MINI | Q14: INLINE DESK PADS | V14: 19 | W14: 663 | X14: 215 | Y14: 9 | Z14: 103 | AD14: =SUM(R14:AC14) -> 1009 | AE14: 2 | AF14: 7 | AG14: 2
A15: ST240024 | B15: 8346685 | C15: ST240023 | D15: 7714272 | E15: ST240023 | F15: KEEP | H15: DESK PAD | I15: F,ST2400,DSK PAD 12MNTH,BLK,23 | J15: DESK PAD | K15: SUCCESS | L15: CORE | M15: ACCO | N15: MONTHLY | O15: STANDARD | Q15: INLINE DESK PADS | V15: 19 | W15: 663 | X15: 215 | AD15: =SUM(R15:AC15) -> 897 | AE15: 1 | AF15: 6 | AG15: 1
A16: SW2300024 | B16: 7443714 | C16: SW2300023 | D16: 7577033 | E16: SW2300023 | F16: KEEP | H16: DESK PAD | I16: F,SW23000,DSK PAD JUMBO MNTH 2/C,BLK,23 | J16: DESK PAD | K16: TRADITIONAL | L16: CORE | M16: ACCO | N16: MONTHLY | O16: STANDARD | Q16: INLINE DESK PADS | W16: 663 | X16: 215 | Y16: 9 | Z16: 103 | AD16: =SUM(R16:AC16) -> 990 | AE16: 2 | AF16: 7 | AG16: 1
A17: SP24D0024 | B17: 5893198 | C17: SP24D0023 | D17: 9269886 | E17: SP24D0023 | F17: KEEP | H17: DESK PAD | I17: F,9269886,ZODP DESK PAD,BLK,23 | J17: DESK PAD | K17: THE DESK PAD | L17: CORE | M17: ACCO | N17: MONTHLY | O17: STANDARD | Q17: INLINE DESK PADS/STACKOUT | V17: 19 | W17: 663 | X17: 215 | Y17: 9 | Z17: 103 | AD17: =SUM(R17:AC17) -> 1009 | AE17: 1 | AF17: 7 | AG17: 1/2
A18: K10024 | B18: 4592185 | C18: K10023 | D18: 6065248 | E18: K10023 | F18: KEEP | H18: WALL CALENDAR | I18: F,K100,TODAY IS-WALL,BLK,23 | J18: WALL CALENDAR | K18: TRADITIONAL | L18: CORE | M18: ACCO | N18: DAILY | O18: SMALL | Q18: INLINE ERASABLES | AC18: 981 | AD18: =SUM(R18:AC18) -> 981
A19: OD30142824 | B19: 6221785 | C19: OD30142823 | D19: 4232616 | E19: OD30142823 | F19: KEEP | H19: WALL CALENDAR | I19: F,4232616,ZODP WALL CAL YRLY,23 | J19: WALL CALENDAR | K19: TRADITIONAL | L19: CORE | M19: ACCO | N19: YEARLY | O19: MEDIUM | Q19: INLINE ERASABLES | AC19: 981 | AD19: =SUM(R19:AC19) -> 981
A20: PM200S2824 | B20: 4776950 | C20: PM200S2823 | D20: 4665731 | E20: PM200S2823 | F20: KEEP | H20: ERASABLES | I20: F,PM200S28,AY/RY YRLY ERAS HORZ FLT,23 | J20: ERASABLES | K20: AAG | L20: CORE | M20: ACCO | N20: YEARLY | O20: STANDARD | Q20: INLINE ERASABLES | AC20: 981 | AD20: =SUM(R20:AC20) -> 981
A21: PM210S2824 | B21: 6079639 | C21: PM210S2823 | D21: 3745510 | E21: PM210S2823 | F21: KEEP | H21: ERASABLES | I21: F,PM210S28,AY/RY YRLY ERAS VERT FLT,23 | J21: ERASABLES | K21: AAG | L21: CORE | M21: ACCO | N21: YEARLY | O21: STANDARD | Q21: INLINE ERASABLES | AC21: 981 | AD21: =SUM(R21:AC21) -> 981
A22: PM239B28 | B22: 472266 | C22: PM239B28 | D22: 472266 | E22: PM239B28 | F22: KEEP | H22: ERASABLES | I22: F,ERAS 90/120 FLT (21),UN | J22: ERASABLES | K22: TRADITIONAL | L22: CORE | M22: ACCO | N22: UNDATED | O22: STANDARD | Q22: INLINE ERASABLES | AC22: 981 | AD22: =SUM(R22:AC22) -> 981
A23: PM263B28 | B23: 472308 | C23: PM263B28 | D23: 472308 | E23: PM263B28 | F23: KEEP | H23: ERASABLES | I23: F,ERAS 30/60 SML (21),UN | J23: ERASABLES | K23: TRADITIONAL | L23: CORE | M23: ACCO | N23: UNDATED | O23: SMALL | Q23: INLINE ERASABLES | AC23: 981 | AD23: =SUM(R23:AC23) -> 981
A24: PM26B2824 | B24: 4767968 | C24: PM26B2823 | D24: 9682566 | E24: PM26B2823 | F24: KEEP | H24: ERASABLES | I24: F,PM26B28,WALL CAL ERAS YRLY FLT,23 | J24: ERASABLES | K24: TRADITIONAL | L24: CORE | M24: ACCO | N24: YEARLY | O24: STANDARD | Q24: INLINE ERASABLES | AC24: 981 | AD24: =SUM(R24:AC24) -> 981
A25: PM326S2824 | B25: 7111906 | C25: PM326S2823 | D25: 9957926 | E25: PM326S2823 | F25: KEEP | H25: ERASABLES | I25: F,PM326S28,ERAS AY/RY JUMBO BAG,23 | J25: ERASABLES | K25: JUMBO | L25: CORE | M25: ACCO | N25: YEARLY | O25: LARGE | Q25: INLINE ERASABLES | AC25: 981 | AD25: =SUM(R25:AC25) -> 981
A26: PM330B2824 | B26: 9962435 | C26: PM330B2823 | D26: 5613728 | E26: PM330B2823 | F26: KEEP | H26: ERASABLES | I26: F,PM330B28,WALL CAL YRLY/YRLY MINI,23 | J26: ERASABLES | K26: TRADITIONAL | L26: CORE | M26: ACCO | N26: YEARLY | O26: SMALL | Q26: INLINE ERASABLES | AC26: 981 | AD26: =SUM(R26:AC26) -> 981
A27: PM530B28 | B27: 294215 | C27: PM530B28 | D27: 294215 | E27: PM530B28 | F27: KEEP | H27: ERASABLES | I27: F,PM530B28,QN 30DAY BULK,UN | J27: ERASABLES | K27: QUICKNOTES | L27: CORE | M27: ACCO | N27: UNDATED | O27: STANDARD | Q27: INLINE ERASABLES | AC27: 981 | AD27: =SUM(R27:AC27) -> 981
A28: PM550B2824 | B28: 4546050 | C28: PM550B2823 | D28: 9546488 | E28: PM550B2823 | F28: KEEP | H28: ERASABLES | I28: F,PM550B28,QN WALL CAL ERAS 2/S,23 | J28: ERASABLES | K28: QUICKNOTES | L28: CORE | M28: ACCO | N28: YEARLY | O28: SMALL | Q28: INLINE ERASABLES | AC28: 981 | AD28: =SUM(R28:AC28) -> 981
A29: AW502028 | B29: 644973 | C29: AW502028 | D29: 644973 | E29: AW502028 | F29: KEEP | H29: ERASABLES | I29: F,AW502028,DRYERAS MNTH SRFC18X24(19),UN | J29: ERASABLES | K29: WALLMATES | L29: CORE | M29: ACCO | N29: UNDATED | O29: SMALL | Q29: INLINE ERASABLES | AC29: 981 | AD29: =SUM(R29:AC29) -> 981
A30: 1664F-550SB-24 | B30: 9815184 | D30: 0 | F30: KEEP | H30: ERASABLES | I30: BADGE AY/RY ERASABLE FLORAL | J30: ERASABLES | K30: BADGE | L30: FASHION | M30: ACCO | N30: YEARLY | O30: STANDARD | Q30: INLINE ERASABLES | AC30: 981 | AD30: =SUM(R30:AC30) -> 981
A31: 1664W-550SB-24 | B31: 7084151 | D31: 0 | F31: KEEP | H31: ERASABLES | I31: BADGE AY/RY ERASABLE WINDOW PANE | J31: ERASABLES | K31: BADGE | L31: FASHION | M31: ACCO | N31: YEARLY | O31: STANDARD | Q31: INLINE ERASABLES | AC31: 981 | AD31: =SUM(R31:AC31) -> 981
A32: 1665-550SB-24 | B32: 9680809 | D32: 0 | F32: KEEP | H32: ERASABLES | I32: MAEVE AY/RY ERASABLE | J32: ERASABLES | K32: MAEVE | L32: FASHION | M32: ACCO | N32: YEARLY | O32: STANDARD | Q32: INLINE ERASABLES | AC32: 981 | AD32: =SUM(R32:AC32) -> 981
A33: 1668-550SB-24 | B33: 7004352 | D33: 0 | F33: KEEP | H33: ERASABLES | I33: PIPPA AY/RY ERASABLE | J33: ERASABLES | K33: PIPPA | L33: FASHION | M33: ACCO | N33: YEARLY | O33: STANDARD | Q33: INLINE ERASABLES | AC33: 981 | AD33: =SUM(R33:AC33) -> 981
A34: 1670-550SB-24 | B34: 6222849 | D34: 0 | F34: KEEP | H34: ERASABLES | I34: RAE AY/RY ERASABLE | J34: ERASABLES | K34: RAE | L34: FASHION | M34: ACCO | N34: YEARLY | O34: STANDARD | Q34: INLINE ERASABLES | AC34: 981 | AD34: =SUM(R34:AC34) -> 981
A35: 1099-905-27-24 | B35: 5230838 | D35: 0 | F35: ADD | H35: APPT. BOOKS/PLANNERS | I35: HARMONY LG WM POLY PINK | J35: WEEKLY APPOINTMENT BOOK | K35: HARMONY | L35: FASHION | M35: ACCO | N35: WEEKLY/MONTHLY | O35: LARGE | Q35: INLINE FASHION | R35: 732 | S35: 152 | T35: 64 | U35: 14 | AD35: =SUM(R35:AC35) -> 962 | AE35: 1 | AF35: 1 | AG35: 3
A36: 1099-805-27-24 | B36: 4555755 | D36: 0 | F36: ADD | H36: APPT. BOOKS/PLANNERS | I36: HARMONY MED WM POLY PINK | J36: WEEKLY APPOINTMENT BOOK | K36: HARMONY | L36: FASHION | M36: ACCO | N36: WEEKLY/MONTHLY | O36: MEDIUM | Q36: INLINE FASHION | R36: 732 | S36: 152 | T36: 64 | U36: 14 | AD36: =SUM(R36:AC36) -> 962 | AE36: 1 | AF36: 1 | AG36: 4
A37: 1099-905-20-24 | B37: 7102817 | D37: 0 | F37: ADD | H37: APPT. BOOKS/PLANNERS | I37: HARMONY LG WM POLY BLUE | J37: WEEKLY APPOINTMENT BOOK | K37: HARMONY | L37: FASHION | M37: ACCO | N37: WEEKLY/MONTHLY | O37: LARGE | Q37: INLINE FASHION | R37: 732 | S37: 152 | T37: 64 | U37: 14 | AD37: =SUM(R37:AC37) -> 962 | AE37: 1 | AF37: 1 | AG37: 1
A38: 1099-805-20-24 | B38: 9960189 | D38: 0 | F38: ADD | H38: APPT. BOOKS/PLANNERS | I38: HARMONY MED WM POLY BLUE | J38: WEEKLY APPOINTMENT BOOK | K38: HARMONY | L38: FASHION | M38: ACCO | N38: WEEKLY/MONTHLY | O38: MEDIUM | Q38: INLINE FASHION | R38: 732 | S38: 152 | T38: 64 | U38: 14 | AD38: =SUM(R38:AC38) -> 962 | AE38: 1 | AF38: 1 | AG38: 2
A39: EL18-905-24 | B39: 7835821 | D39: 0 | F39: ADD | H39: APPT. BOOKS/PLANNERS | I39: EMILY LEY LG WM PRINTED POLY LILAC FLORAL | J39: WEEKLY APPOINTMENT BOOK | K39: EMILY LEY | L39: FASHION | M39: ACCO | N39: WEEKLY/MONTHLY | O39: LARGE | Q39: INLINE FASHION | R39: 732 | S39: 152 | T39: 64 | U39: 14 | AD39: =SUM(R39:AC39) -> 962 | AE39: 1 | AF39: 2 | AG39: 1
A40: EL18-200-24 | B40: 4358714 | D40: 0 | F40: ADD | H40: APPT. BOOKS/PLANNERS | I40: EMILY LEY SM WM PRINTED POLY LILAC FLORAL | J40: WEEKLY APPOINTMENT BOOK | K40: EMILY LEY | L40: FASHION | M40: ACCO | N40: WEEKLY/MONTHLY | O40: SMALL | Q40: INLINE FASHION | R40: 732 | S40: 152 | T40: 64 | U40: 14 | AD40: =SUM(R40:AC40) -> 962 | AE40: 1 | AF40: 2 | AG40: 2
A41: EL19-900-24 | B41: 8325582 | D41: 0 | F41: ADD | H41: APPT. BOOKS/PLANNERS | I41: EMILY LEY LG M FROSTED POLY CREAM BLOSSOMS | J41: MONTHLY APPOINTMET BOOK | K41: EMILY LEY | L41: FASHION | M41: ACCO | N41: MONTHLY | O41: LARGE | Q41: INLINE FASHION | R41: 732 | S41: 152 | T41: 64 | U41: 14 | V41: 19 | AD41: =SUM(R41:AC41) -> 981 | AE41: 1 | AF41: 2 | AG41: 3
A42: EL19-200-24 | B42: 7634167 | D42: 0 | F42: ADD | H42: APPT. BOOKS/PLANNERS | I42: EMILY LEY SM WM FROSTED POLY CREAM BLOSSOMS | J42: WEEKLY APPOINTMENT BOOK | K42: EMILY LEY | L42: FASHION | M42: ACCO | N42: WEEKLY/MONTHLY | O42: SMALL | Q42: INLINE FASHION | R42: 732 | S42: 152 | T42: 64 | U42: 14 | V42: 19 | AD42: =SUM(R42:AC42) -> 981 | AE42: 1 | AF42: 2 | AG42: 4
A43: EL16-905-24 | B43: 7970345 | D43: 0 | F43: ADD | H43: APPT. BOOKS/PLANNERS | I43: EMILY LEY LG WM PRINTED POLY HAPPY STRIPE | J43: WEEKLY APPOINTMENT BOOK | K43: EMILY LEY | L43: FASHION | M43: ACCO | N43: WEEKLY/MONTHLY | O43: LARGE | Q43: INLINE FASHION | R43: 732 | S43: 152 | T43: 64 | U43: 14 | AD43: =SUM(R43:AC43) -> 962 | AE43: 1 | AF43: 2 | AG43: 5
A44: EL16-200-24 | B44: 9486933 | D44: 0 | F44: ADD | H44: APPT. BOOKS/PLANNERS | I44: EMILY LEY SM WM PRINTED POLY HAPPY STRIPE | J44: WEEKLY APPOINTMENT BOOK | K44: EMILY LEY | L44: FASHION | M44: ACCO | N44: WEEKLY/MONTHLY | O44: SMALL | Q44: INLINE FASHION | R44: 732 | S44: 152 | T44: 64 | U44: 14 | AD44: =SUM(R44:AC44) -> 962 | AE44: 1 | AF44: 2 | AG44: 6
A45: 1675G-905-24 | B45: 6225584 | D45: 0 | F45: ADD | H45: APPT. BOOKS/PLANNERS | I45: BADGE LG WM GEO | J45: WEEKLY APPOINTMENT BOOK | K45: BADGE | L45: FASHION | M45: ACCO | N45: WEEKLY/MONTHLY | O45: LARGE | Q45: INLINE FASHION | R45: 732 | S45: 152 | T45: 64 | U45: 14 | AD45: =SUM(R45:AC45) -> 962 | AE45: 1 | AF45: 7 | AG45: 5
A46: 1675G-200-24 | B46: 4428251 | D46: 0 | F46: ADD | H46: APPT. BOOKS/PLANNERS | I46: BADGE SM WM GEO | J46: WEEKLY APPOINTMENT BOOK | K46: BADGE | L46: FASHION | M46: ACCO | N46: WEEKLY/MONTHLY | O46: SMALL | Q46: INLINE FASHION | R46: 732 | S46: 152 | T46: 64 | U46: 14 | AD46: =SUM(R46:AC46) -> 962 | AE46: 1 | AF46: 7 | AG46: 6
A47: 1675T-905-24 | B47: 6363446 | D47: 0 | F47: ADD | H47: APPT. BOOKS/PLANNERS | I47: BADGE LG WM UV TILE | J47: WEEKLY APPOINTMENT BOOK | K47: BADGE | L47: FASHION | M47: ACCO | N47: WEEKLY/MONTHLY | O47: LARGE | Q47: INLINE FASHION | R47: 732 | S47: 152 | T47: 64 | U47: 14 | V47: 19 | AD47: =SUM(R47:AC47) -> 981 | AE47: 1 | AF47: 3 | AG47: 3
A48: 1675T-805-24 | B48: 5726894 | D48: 0 | F48: ADD | H48: APPT. BOOKS/PLANNERS | I48: BADGE MED WM UV TILE | J48: WEEKLY APPOINTMENT BOOK | K48: BADGE | L48: FASHION | M48: ACCO | N48: WEEKLY/MONTHLY | O48: MEDIUM | Q48: INLINE FASHION | R48: 732 | S48: 152 | T48: 64 | U48: 14 | AD48: =SUM(R48:AC48) -> 962 | AE48: 1 | AF48: 3 | AG48: 4
A49: 1675F-905-24 | B49: 8215522 | D49: 0 | F49: ADD | H49: APPT. BOOKS/PLANNERS | I49: BADGE LG WM FLORAL | J49: WEEKLY APPOINTMENT BOOK | K49: BADGE | L49: FASHION | M49: ACCO | N49: WEEKLY/MONTHLY | O49: LARGE | Q49: INLINE FASHION | R49: 732 | S49: 152 | T49: 64 | U49: 14 | V49: 19 | AD49: =SUM(R49:AC49) -> 981 | AE49: 1 | AF49: 3 | AG49: 1
A50: 1675F-200-24 | B50: 8680018 | D50: 0 | F50: ADD | H50: APPT. BOOKS/PLANNERS | I50: BADGE SM WM FLORAL | J50: WEEKLY APPOINTMENT BOOK | K50: BADGE | L50: FASHION | M50: ACCO | N50: WEEKLY/MONTHLY | O50: SMALL | Q50: INLINE FASHION | R50: 732 | S50: 152 | T50: 64 | U50: 14 | AD50: =SUM(R50:AC50) -> 962 | AE50: 1 | AF50: 3 | AG50: 2
A51: 1676-905-24 | B51: 4698636 | D51: 0 | F51: ADD | H51: APPT. BOOKS/PLANNERS | I51: CHER LG WM PRINTED POLY | J51: WEEKLY APPOINTMENT BOOK | K51: CHER | L51: FASHION | M51: ACCO | N51: WEEKLY/MONTHLY | O51: LARGE | Q51: INLINE FASHION | R51: 732 | S51: 152 | T51: 64 | U51: 19 | AD51: =SUM(R51:AC51) -> 967 | AE51: 1 | AF51: 5 | AG51: 3
A52: 1676-200-24 | B52: 5951424 | D52: 0 | F52: ADD | H52: APPT. BOOKS/PLANNERS | I52: CHER SM WM PRINTED POLY | J52: WEEKLY APPOINTMENT BOOK | K52: CHER | L52: FASHION | M52: ACCO | N52: WEEKLY/MONTHLY | O52: SMALL | Q52: INLINE FASHION | R52: 732 | S52: 152 | T52: 64 | U52: 19 | AD52: =SUM(R52:AC52) -> 967 | AE52: 1 | AF52: 5 | AG52: 4
A53: 1681-905-24 | B53: 8052710 | D53: 0 | F53: ADD | H53: APPT. BOOKS/PLANNERS | I53: THICKET LG WM FROSTED POLY | J53: WEEKLY APPOINTMENT BOOK | K53: THICKET | L53: FASHION | M53: ACCO | N53: WEEKLY/MONTHLY | O53: LARGE | Q53: INLINE FASHION | R53: 732 | S53: 152 | T53: 64 | U53: 19 | AD53: =SUM(R53:AC53) -> 967 | AE53: 1 | AF53: 5 | AG53: 1
A54: 1681-200-24 | B54: 9868398 | D54: 0 | F54: ADD | H54: APPT. BOOKS/PLANNERS | I54: THICKET SM WM FROSTED POLY | J54: WEEKLY APPOINTMENT BOOK | K54: THICKET | L54: FASHION | M54: ACCO | N54: WEEKLY/MONTHLY | O54: SMALL | Q54: INLINE FASHION | R54: 732 | S54: 152 | T54: 64 | U54: 19 | AD54: =SUM(R54:AC54) -> 967 | AE54: 1 | AF54: 5 | AG54: 2
A55: 6099-806-59-24 | B55: 5831658 | C55: 6099-806-59-23 | D55: 7349115 | E55: 6099-806-59-23 | F55: KEEP | H55: APPT. BOOKS/PLANNERS | I55: F,AAG HARMONY HC MED DM BERRY,23 | J55: DAILY APPOINTMENT BOOK | K55: HARMONY | L55: FASHION | M55: ACCO | N55: DAILY | O55: MEDIUM | Q55: INLINE FASHION | R55: 732 | S55: 152 | T55: 64 | U55: 14 | AD55: =SUM(R55:AC55) -> 962 | AE55: 1 | AF55: 1 | AG55: 5
A56: 20068 | B56: 6755736 | C56: 20068 | D56: 6755736 | E56: 20068 | F56: KEEP | H56: ORGANIZER | I56: F,20068,STCKRS PHRASE EMILY LEY ASST,UN | J56: ORGANIZER | K56: EMILY LEY | L56: FASHION | M56: ACCO | N56: UNDATED | O56: N/A | Q56: INLINE ORGANIZERS | AA56: 657 | AB56: 301 | AD56: =SUM(R56:AC56) -> 958 | AE56: 5 | AF56: 4 | AG56: 7
A57: 20072 | B57: 5867969 | C57: 20072 | D57: 5867969 | E57: 20072 | F57: KEEP | H57: ORGANIZER | I57: F,20072,STCKRS SHAPE EMILY LEY ASST,UN | J57: ORGANIZER | K57: EMILY LEY | L57: FASHION | M57: ACCO | N57: UNDATED | O57: N/A | Q57: INLINE ORGANIZERS | AA57: 657 | AB57: 301 | AD57: =SUM(R57:AC57) -> 958 | AE57: 5 | AF57: 4 | AG57: 6
A58: 011-200 | B58: 396028 | C58: 011-200 | D58: 396028 | E58: 011-200 | F58: KEEP | H58: ORGANIZER | I58: F,011-200,CLSC NOTES PG RFL (19),UN | J58: ORGANIZER | K58: ORGANIZERS | L58: CORE | M58: ACCO | N58: UNDATED | O58: SMALL | Q58: INLINE ORGANIZERS | AA58: 657 | AB58: 301 | AD58: =SUM(R58:AC58) -> 958 | AE58: 5 | AF58: 7 | AG58: 8
A59: 013-200 | B59: 396366 | C59: 013-200 | D59: 396366 | E59: 013-200 | F59: KEEP | H59: ORGANIZER | I59: F,013-200,RNMT NOTES PG RFL (20),UN | J59: ORGANIZER | K59: ORGANIZERS | L59: CORE | M59: ACCO | N59: UNDATED | O59: POCKET | Q59: INLINE ORGANIZERS | AA59: 657 | AB59: 301 | AD59: =SUM(R59:AC59) -> 958 | AE59: 5 | AF59: 5 | AG59: 8
A60: 031-0140-04 | B60: 9744023 | C60: 031-0140-04 | D60: 9744023 | E60: 031-0140-04 | F60: KEEP | H60: ORGANIZER | I60: F,031-0140-04,DSK SS DSTRS ZIP DKTAN,UN | J60: ORGANIZER | K60: ORGANIZERS | L60: FASHION | M60: ACCO | N60: UNDATED | O60: SMALL | Q60: INLINE ORGANIZERS | AA60: 657 | AB60: 301 | AD60: =SUM(R60:AC60) -> 958 | AE60: 5 | AF60: 1 | AG60: 4
A61: 031-225 | B61: 9580739 | C61: 031-225 | D61: 9580739 | E61: 031-225 | F61: KEEP | H61: ORGANIZER | I61: F,031-225,DSK 2PPD RFL,UN | J61: ORGANIZER | K61: ORGANIZERS | L61: CORE | M61: ACCO | N61: DAILY | O61: SMALL | Q61: INLINE ORGANIZERS | AA61: 657 | AD61: =SUM(R61:AC61) -> 657 | AE61: 5 | AF61: 6 | AG61: 3
A62: 031-3 | B62: 445973 | C62: 031-3 | D62: 445973 | E62: 031-3 | F62: KEEP | H62: ORGANIZER | I62: F,031-3,CLSC LINED PAD RFL (19),UN | J62: ORGANIZER | K62: ORGANIZERS | L62: CORE | M62: ACCO | N62: UNDATED | O62: SMALL | Q62: INLINE ORGANIZERS | AA62: 657 | AB62: 301 | AD62: =SUM(R62:AC62) -> 958 | AE62: 5 | AF62: 5 | AG62: 9
A63: 033-0140-04 | B63: 1379189 | C63: 033-0140-04 | D63: 1379189 | E63: 033-0140-04 | F63: KEEP | H63: ORGANIZER | I63: F,033-0140-04,PRTBL SS DSTRSZIP DKTAN,UN | J63: ORGANIZER | K63: ORGANIZERS | L63: FASHION | M63: ACCO | N63: UNDATED | O63: SMALL | Q63: INLINE ORGANIZERS | AA63: 657 | AB63: 301 | AD63: =SUM(R63:AC63) -> 958 | AE63: 5 | AF63: 1 | AG63: 5
A64: 038-225 | B64: 9580736 | C64: 038-225 | D64: 9580736 | E64: 038-225 | F64: KEEP | H64: ORGANIZER | I64: F,FOLIO 2PPD REFILL (21),UN | J64: ORGANIZER | K64: ORGANIZERS | L64: CORE | M64: ACCO | N64: DAILY | O64: LARGE | Q64: INLINE ORGANIZERS | AA64: 657 | AB64: 301 | AD64: =SUM(R64:AC64) -> 958 | AE64: 5 | AF64: 6 | AG64: 2
A65: 061-285Y-24 | B65: 5041860 | C65: 061-285Y-23 | D65: 7723226 | E65: 061-285Y-23 | F65: KEEP | H65: ORGANIZER | I65: F,061-285Y,CLSC WKLY,DTD RFL,23 | J65: ORGANIZER | K65: TRADITIONAL | L65: CORE | M65: ACCO | N65: WEEKLY | O65: DESK | Q65: INLINE ORGANIZERS | AA65: 657 | AB65: 301 | AD65: =SUM(R65:AC65) -> 958 | AE65: 5 | AF65: 5 | AG65: 4
A66: 061-685-24 | B66: 6855569 | C66: 061-685-23 | D66: 7904497 | E66: 061-685-23 | F66: KEEP | H66: ORGANIZER | I66: F,061-685,CLSC MNTH NATURE,DTD RFL,23 | J66: ORGANIZER | K66: Nature | L66: FASHION | M66: ACCO | N66: MONTHLY | O66: MEDIUM | Q66: INLINE ORGANIZERS | AA66: 657 | AB66: 301 | AD66: =SUM(R66:AC66) -> 958 | AE66: 5 | AF66: 7 | AG66: 4
A67: 061-685Y-24 | B67: 9170513 | C67: 061-685Y-23 | D67: 6959228 | E67: 061-685Y-23 | F67: KEEP | H67: ORGANIZER | I67: F,061-685Y,CLSC MNTH TAB DTD RFL,23 | J67: ORGANIZER | K67: TRADITIONAL | L67: CORE | M67: ACCO | N67: MONTHLY | O67: MEDIUM | Q67: INLINE ORGANIZERS | AA67: 657 | AB67: 301 | AD67: =SUM(R67:AC67) -> 958 | AE67: 5 | AF67: 7 | AG67: 5
A68: 063-285Y-24 | B68: 6998766 | C68: 063-285Y | D68: 6998766 | E68: 063-285Y | F68: KEEP | H68: ORGANIZER | I68: F,063-285Y,RNMT WKLY,DTD RFL,23 | J68: ORGANIZER | K68: TRADITIONAL | L68: CORE | M68: ACCO | N68: WEEKLY | O68: SMALL | Q68: INLINE ORGANIZERS | AA68: 657 | AB68: 301 | AD68: =SUM(R68:AC68) -> 958 | AE68: 5 | AF68: 5 | AG68: 6
A69: 063-685Y-24 | B69: 8011422 | C69: 063-685Y | D69: 8011422 | E69: 063-685Y | F69: KEEP | H69: ORGANIZER | I69: F,063-685Y,RNMT MNTH TAB DTD RFL,23 | J69: ORGANIZER | K69: TRADITIONAL | L69: CORE | M69: ACCO | N69: MONTHLY | O69: SMALL | Q69: INLINE ORGANIZERS | AA69: 657 | AB69: 301 | AD69: =SUM(R69:AC69) -> 958 | AE69: 5 | AF69: 7 | AG69: 7
A70: 064-287-24 | B70: 4899491 | C70: 064-287-23 | D70: 5596465 | E70: 064-287-23 | F70: KEEP | H70: ORGANIZER | I70: F,064-287,PKPL WKLY TAB,DTD RFL,23 | J70: ORGANIZER | K70: ORGANIZERS | L70: CORE | M70: ACCO | N70: WEEKLY | O70: POCKET | Q70: INLINE ORGANIZERS | AA70: 657 | AD70: =SUM(R70:AC70) -> 657 | AE70: 5 | AF70: 5 | AG70: 7
A71: 207-0386 | B71: 104715 | C71: 207-0386 | D71: 104715 | E71: 207-0386 | F71: KEEP | H71: ORGANIZER | I71: F,207-0386,ENTP ORG STRIPE BLK (20),UN | J71: ORGANIZER | K71: DR Binder | L71: FASHION | M71: ACCO | N71: UNDATED | O71: FOLIO | Q71: INLINE ORGANIZERS | AA71: 657 | AB71: 301 | AD71: =SUM(R71:AC71) -> 958 | AE71: 5 | AF71: 1 | AG71: 2
A72: 281-225-24 | B72: 9928313 | C72: 281-225-23 | D72: 9865437 | E72: 281-225-23 | F72: KEEP | H72: ORGANIZER | I72: F,281-225,DSK 2PPD RFL ZENSCAPES,23 | J72: ORGANIZER | K72: ORGANIZERS | L72: FASHION | M72: ACCO | N72: DAILY | O72: DESK | Q72: INLINE ORGANIZERS | AA72: 657 | AD72: =SUM(R72:AC72) -> 657 | AE72: 5 | AF72: 6 | AG72: 5
A73: 281-285Y-24 | B73: 5002306 | C73: 281-285Y-23 | D73: 8387945 | E73: 281-285Y-23 | F73: KEEP | H73: ORGANIZER | I73: F,281-285Y,DSK 2PPW RFL ZENSCAPES,23 | J73: ORGANIZER | K73: ORGANIZERS | L73: FASHION | M73: ACCO | N73: WEEKLY | O73: DESK | Q73: INLINE ORGANIZERS | AA73: 657 | AB73: 301 | AD73: =SUM(R73:AC73) -> 958 | AE73: 5 | AF73: 4 | AG73: 3
A74: 307-0304 | B74: 104540 | C74: 307-0304 | D74: 104540 | E74: 307-0304 | F74: KEEP | H74: ORGANIZER | I74: F,307-0304,ENTP ORG BUS STYLE BRN(20),UN | J74: ORGANIZER | K74: ORGANIZERS | L74: FASHION | M74: ACCO | N74: UNDATED | O74: LARGE | Q74: INLINE ORGANIZERS | AA74: 657 | AB74: 301 | AD74: =SUM(R74:AC74) -> 958 | AE74: 5 | AF74: 1 | AG74: 3
A75: 381-285Y-24 | B75: 5067511 | C75: 381-285Y-23 | D75: 7779531 | E75: 381-285Y-23 | F75: KEEP | H75: ORGANIZER | I75: F,381-285Y,DSK 2PPW RFL SEASCAPES,23 | J75: ORGANIZER | K75: ORGANIZERS | L75: FASHION | M75: ACCO | N75: WEEKLY | O75: SMALL | Q75: INLINE ORGANIZERS | AA75: 657 | AD75: =SUM(R75:AC75) -> 657 | AE75: 5 | AF75: 4 | AG75: 1
A76: 471-285Y-24 | B76: 8524493 | C76: 471-285Y-23 | D76: 9960017 | E76: 471-285Y-23 | F76: KEEP | H76: ORGANIZER | I76: F,471-285Y,RNMT PRO3 WKLY,DTD RFL,23 | J76: ORGANIZER | K76: ORGANIZERS | L76: CORE | M76: ACCO | N76: WEEKLY | O76: SMALL | Q76: INLINE ORGANIZERS | AA76: 657 | AB76: 301 | AD76: =SUM(R76:AC76) -> 958 | AE76: 5 | AF76: 5 | AG76: 5
A77: 481-125-24 | B77: 4880176 | C77: 481-125-23 | D77: 7641988 | E77: 481-125-23 | F77: KEEP | H77: ORGANIZER | I77: F,481-125,PRO5 DAY,DTD RFL,23 | J77: ORGANIZER | K77: TRADITIONAL | L77: CORE | M77: ACCO | N77: DAILY | O77: DESK | Q77: INLINE ORGANIZERS | AA77: 657 | AB77: 301 | AD77: =SUM(R77:AC77) -> 958 | AE77: 5 | AF77: 6 | AG77: 6
A78: 481-225-24 | B78: 8453392 | C78: 481-225-23 | D78: 5547463 | E78: 481-225-23 | F78: KEEP | H78: ORGANIZER | I78: F,481-225,CLSC PRO 2PPD,DTD RFL,23 | J78: ORGANIZER | K78: ORGANIZERS | L78: CORE | M78: ACCO | N78: DAILY | O78: DESK | Q78: INLINE ORGANIZERS | AA78: 657 | AB78: 301 | AD78: =SUM(R78:AC78) -> 958 | AE78: 5 | AF78: 6 | AG78: 7
A79: 481-285Y-24 | B79: 8350980 | C79: 481-285Y-23 | D79: 6825625 | E79: 481-285Y-23 | F79: KEEP | H79: ORGANIZER | I79: F,481-285Y,PRO5 WKLY,DTD RFL,23 | J79: ORGANIZER | K79: TRADITIONAL | L79: CORE | M79: ACCO | N79: WEEKLY | O79: DESK | Q79: INLINE ORGANIZERS | AA79: 657 | AB79: 301 | AD79: =SUM(R79:AC79) -> 958 | AE79: 5 | AF79: 5 | AG79: 3
A80: 481-685Y-24 | B80: 7314076 | C80: 481-685Y-23 | D80: 5477027 | E80: 481-685Y-23 | F80: KEEP | H80: ORGANIZER | I80: F,481-685Y,PRO5 MNTH TAB,DTD RFL,23 | J80: ORGANIZER | K80: TRADITIONAL | L80: CORE | M80: ACCO | N80: MONTHLY | O80: MEDIUM | Q80: INLINE ORGANIZERS | AA80: 657 | AB80: 301 | AD80: =SUM(R80:AC80) -> 958 | AE80: 5 | AF80: 7 | AG80: 6
A81: 491-225-24 | B81: 8037662 | C81: 491-225-23 | D81: 7225503 | E81: 491-225-23 | F81: KEEP | H81: ORGANIZER | I81: F,491-225,ENTP PRO 2PPD,DTD RFL,23 | J81: ORGANIZER | K81: ORGANIZERS | L81: CORE | M81: ACCO | N81: DAILY | O81: LARGE | Q81: INLINE ORGANIZERS | AA81: 657 | AB81: 301 | AD81: =SUM(R81:AC81) -> 958 | AE81: 5 | AF81: 6 | AG81: 1
A82: 491-285-24 | B82: 5256539 | C82: 491-285-23 | D82: 5211485 | E82: 491-285-23 | F82: KEEP | H82: ORGANIZER | I82: F,491-285,PRO8 WKLY,DTD RFL,23 | J82: ORGANIZER | K82: TRADITIONAL | L82: CORE | M82: ACCO | N82: WEEKLY | O82: LARGE | Q82: INLINE ORGANIZERS | AA82: 657 | AB82: 301 | AD82: =SUM(R82:AC82) -> 958 | AE82: 5 | AF82: 5 | AG82: 1
A83: 491-685-24 | B83: 8272640 | C83: 491-685-23 | D83: 7092859 | E83: 491-685-23 | F83: KEEP | H83: ORGANIZER | I83: F,491-685,PRO8 MNTH TAB,DTD RFL,23 | J83: ORGANIZER | K83: TRADITIONAL | L83: CORE | M83: ACCO | N83: MONTHLY | O83: LARGE | Q83: INLINE ORGANIZERS | AA83: 657 | AB83: 301 | AD83: =SUM(R83:AC83) -> 958 | AE83: 5 | AF83: 7 | AG83: 1
A84: 6099-4111-24 | B84: 4957594 | C84: 6099-4111-23 | D84: 8127807 | E84: 6099-4111-23 | F84: KEEP | H84: ORGANIZER | I84: F,6099-4111,DSK PLNR HARMONY RFL,23 | J84: ORGANIZER | K84: HARMONY | L84: FASHION | M84: ACCO | N84: WEEKLY | O84: MEDIUM | Q84: INLINE ORGANIZERS | AA84: 657 | AB84: 301 | AD84: =SUM(R84:AC84) -> 958 | AE84: 5 | AF84: 5 | AG84: 2
A85: EV81-125-24 | B85: 5412845 | F85: ADD | H85: ORGANIZER | I85: F,DSK 1PPD ETTA VEE,24 | J85: ORGANIZER | K85: ORGANIZERS | L85: FASHION | M85: ACCO | N85: DAILY | O85: SMALL | Q85: INLINE ORGANIZERS | AA85: 657 | AB85: 301 | AD85: =SUM(R85:AC85) -> 958 | AE85: 5 | AF85: 6 | AG85: 4
A86: EV81-285Y-24 | B86: 8457665 | F86: ADD | H86: ORGANIZER | I86: F,DSK 2PPW RFL ETTA VEE,24 | J86: ORGANIZER | K86: ORGANIZERS | L86: FASHION | M86: ACCO | N86: WEEKLY | O86: SMALL | Q86: INLINE ORGANIZERS | AA86: 657 | AB86: 301 | AD86: =SUM(R86:AC86) -> 958 | AE86: 5 | AF86: 4 | AG86: 3
A87: EV81-685Y-24 | B87: 9401771 | F87: ADD | H87: ORGANIZER | I87: F,DSK MNTH RFL ETTA VEE,24 | J87: ORGANIZER | K87: ORGANIZERS | L87: FASHION | M87: ACCO | N87: MONTHLY | O87: SMALL | Q87: INLINE ORGANIZERS | AA87: 657 | AB87: 301 | AD87: =SUM(R87:AC87) -> 958 | AE87: 5 | AF87: 7 | AG87: 3
A88: DR1104-040-05 | B88: 8075505 | C88: DR1104-040-05 | D88: 8075505 | E88: DR1104-040-05 | F88: KEEP | H88: ORGANIZER | I88: F,DR1104-040-05,DSKSS TREADSPNBLK(20),UN | J88: ORGANIZER | K88: ORGANIZERS | L88: CORE | M88: ACCO | N88: UNDATED | O88: MEDIUM | Q88: INLINE ORGANIZERS | AA88: 657 | AD88: =SUM(R88:AC88) -> 657 | AE88: 5 | AF88: 2 | AG88: 4
A89: DR1113-040 | B89: 5393491 | C89: DR1113-040 | D89: 5393491 | E89: DR1113-040 | F89: KEEP | H89: ORGANIZER | I89: F,DR1113-040,DSK SS COLOR BLCK (19),UN | J89: ORGANIZER | K89: ORGANIZERS | L89: CORE | M89: ACCO | N89: UNDATED | O89: MEDIUM | Q89: INLINE ORGANIZERS | AA89: 657 | AD89: =SUM(R89:AC89) -> 657 | AE89: 5 | AF89: 2 | AG89: 5
A90: DR1114-040 | B90: 9744024 | C90: DR1114-040 | D90: 9744024 | E90: DR1114-040 | F90: KEEP | H90: ORGANIZER | I90: F,DR1114-040,DSK SS FIRENZE BURG (19),UN | J90: ORGANIZER | K90: FIRENZE | L90: FASHION | M90: ACCO | N90: MONTHLY | O90: MEDIUM | Q90: INLINE ORGANIZERS | AA90: 657 | AD90: =SUM(R90:AC90) -> 657 | AE90: 5 | AF90: 2 | AG90: 6
A91: EL100-010-27 | B91: 4460218 | C91: EL100-010-27 | D91: 4460218 | E91: EL100-010-27 | F91: KEEP | H91: ORGANIZER | I91: F,EL100-010-27,DSK BDR EMILY LEY PINK,UN | J91: ORGANIZER | K91: EMILY LEY | L91: FASHION | M91: ACCO | N91: UNDATED | O91: MEDIUM | Q91: INLINE ORGANIZERS | AA91: 657 | AB91: 301 | AD91: =SUM(R91:AC91) -> 958 | AE91: 5 | AF91: 3 | AG91: 3
A92: EL100-010-58 | B92: 5127709 | C92: EL100-010-58 | D92: 5127709 | E92: EL100-010-58 | F92: KEEP | H92: ORGANIZER | I92: F,EL100-010-58,DSK BDR EMILY LEY NAVY,UN | J92: ORGANIZER | K92: EMILY LEY | L92: FASHION | M92: ACCO | N92: UNDATED | O92: MEDIUM | Q92: INLINE ORGANIZERS | AA92: 657 | AB92: 301 | AD92: =SUM(R92:AC92) -> 958 | AE92: 5 | AF92: 3 | AG92: 2
A93: EL100-4111-24 | B93: 8612206 | C93: EL100-4111-23 | D93: 7916141 | E93: EL100-4111-23 | F93: KEEP | H93: ORGANIZER | I93: F,EL100-4111,RFL DSKWKLY/MNTHEMILYLEY,23 | J93: ORGANIZER | K93: EMILY LEY | L93: FASHION | M93: ACCO | N93: WEEKLY | O93: MEDIUM | Q93: INLINE ORGANIZERS | AA93: 657 | AB93: 301 | AD93: =SUM(R93:AC93) -> 958 | AE93: 5 | AF93: 3 | AG93: 5
A94: EL100-411-24 | B94: 5350331 | C94: EL100-411-23 | D94: 5159235 | E94: EL100-411-23 | F94: KEEP | H94: ORGANIZER | I94: F,EL100-411,ORG GFT ST EMILYLEY STRPE,23 | J94: ORGANIZER | K94: EMILY LEY | L94: FASHION | M94: ACCO | N94: UNDATED | O94: MEDIUM | Q94: INLINE ORGANIZERS | AA94: 657 | AB94: 301 | AD94: =SUM(R94:AC94) -> 958 | AE94: 5 | AF94: 3 | AG94: 1
A95: EL100-4211-24 | B95: 7857723 | C95: EL100-4211-23 | D95: 8018324 | E95: EL100-4211-23 | F95: KEEP | H95: ORGANIZER | I95: F,EL100-4211,RFL DSK MNTH EMILY LEY,23 | J95: ORGANIZER | K95: EMILY LEY | L95: FASHION | M95: ACCO | N95: MONTHLY | O95: MEDIUM | Q95: INLINE ORGANIZERS | AA95: 657 | AB95: 301 | AD95: =SUM(R95:AC95) -> 958 | AE95: 5 | AF95: 3 | AG95: 6
A96: EL100-4311-24 | B96: 9182579 | C96: EL100-4311-23 | D96: 9558200 | E96: EL100-4311-23 | F96: KEEP | H96: ORGANIZER | I96: F,EL100-4311,RFL DSK 1PPD EMILY LEY,23 | J96: ORGANIZER | K96: EMILY LEY | L96: FASHION | M96: ACCO | N96: DAILY | O96: MEDIUM | Q96: INLINE ORGANIZERS | AA96: 657 | AB96: 301 | AD96: =SUM(R96:AC96) -> 958 | AE96: 5 | AF96: 3 | AG96: 4
A97: EL100G-013 | B97: 9596699 | C97: EL100G-013 | D97: 9596699 | E97: EL100G-013 | F97: KEEP | H97: ORGANIZER | I97: F,EL100G-013,RFL DSK EMILYLEYGRID(20),UN | J97: ORGANIZER | K97: EMILY LEY | L97: FASHION | M97: ACCO | N97: UNDATED | O97: MEDIUM | Q97: INLINE ORGANIZERS | AA97: 657 | AB97: 301 | AD97: =SUM(R97:AC97) -> 958 | AE97: 5 | AF97: 4 | AG97: 5
A98: EL100L-013 | B98: 2169447 | C98: EL100L-013 | D98: 2169447 | E98: EL100L-013 | F98: KEEP | H98: ORGANIZER | I98: F,RFL DSK EMILY LEY LINED (21B),UN | J98: ORGANIZER | K98: EMILY LEY | L98: FASHION | M98: ACCO | N98: UNDATED | O98: MEDIUM | Q98: INLINE ORGANIZERS | AA98: 657 | AB98: 301 | AD98: =SUM(R98:AC98) -> 958 | AE98: 5 | AF98: 4 | AG98: 4
A99: EL100O-033 | B99: 9701421 | C99: EL100O-033 | D99: 9701421 | E99: EL100O-033 | F99: KEEP | H99: ORGANIZER | I99: F,RFL DSK EMILY LEY BUDGET (21B),UN | J99: ORGANIZER | K99: EMILY LEY | L99: FASHION | M99: ACCO | N99: UNDATED | O99: MEDIUM | Q99: INLINE ORGANIZERS | AA99: 657 | AB99: 301 | AD99: =SUM(R99:AC99) -> 958 | AE99: 5 | AF99: 3 | AG99: 7
A100: KD81-285Y-24 | B100: 7645625 | C100: KD81-285Y-23 | D100: 6942388 | E100: KD81-285Y-23 | F100: KEEP | H100: ORGANIZER | I100: F,KD81-285Y,DSK 2PPW RFL KATHY DAVIS,23 | J100: ORGANIZER | K100: ORGANIZERS | L100: FASHION | M100: ACCO | N100: WEEKLY | O100: SMALL | Q100: INLINE ORGANIZERS | AA100: 657 | AB100: 301 | AD100: =SUM(R100:AC100) -> 958 | AE100: 5 | AF100: 4 | AG100: 2
...
